Workbook

Sheet EA
C3: ESTADO DE ACTIVIDADES
C4: Del 01 de Enero al 30 de Septiembre del 2018 y 2017
C5: (Pesos)
E7: Ente Público: | F7: INSTITUTO TECNOLOGICO SUPERIOR DE SALVATIERRA
B10: Concepto | D10: 2018 | E10: 2017 | G10: Concepto | I10: 2018 | J10: 2017
B12: INGRESOS Y OTROS BENEFICIOS | G12: GASTOS Y OTRAS PÉRDIDAS
B13: Ingresos de la Gestión | D13: =SUM(D14:D21) -> 1930670 | E13: =SUM(E14:E21) -> 1564395.7 | G13: Gastos de Funcionamiento | I13: =SUM(I14:I16) -> 22128556 | J13: =SUM(J14:J16) -> 31677360
B14: Impuestos | D14: 0 | E14: 0 | G14: Servicios Personales | I14: 18422417 | J14: 25994967
B15: Cuotas y Aportaciones de Seguridad Social | D15: 0 | E15: 0 | G15: Materiales y Suministros | I15: 589382.23 | J15: 975775.95
B16: Contribuciones de Mejoras | D16: 0 | E16: 0 | G16: Servicios Generales | I16: 3116757.1 | J16: 4706616.7
B17: Derechos | D17: 0 | E17: 0
B18: Productos de Tipo Corriente | D18: 219204 | E18: 350620 | G18: Transferencia, Asignaciones, Subsidios y Otras Ayudas | I18: =SUM(I19:I27) -> 94967.32 | J18: =SUM(J19:J27) -> 491989.54
B19: Aprovechamientos de Tipo Corriente | D19: 1704312 | E19: 1200423.2 | G19: Transferencias Internas y Asignaciones al Sector Público | I19: 0 | J19: 0
B20: Ingresos por Venta de Bienes y Servicios | D20: 7154 | E20: 13352.5 | G20: Transferencias al Resto del Sector Público | I20: 0 | J20: 0
B21: Ingresos no Comprendidos en las Fracciones de la Ley de Ingresos Causados en Ejercicios Fiscales Anteriores Pendientes de Liquidación o Pago | D21: 0 | E21: 0 | G21: Subsidios y Subvenciones | I21: 0 | J21: 0
G22: Ayudas Sociales | I22: 94967.32 | J22: 491989.54
B23: Participaciones, Aportaciones, Transferencias, Asignaciones, Subsidios y Otras Ayudas | D23: =SUM(D24:D25) -> 27627264 | E23: =SUM(E24:E25) -> 30402048 | G23: Pensiones y Jubilaciones | I23: 0 | J23: 0
B24: Participaciones y Aportaciones | D24: 12536611 | E24: 14784821 | G24: Transferencias a Fideicomisos, Mandatos y Contratos Análogos | I24: 0 | J24: 0
B25: Transferencia, Asignaciones, Subsidios y Otras ayudas | D25: 15090653 | E25: 15617227 | G25: Transferencias a la Seguridad Social | I25: 0 | J25: 0
G26: Donativos | I26: 0 | J26: 0
B27: Otros Ingresos y Beneficios | D27: =SUM(D28:D32) -> 5584.11 | E27: =SUM(E28:E32) -> 9609.87 | G27: Transferencias al Exterior | I27: 0 | J27: 0
B28: Ingresos Financieros | D28: 5581.04 | E28: 9608.52
B29: Incremento por Variación de Inventarios | D29: 0 | E29: 0 | G29: Participaciones y Aportaciones | I29: =SUM(I30:I32) -> 0 | J29: =SUM(J30:J32) -> 0
B30: Disminución del Exceso de Estimaciones por Pérdida o Deterioro u Obsolescencia | D30: 0 | E30: 0 | G30: Participaciones | I30: 0 | J30: 0
B31: Disminución del Exceso de Provisiones | D31: 0 | E31: 0 | G31: Aportaciones | I31: 0 | J31: 0
B32: Otros Ingresos y Beneficios Varios | D32: 3.07 | E32: 1.35 | G32: Convenios | I32: 0 | J32: 0
B34: Total de Ingresos y Otros Beneficios | D34: =D13+D23+D27 -> 29563518 | E34: =E13+E23+E27 -> 31976054 | G34: Intereses, Comisiones y Otros Gastos de la Deuda Pública | I34: =SUM(I35:I39) -> 0 | J34: =SUM(J35:J39) -> 0
G35: Intereses de la Deuda Pública | I35: 0 | J35: 0
G36: Comisiones de la Deuda Pública | I36: 0 | J36: 0
G37: Gastos de la Deuda Pública | I37: 0 | J37: 0
G38: Costo por Coberturas | I38: 0 | J38: 0
G39: Apoyos Financieros | I39: 0 | J39: 0
G41: Otros Gastos y Pérdidas Extraordinarias | I41: =SUM(I42:I47) -> 6.15 | J41: =SUM(J42:J47) -> 2203174.1
G42: Estimaciones, Depreciaciones, Deterioros, Obsolescencia y Amortizaciones | I42: 0 | J42: 2203172.8
G43: Provisiones | I43: 0 | J43: 0
G44: Disminución de Inventarios | I44: 0 | J44: 0
G45: Aumento por Insuficiencia de Estimaciones por Pérdida o Deterioro y Obsolescencia | I45: 0 | J45: 0
G46: Aumento por Insuficiencia de Provisiones | I46: 0 | J46: 0
G47: Otros Gastos | I47: 6.15 | J47: 1.25
G49: Inversión Pública | I49: =SUM(I50) -> 0 | J49: =SUM(J50) -> 0
G50: Inversión Pública no Capitalizable | I50: 0 | J50: 0
G52: Total de Gastos y Otras Pérdidas | I52: =I13+I18+I29+I34+I41+I49 -> 22223530 | J52: =J13+J18+J29+J34+J41+J49 -> 34372523
G54: Resultados del Ejercicio (Ahorro/Desahorro) | I54: =D34-I52 -> 7339988.4 | J54: =E34-J52 -> -2396469.7
A59: Bajo protesta de decir verdad declaramos que los Estados Financieros y sus Notas son razonablemente correctos y responsabilidad del emisor
C62: DR RODRIGO CARRASCO RAMIREZ | G62: CP RAMIRO CONTERAS RODRIGUEZ
C63: DIRECTOR GENERAL | G63: SUBDIRECTOR DE FINANZAS Y ADMINISTRACION

Sheet ESF
C2: ESTADO DE SITUACIÓN FINANCIERA
C3: Al 30 de Septiembre del 2018 y 2017
C4: (Pesos)
D5: Ente Público: | E5: INSTITUTO TECNOLOGICO SUPERIOR DE SALVATIERRA
B8: CONCEPTO | D8: Año | G8: CONCEPTO | I8: Año
D9: 2017 | E9: 2016 | I9: 2017 | J9: 2016
B12: ACTIVO | G12: PASIVO
B14: Activo Circulante | G14: Pasivo Circulante
B16: Efectivo y Equivalentes | D16: 20965858 | E16: 31302157 | G16: Cuentas por Pagar a Corto Plazo | I16: 571152.39 | J16: 9208849.3
B17: Derechos a Recibir Efectivo o Equivalentes | D17: 73121.77 | E17: 6608 | G17: Documentos por Pagar a Corto Plazo | I17: 0 | J17: 0
B18: Derechos a Recibir Bienes o Servicios | D18: 33001.33 | E18: 4001.15 | G18: Porción a Corto Plazo de la Deuda Pública a Largo Plazo | I18: 0 | J18: 0
B19: Inventarios | D19: 0 | E19: 0 | G19: Títulos y Valores a Corto Plazo | I19: 0 | J19: 0
B20: Almacenes | D20: 0 | E20: 0 | G20: Pasivos Diferidos a Corto Plazo | I20: 0 | J20: 0
B21: Estimación por Pérdida o Deterioro de Activos Circulantes | D21: 0 | E21: 0 | G21: Fondos y Bienes de Terceros en Garantía y/o Administración a Corto Plazo | I21: 0 | J21: 0
B22: Otros Activos Circulantes | D22: 1827 | E22: 1827 | G22: Provisiones a Corto Plazo | I22: 0 | J22: 0
G23: Otros Pasivos a Corto Plazo | I23: 29192.91 | J23: 24972.91
B24: Total de Activos Circulantes | D24: =SUM(D16:D22) -> 21073808 | E24: =SUM(E16:E22) -> 31314593
G25: Total de Pasivos Circulantes | I25: =SUM(I16:I23) -> 600345.3 | J25: =SUM(J16:J23) -> 9233822.2
B27: Activo No Circulante | G27: Pasivo No Circulante
B29: Inversiones Financieras a Largo Plazo | D29: 0 | E29: 0 | G29: Cuentas por Pagar a Largo Plazo | I29: 0 | J29: 0
B30: Derechos a Recibir Efectivo o Equivalentes a Largo Plazo | D30: 0 | E30: 0 | G30: Documentos por Pagar a Largo Plazo | I30: 0 | J30: 0
B31: Bienes Inmuebles, Infraestructura y Construcciones en Proceso | D31: 77451815 | E31: 77451815 | G31: Deuda Pública a Largo Plazo | I31: 0 | J31: 0
B32: Bienes Muebles | D32: 29111929 | E32: 28612722 | G32: Pasivos Diferidos a Largo Plazo | I32: 0 | J32: 0
B33: Activos Intangibles | D33: 2851.04 | E33: 2851.04 | G33: Fondos y Bienes de Terceros en Garantía y/o en Administración a Largo Plazo | I33: 0 | J33: 0
B34: Depreciación, Deterioro y Amortización Acumulada de Bienes | D34: -10645952 | E34: -10645952 | G34: Provisiones a Largo Plazo | I34: 0 | J34: 0
B35: Activos Diferidos | D35: 0 | E35: 0
B36: Estimación por Pérdida o Deterioro de Activos no Circulantes | D36: 0 | E36: 0 | G36: Total de Pasivos No Circulantes | I36: =SUM(I29:I34) -> 0 | J36: =SUM(J29:J34) -> 0
B37: Otros Activos no Circulantes | D37: 0 | E37: 0
G38: Total del Pasivo | I38: =I25+I36 -> 600345.3 | J38: =J25+J36 -> 9233822.2
B39: Total de Activos No Circulantes | D39: =SUM(D29:D37) -> 95920643 | E39: =SUM(E29:E37) -> 95421436
G40: HACIENDA PÚBLICA/ PATRIMONIO
B41: Total del Activo | D41: =D24+D39 -> 1.1699445e+08 | E41: =E24+E39 -> 1.2673603e+08
G42: Hacienda Pública/Patrimonio Contribuido | I42: =SUM(I44:I46) -> 92265020 | J42: =SUM(J44:J46) -> 92222649
G44: Aportaciones | I44: 92265020 | J44: 92222649
G45: Donaciones de Capital | I45: 0 | J45: 0
G46: Actualización de la Hacienda Pública / Patrimonio | I46: 0 | J46: 0
G48: Hacienda Pública/Patrimonio Generado | I48: =SUM(I50:I54) -> 24129086 | J48: =SUM(J50:J54) -> 25279558
G50: Resultados del Ejercicio (Ahorro / Desahorro) | I50: 7339988.4 | J50: -2396469.6
G51: Resultados de Ejercicios Anteriores | I51: 16789098 | J51: 27676028
G52: Revalúos | I52: 0 | J52: 0
G53: Reservas | I53: 0 | J53: 0
G54: Rectificaciones de Resultados de Ejercicios Anteriores | I54: 0 | J54: 0
G56: Exceso o Insuficiencia en la Actualización de la Hacienda Publica/Patrimonio | I56: =SUM(I58:I59) -> 0 | J56: =SUM(J58:J59) -> 0
G58: Resultado por Posición Monetaria | I58: 0 | J58: 0
G59: Resultado por Tenencia de Activos no Monetarios | I59: 0 | J59: 0
G61: Total Hacienda Pública/ Patrimonio | I61: =I42+I48+I56 -> 1.1639411e+08 | J61: =J42+J48+J56 -> 1.1750221e+08
G63: Total del Pasivo y Hacienda Pública / Patrimonio | I63: =I38+I61 -> 1.1699445e+08 | J63: =J38+J61 -> 1.2673603e+08
B68: Bajo protesta de decir verdad declaramos que los Estados Financieros y sus Notas son razonablemente correctos y responsabilidad del emisor
C71: DR RODRIGO CARRASCO RAMIREZ | G71: CP RAMIRO CONTRERAS RODRIGUEZ
C72: DIRECTOR GENERAL | G72: SUBDIRECTOR DE FINANZAS Y ADMINISTRACION

Sheet ECSF
D2: ESTADO DE CAMBIOS EN LA SITUACIÓN FINANCIERA
B3: Al 30 de Septiembre del 2018
B4: (Pesos)
E5: Ente Público: | F5: INSTITUTO TECNOLOGICO SUPERIOR DE SALVATIERRA
C9: Concepto | E9: Origen | F9: Aplicación | H9: Concepto | J9: Origen | K9: Aplicación
C12: ACTIVO | E12: =E14+E24 -> 0 | F12: =F14+F24 -> -9741577.4 | H12: PASIVO | J12: =J14+J25 -> 4220 | K12: =K14+K25 -> 8637696.9
C14: Activo Circulante | E14: =SUM(E16:E22) -> 0 | F14: =SUM(F16:F22) -> -10240784 | H14: Pasivo Circulante | J14: =SUM(J16:J23) -> 4220 | K14: =SUM(K16:K23) -> 8637696.9
C16: Efectivo y Equivalentes | E16: 0 | F16: =IF(E16>0,0,ESF!D16-ESF!E16) -> -10336298 | H16: Cuentas por Pagar a Corto Plazo | J16: =IF(ESF!I16>ESF!J16,ESF!I16-ESF!J16,0) -> 0 | K16: =IF(J16>0,0,ESF!J16-ESF!I16) -> 8637696.9
C17: Derechos a Recibir Efectivo o Equivalentes | E17: =IF(ESF!D17<ESF!E17,ESF!E17-ESF!D17,0) -> 0 | F17: =IF(E17>0,0,ESF!D17-ESF!E17) -> 66513.77 | H17: Documentos por Pagar a Corto Plazo | J17: =IF(ESF!I17>ESF!J17,ESF!I17-ESF!J17,0) -> 0 | K17: =IF(J17>0,0,ESF!J17-ESF!I17) -> 0
C18: Derechos a Recibir Bienes o Servicios | E18: =IF(ESF!D18<ESF!E18,ESF!E18-ESF!D18,0) -> 0 | F18: =IF(E18>0,0,ESF!D18-ESF!E18) -> 29000.18 | H18: Porción a Corto Plazo de la Deuda Pública a Largo Plazo | J18: =IF(ESF!I18>ESF!J18,ESF!I18-ESF!J18,0) -> 0 | K18: =IF(J18>0,0,ESF!J18-ESF!I18) -> 0
C19: Inventarios | E19: =IF(ESF!D19<ESF!E19,ESF!E19-ESF!D19,0) -> 0 | F19: =IF(E19>0,0,ESF!D19-ESF!E19) -> 0 | H19: Títulos y Valores a Corto Plazo | J19: =IF(ESF!I19>ESF!J19,ESF!I19-ESF!J19,0) -> 0 | K19: =IF(J19>0,0,ESF!J19-ESF!I19) -> 0
C20: Almacenes | E20: =IF(ESF!D20<ESF!E20,ESF!E20-ESF!D20,0) -> 0 | F20: =IF(E20>0,0,ESF!D20-ESF!E20) -> 0 | H20: Pasivos Diferidos a Corto Plazo | J20: =IF(ESF!I20>ESF!J20,ESF!I20-ESF!J20,0) -> 0 | K20: =IF(J20>0,0,ESF!J20-ESF!I20) -> 0
C21: Estimación por Pérdida o Deterioro de Activos Circulantes | E21: =IF(ESF!D21<ESF!E21,ESF!E21-ESF!D21,0) -> 0 | F21: =IF(E21>0,0,ESF!D21-ESF!E21) -> 0 | H21: Fondos y Bienes de Terceros en Garantía y/o Administración a Corto Plazo | J21: =IF(ESF!I21>ESF!J21,ESF!I21-ESF!J21,0) -> 0 | K21: =IF(J21>0,0,ESF!J21-ESF!I21) -> 0
C22: Otros Activos Circulantes | E22: =IF(ESF!D22<ESF!E22,ESF!E22-ESF!D22,0) -> 0 | F22: =IF(E22>0,0,ESF!D22-ESF!E22) -> 0 | H22: Provisiones a Corto Plazo | J22: =IF(ESF!I22>ESF!J22,ESF!I22-ESF!J22,0) -> 0 | K22: =IF(J22>0,0,ESF!J22-ESF!I22) -> 0
H23: Otros Pasivos a Corto Plazo | J23: =IF(ESF!I23>ESF!J23,ESF!I23-ESF!J23,0) -> 4220 | K23: =IF(J23>0,0,ESF!J23-ESF!I23) -> 0
C24: Activo No Circulante | E24: =SUM(E26:E34) -> 0 | F24: =SUM(F26:F34) -> 499206.97
H25: Pasivo No Circulante | J25: =SUM(J27:J32) -> 0 | K25: =SUM(K27:K32) -> 0
C26: Inversiones Financieras a Largo Plazo | E26: =IF(ESF!D29<ESF!E29,ESF!E29-ESF!D29,0) -> 0 | F26: =IF(E26>0,0,ESF!D29-ESF!E29) -> 0
C27: Derechos a Recibir Efectivo o Equivalentes a Largo Plazo | E27: =IF(ESF!D30<ESF!E30,ESF!E30-ESF!D30,0) -> 0 | F27: =IF(E27>0,0,ESF!D30-ESF!E30) -> 0 | H27: Cuentas por Pagar a Largo Plazo | J27: =IF(ESF!I29>ESF!J29,ESF!I29-ESF!J29,0) -> 0 | K27: =IF(J27>0,0,ESF!J29-ESF!I29) -> 0
C28: Bienes Inmuebles, Infraestructura y Construcciones en Proceso | E28: =IF(ESF!D31<ESF!E31,ESF!E31-ESF!D31,0) -> 0 | F28: =IF(E28>0,0,ESF!D31-ESF!E31) -> 0 | H28: Documentos por Pagar a Largo Plazo | J28: =IF(ESF!I30>ESF!J30,ESF!I30-ESF!J30,0) -> 0 | K28: =IF(J28>0,0,ESF!J30-ESF!I30) -> 0
C29: Bienes Muebles | E29: =IF(ESF!D32<ESF!E32,ESF!E32-ESF!D32,0) -> 0 | F29: =IF(E29>0,0,ESF!D32-ESF!E32) -> 499206.97 | H29: Deuda Pública a Largo Plazo | J29: =IF(ESF!I31>ESF!J31,ESF!I31-ESF!J31,0) -> 0 | K29: =IF(J29>0,0,ESF!J31-ESF!I31) -> 0
C30: Activos Intangibles | E30: =IF(ESF!D33<ESF!E33,ESF!E33-ESF!D33,0) -> 0 | F30: =IF(E30>0,0,ESF!D33-ESF!E33) -> 0 | H30: Pasivos Diferidos a Largo Plazo | J30: =IF(ESF!I32>ESF!J32,ESF!I32-ESF!J32,0) -> 0 | K30: =IF(J30>0,0,ESF!J32-ESF!I32) -> 0
C31: Depreciación, Deterioro y Amortización Acumulada de Bienes | E31: =IF(ESF!D34<ESF!E34,ESF!E34-ESF!D34,0) -> 0 | F31: =IF(E31>0,0,ESF!D34-ESF!E34) -> 0 | H31: Fondos y Bienes de Terceros en Garantía y/o en Administración a Largo Plazo | J31: =IF(ESF!I33>ESF!J33,ESF!I33-ESF!J33,0) -> 0 | K31: =IF(J31>0,0,ESF!J33-ESF!I33) -> 0
C32: Activos Diferidos | E32: =IF(ESF!D35<ESF!E35,ESF!E35-ESF!D35,0) -> 0 | F32: =IF(E32>0,0,ESF!D35-ESF!E35) -> 0 | H32: Provisiones a Largo Plazo | J32: =IF(ESF!I34>ESF!J34,ESF!I34-ESF!J34,0) -> 0 | K32: =IF(J32>0,0,ESF!J34-ESF!I34) -> 0
C33: Estimación por Pérdida o Deterioro de Activos no Circulantes | E33: =IF(ESF!D36<ESF!E36,ESF!E36-ESF!D36,0) -> 0 | F33: =IF(E33>0,0,ESF!D36-ESF!E36) -> 0
C34: Otros Activos no Circulantes | E34: =IF(ESF!D37<ESF!E37,ESF!E37-ESF!D37,0) -> 0 | F34: =IF(E34>0,0,ESF!D37-ESF!E37) -> 0 | H34: HACIENDA PÚBLICA/ PATRIMONIO | J34: =J36+J42+J50 -> 9778829.4 | K34: =K36+K42+K50 -> 10886930
H36: Hacienda Pública/Patrimonio Contribuido | J36: =SUM(J38:J40) -> 42371.36 | K36: =SUM(K38:K40) -> 0
H38: Aportaciones | J38: =IF(ESF!I44>ESF!J44,ESF!I44-ESF!J44,0) -> 42371.36 | K38: =IF(J38>0,0,ESF!J44-ESF!I44) -> 0
H39: Donaciones de Capital | J39: =IF(ESF!I45>ESF!J45,ESF!I45-ESF!J45,0) -> 0 | K39: =IF(J39>0,0,ESF!J45-ESF!I45) -> 0
H40: Actualización de la Hacienda Pública / Patrimonio | J40: =IF(ESF!I46>ESF!J46,ESF!I46-ESF!J46,0) -> 0 | K40: =IF(J40>0,0,ESF!J46-ESF!I46) -> 0
H42: Hacienda Pública/Patrimonio Generado | J42: =SUM(J44:J48) -> 9736458.1 | K42: =SUM(K44:K48) -> 10886930
H44: Resultados del Ejercicio (Ahorro / Desahorro) | J44: =IF(ESF!I50>ESF!J50,ESF!I50-ESF!J50,0) -> 9736458.1 | K44: =IF(J44>0,0,ESF!J50-ESF!I50) -> 0
H45: Resultados de Ejercicios Anteriores | J45: =IF(ESF!I51>ESF!J51,ESF!I51-ESF!J51,0) -> 0 | K45: =IF(J45>0,0,ESF!J51-ESF!I51) -> 10886930
H46: Revalúos | J46: =IF(ESF!I52>ESF!J52,ESF!I52-ESF!J52,0) -> 0 | K46: =IF(J46>0,0,ESF!J52-ESF!I52) -> 0
H47: Reservas | J47: =IF(ESF!I53>ESF!J53,ESF!I53-ESF!J53,0) -> 0 | K47: =IF(J47>0,0,ESF!J53-ESF!I53) -> 0
H48: Rectificaciones de Resultados de Ejercicios Anteriores | J48: =IF(ESF!I54>ESF!J54,ESF!I54-ESF!J54,0) -> 0 | K48: =IF(J48>0,0,ESF!J54-ESF!I54) -> 0
H50: Exceso o Insuficiencia en la Actualización de la Hacienda Pública/Patrimonio | J50: =SUM(J52:J53) -> 0 | K50: =SUM(K52:K53) -> 0
H52: Resultado por Posición Monetaria | J52: =IF(ESF!I58>ESF!J58,ESF!I58-ESF!J58,0) -> 0 | K52: =IF(J52>0,0,ESF!J58-ESF!I58) -> 0
H53: Resultado por Tenencia de Activos no Monetarios | J53: =IF(ESF!I59>ESF!J59,ESF!I59-ESF!J59,0) -> 0 | K53: =IF(J53>0,0,ESF!J59-ESF!I59) -> 0
C57: Bajo protesta de decir verdad declaramos que los Estados Financieros y sus Notas son razonablemente correctos y responsabilidad del emisor
D62: _________________________________________ | H62: _________________________________________
D63: DR RODRIGO CARRASCO RAMIREZ | H63: CP RAMIRO CONTERAS RODRIGUEZ
D64: DIRECTOR GENERAL | H64: SUBDIRECTOR DE FINANZAS Y ADMINISTRACION

Sheet PT_ESF_ECSF
A2: Sector: | E2: =ESF!#REF! -> #REF!
A3: Ente Público: | E3: =ESF!C5 -> 0
A4: Fecha:
A5: Edo. Financiero | E5: EF
C6: Año | E6: 2013
A7: Activo | B7: Activo Circulante | C7: Efectivo y Equivalentes | E7: =ESF!D16 -> 20965858
C8: Derechos a Recibir Efectivo o Equivalentes | E8: =ESF!D17 -> 73121.77
C9: Derechos a Recibir Bienes o Servicios | E9: =ESF!D18 -> 33001.33
C10: Inventarios | E10: =ESF!D19 -> 0
C11: Almacenes | E11: =ESF!D20 -> 0
C12: Estimación por Pérdida o Deterioro de Activos Circulantes | E12: =ESF!D21 -> 0
C13: Otros Activos Circulantes | E13: =ESF!D22 -> 1827
C14: Total de Activos Circulantes | E14: =ESF!D24 -> 21073808
B15: Activo No Circulante | C15: Inversiones Financieras a Largo Plazo | E15: =ESF!D29 -> 0
C16: Derechos a Recibir Efectivo o Equivalentes a Largo Plazo | E16: =ESF!D30 -> 0
C17: Bienes Inmuebles, Infraestructura y Construcciones en Proceso | E17: =ESF!D31 -> 77451815
C18: Bienes Muebles | E18: =ESF!D32 -> 29111929
C19: Activos Intangibles | E19: =ESF!D33 -> 2851.04
C20: Depreciación, Deterioro y Amortización Acumulada de Bienes | E20: =ESF!D34 -> -10645952
C21: Activos Diferidos | E21: =ESF!D35 -> 0
C22: Estimación por Pérdida o Deterioro de Activos no Circulantes | E22: =ESF!D36 -> 0
C23: Otros Activos no Circulantes | E23: =ESF!D37 -> 0
C24: Total de Activos No Circulantes | E24: =ESF!D39 -> 95920643
C25: TOTAL DEL ACTIVO | E25: =ESF!D41 -> 1.1699445e+08
A26: Pasivo | B26: Pasivo Circulante | C26: Cuentas por Pagar a Corto Plazo | E26: =ESF!I16 -> 571152.39
C27: Documentos por Pagar a Corto Plazo | E27: =ESF!I17 -> 0
C28: Porción a Corto Plazo de la Deuda Pública a Largo Plazo | E28: =ESF!I18 -> 0
C29: Títulos y Valores a Corto Plazo | E29: =ESF!I19 -> 0
C30: Pasivos Diferidos a Corto Plazo | E30: =ESF!I20 -> 0
C31: Fondos y Bienes de Terceros en Garantía y/o Administración a Corto Plazo | E31: =ESF!I21 -> 0
C32: Provisiones a Corto Plazo | E32: =ESF!I22 -> 0
C33: Otros Pasivos a Corto Plazo | E33: =ESF!I23 -> 29192.91
C34: Total de Pasivos Circulantes | E34: =ESF!I25 -> 600345.3
B35: Pasivo No Circulante | C35: Cuentas por Pagar a Largo Plazo | E35: =ESF!I29 -> 0
C36: Documentos por Pagar a Largo Plazo | E36: =ESF!I30 -> 0
C37: Deuda Pública a Largo Plazo | E37: =ESF!I31 -> 0
C38: Pasivos Diferidos a Largo Plazo | E38: =ESF!I32 -> 0
C39: Fondos y Bienes de Terceros en Garantía y/o en Administración a Largo Plazo | E39: =ESF!I33 -> 0
C40: Provisiones a Largo Plazo | E40: =ESF!I34 -> 0
C41: Total de Pasivos No Circulantes | E41: =ESF!I36 -> 0
C42: TOTAL DEL PASIVO | E42: =ESF!I38 -> 600345.3
B43: HACIENDA PÚBLICA/ PATRIMONIO | C43: Hacienda Pública/Patrimonio Contribuido | E43: =ESF!I42 -> 92265020
C44: Aportaciones | E44: =ESF!I44 -> 92265020
C45: Donaciones de Capital | E45: =ESF!I45 -> 0
C46: Actualización de la Hacienda Pública / Patrimonio | E46: =ESF!I46 -> 0
C47: Hacienda Pública/Patrimonio Generado | E47: =ESF!I48 -> 24129086
C48: Resultados del Ejercicio (Ahorro / Desahorro) | E48: =ESF!I50 -> 7339988.4
C49: Resultados de Ejercicios Anteriores | E49: =ESF!I51 -> 16789098
C50: Revalúos | E50: =ESF!I52 -> 0
C51: Reservas | E51: =ESF!I53 -> 0
C52: Rectificaciones de Resultados de Ejercicios Anteriores | E52: =ESF!I54 -> 0
C53: Exceso o Insuficiencia en la Actualización de la Hacienda Publica/Patrimonio | E53: =ESF!I56 -> 0
C54: Resultado por Posición Monetaria | E54: =ESF!I58 -> 0
C55: Resultado por Tenencia de Activos no Monetarios | E55: =ESF!I59 -> 0
C56: Total Hacienda Pública/ Patrimonio | E56: =ESF!I61 -> 1.1639411e+08
C57: TOTAL DEL PASIVO Y HACIENDA PÚBLICA / PATRIMONIO | E57: =ESF!I63 -> 1.1699445e+08
C58: Año | E58: 2012
A59: Activo | B59: Activo Circulante | C59: Efectivo y Equivalentes | E59: =ESF!E16 -> 31302157
C60: Derechos a Recibir Efectivo o Equivalentes | E60: =ESF!E17 -> 6608
C61: Derechos a Recibir Bienes o Servicios | E61: =ESF!E18 -> 4001.15
C62: Inventarios | E62: =ESF!E19 -> 0
C63: Almacenes | E63: =ESF!E20 -> 0
C64: Estimación por Pérdida o Deterioro de Activos Circulantes | E64: =ESF!E21 -> 0
C65: Otros Activos Circulantes | E65: =ESF!E22 -> 1827
C66: Total de Activos Circulantes | E66: =ESF!E24 -> 31314593
B67: Activo No Circulante | C67: Inversiones Financieras a Largo Plazo | E67: =ESF!E29 -> 0
C68: Derechos a Recibir Efectivo o Equivalentes a Largo Plazo | E68: =ESF!E30 -> 0
C69: Bienes Inmuebles, Infraestructura y Construcciones en Proceso | E69: =ESF!E31 -> 77451815
C70: Bienes Muebles | E70: =ESF!E32 -> 28612722
C71: Activos Intangibles | E71: =ESF!E33 -> 2851.04
C72: Depreciación, Deterioro y Amortización Acumulada de Bienes | E72: =ESF!E34 -> -10645952
C73: Activos Diferidos | E73: =ESF!E35 -> 0
C74: Estimación por Pérdida o Deterioro de Activos no Circulantes | E74: =ESF!E36 -> 0
C75: Otros Activos no Circulantes | E75: =ESF!E37 -> 0
C76: Total de Activos No Circulantes | E76: =ESF!E39 -> 95421436
C77: TOTAL DEL ACTIVO | E77: =ESF!E41 -> 1.2673603e+08
A78: Pasivo | B78: Pasivo Circulante | C78: Cuentas por Pagar a Corto Plazo | E78: =ESF!J16 -> 9208849.3
C79: Documentos por Pagar a Corto Plazo | E79: =ESF!J17 -> 0
C80: Porción a Corto Plazo de la Deuda Pública a Largo Plazo | E80: =ESF!J18 -> 0
C81: Títulos y Valores a Corto Plazo | E81: =ESF!J19 -> 0
C82: Pasivos Diferidos a Corto Plazo | E82: =ESF!J20 -> 0
C83: Fondos y Bienes de Terceros en Garantía y/o Administración a Corto Plazo | E83: =ESF!J21 -> 0
C84: Provisiones a Corto Plazo | E84: =ESF!J22 -> 0
C85: Otros Pasivos a Corto Plazo | E85: =ESF!J23 -> 24972.91
C86: Total de Pasivos Circulantes | E86: =ESF!J25 -> 9233822.2
B87: Pasivo No Circulante | C87: Cuentas por Pagar a Largo Plazo | E87: =ESF!J29 -> 0
C88: Documentos por Pagar a Largo Plazo | E88: =ESF!J30 -> 0
C89: Deuda Pública a Largo Plazo | E89: =ESF!J31 -> 0
C90: Pasivos Diferidos a Largo Plazo | E90: =ESF!J32 -> 0
C91: Fondos y Bienes de Terceros en Garantía y/o en Administración a Largo Plazo | E91: =ESF!J33 -> 0
C92: Provisiones a Largo Plazo | E92: =ESF!J34 -> 0
C93: Total de Pasivos No Circulantes | E93: =ESF!J36 -> 0
C94: TOTAL DEL PASIVO | E94: =ESF!J38 -> 9233822.2
B95: HACIENDA PÚBLICA/ PATRIMONIO | C95: Hacienda Pública/Patrimonio Contribuido | E95: =ESF!J42 -> 92222649
C96: Aportaciones | E96: =ESF!J44 -> 92222649
C97: Donaciones de Capital | E97: =ESF!J45 -> 0
C98: Actualización de la Hacienda Pública / Patrimonio | E98: =ESF!J46 -> 0
C99: Hacienda Pública/Patrimonio Generado | E99: =ESF!J48 -> 25279558
C100: Resultados del Ejercicio (Ahorro / Desahorro) | E100: =ESF!J50 -> -2396469.6
C101: Resultados de Ejercicios Anteriores | E101: =ESF!J51 -> 27676028
...

Sheet EAA
C2: ESTADO ANALÍTICO DEL ACTIVO
A3: Al 30 de Septiembre del 2018
C4: (Pesos)
C5: Ente Público: | D5: INSTITUTO TECNOLOGICO SUPERIOR DE SALVATIERRA
B8: Concepto | D8: Saldo Inicial | E8: Cargos del Periodo | F8: Abonos del Periodo | G8: Saldo Final | H8: Variación del Periodo
D9: 1 | E9: 2 | F9: 3 | G9: 4 =(1+2-3) | H9: (4-1)
B12: ACTIVO | D12: =+D14+D24 -> 1.2673603e+08 | E12: =+E14+E24 -> 77504732 | F12: =+F14+F24 -> 87246309 | G12: =+D12+E12-F12 -> 1.1699445e+08 | H12: =+G12-D12 -> -9741577.4
G13: =+D13+E13-F13 -> 0
B14: Activo Circulante | D14: =SUM(D16:D22) -> 31314593 | E14: =SUM(E16:E22) -> 77005525 | F14: =SUM(F16:F22) -> 87246309 | G14: =+D14+E14-F14 -> 21073808 | H14: =+G14-D14 -> -10240784
B16: Efectivo y Equivalentes | D16: =+ESF!E16 -> 31302157 | E16: 43946677 | F16: 54282976 | G16: =+D16+E16-F16 -> 20965858 | H16: =+G16-D16 -> -10336298 | K16: =IF(G16=ESF!D16," ","Error")
B17: Derechos a Recibir Efectivo o Equivalentes | D17: =+ESF!E17 -> 6608 | E17: 32856247 | F17: 32789733 | G17: =+D17+E17-F17 -> 73121.77 | H17: =+G17-D17 -> 66513.77 | K17: =IF(G17=ESF!D17," ","Error") -> Error
B18: Derechos a Recibir Bienes o Servicios | D18: =+ESF!E18 -> 4001.15 | E18: 202600.58 | F18: 173600.4 | G18: =+D18+E18-F18 -> 33001.33 | H18: =+G18-D18 -> 29000.18 | K18: =IF(G18=ESF!D18," ","Error")
B19: Inventarios | D19: =+ESF!E19 -> 0 | E19: 0 | F19: 0 | G19: =+D19+E19-F19 -> 0 | H19: =+G19-D19 -> 0 | K19: =IF(G19=ESF!D19," ","Error")
B20: Almacenes | D20: =+ESF!E20 -> 0 | E20: 0 | F20: 0 | G20: =+D20+E20-F20 -> 0 | H20: =+G20-D20 -> 0 | K20: =IF(G20=ESF!D20," ","Error")
B21: Estimación por Pérdida o Deterioro de Activos Circulantes | D21: =+ESF!E21 -> 0 | E21: 0 | F21: 0 | G21: =+D21+E21-F21 -> 0 | H21: =+G21-D21 -> 0 | K21: =IF(G21=ESF!D21," ","Error")
B22: Otros Activos Circulantes | D22: =+ESF!E22 -> 1827 | E22: 0 | F22: 0 | G22: =+D22+E22-F22 -> 1827 | H22: =+G22-D22 -> 0 | K22: =IF(G22=ESF!D22," ","Error")
B24: Activo No Circulante | D24: =SUM(D26:D34) -> 95421436 | E24: =SUM(E26:E34) -> 499206.97 | F24: =SUM(F26:F34) -> 0 | G24: =+D24+E24-F24 -> 95920643 | H24: =+G24-D24 -> 499206.97
B26: Inversiones Financieras a Largo Plazo | D26: =+ESF!E29 -> 0 | E26: 0 | F26: 0 | G26: =+D26+E26-F26 -> 0 | H26: =+G26-D26 -> 0
B27: Derechos a Recibir Efectivo o Equivalentes a Largo Plazo | D27: =+ESF!E30 -> 0 | E27: 0 | F27: 0 | G27: =+D27+E27-F27 -> 0 | H27: =+G27-D27 -> 0
B28: Bienes Inmuebles, Infraestructura y Construcciones en Proceso | D28: =+ESF!E31 -> 77451815 | E28: 0 | F28: 0 | G28: =+D28+E28-F28 -> 77451815 | H28: =+G28-D28 -> 0
B29: Bienes Muebles | D29: =+ESF!E32 -> 28612722 | E29: 499206.97 | F29: 0 | G29: =+D29+E29-F29 -> 29111929 | H29: =+G29-D29 -> 499206.97
B30: Activos Intangibles | D30: =+ESF!E33 -> 2851.04 | E30: 0 | F30: 0 | G30: =+D30+E30-F30 -> 2851.04 | H30: =+G30-D30 -> 0
B31: Depreciación, Deterioro y Amortización Acumulada de Bienes | D31: =+ESF!E34 -> -10645952 | E31: 0 | F31: 0 | G31: =+D31+E31-F31 -> -10645952 | H31: =+G31-D31 -> 0
B32: Activos Diferidos | D32: =+ESF!E35 -> 0 | E32: 0 | F32: 0 | G32: =+D32+E32-F32 -> 0 | H32: =+G32-D32 -> 0
B33: Estimación por Pérdida o Deterioro de Activos no Circulantes | D33: =+ESF!E36 -> 0 | E33: 0 | F33: 0 | G33: =+D33+E33-F33 -> 0 | H33: =+G33-D33 -> 0
B34: Otros Activos no Circulantes | D34: =+ESF!E37 -> 0 | E34: 0 | F34: 0 | G34: =+D34+E34-F34 -> 0 | H34: =+G34-D34 -> 0 | K34: =IF(G34=ESF!D37," ","error")
B38: Bajo protesta de decir verdad declaramos que los Estados Financieros y sus Notas son razonablemente correctos y responsabilidad del emisor
B41: DR RODRIGO CARRASCO RAMIREZ | E41: CP RAMIRO CONTERAS RODRIGUEZ
B42: ENCARGADO DEL DESPACHO DE LA DIRECCION | E42: SUBDIRECTOR DE FINANZAS Y ADMINISTRACION

Sheet EADP
C2: ESTADO ANALÍTICO DE LA DEUDA Y OTROS PASIVOS
A3: Al 30 de Septiembre del 2018
C4: (Pesos)
D6: Ente Público: | E6: INSTITUTO TECNOLOGICO SUPERIOR DE SALVATIERRA
B9: Denominación de las Deudas | F9: Moneda de Contratación | G9: Institución o País Acreedor | H9: Saldo Inicial del Periodo | I9: Saldo Final del Periodo
B12: DEUDA PÚBLICA
B13: Corto Plazo
B14: Deuda Interna | H14: =SUM(H15:H17) -> 0 | I14: =SUM(I15:I17) -> 0
C15: Instituciones de Crédito | H15: 0 | I15: 0
C16: Títulos y Valores | H16: 0 | I16: 0
C17: Arrendamientos Financieros | H17: 0 | I17: 0
B19: Deuda Externa | H19: =SUM(H20:H23) -> 0 | I19: =SUM(I20:I23) -> 0
C20: Organismos Financieros Internacionales | H20: 0 | I20: 0
C21: Deuda Bilateral | H21: 0 | I21: 0
C22: Títulos y Valores | H22: 0 | I22: 0
C23: Arrendamientos Financieros | H23: 0 | I23: 0
B25: Subtotal a Corto Plazo | H25: =H14+H19 -> 0 | I25: =I14+I19 -> 0
B27: Largo Plazo
B28: Deuda Interna | H28: =SUM(H29:H31) -> 0 | I28: =SUM(I29:I31) -> 0
C29: Instituciones de Crédito | H29: 0 | I29: 0
C30: Títulos y Valores | H30: 0 | I30: 0
C31: Arrendamientos Financieros | H31: 0 | I31: 0
B33: Deuda Externa | H33: =SUM(H34:H37) -> 0 | I33: =SUM(I34:I37) -> 0
C34: Organismos Financieros Internacionales | H34: 0 | I34: 0
C35: Deuda Bilateral | H35: 0 | I35: 0
C36: Títulos y Valores | H36: 0 | I36: 0
C37: Arrendamientos Financieros | H37: 0 | I37: 0
B39: Subtotal a Largo Plazo | H39: =+H28+H33 -> 0 | I39: =+I28+I33 -> 0
B41: Otros Pasivos | H41: 9233822.2 | I41: 600345.3
B43: Total Deuda y Otros Pasivos | H43: =H25+H39+H41 -> 9233822.2 | I43: =I25+I39+I41 -> 600345.3
B46: Bajo protesta de decir verdad declaramos que los Estados Financieros y sus Notas son razonablemente correctos y responsabilidad del emisor
C49: DR. RODRIGO CARRASCO RAMIREZ | G49: CP RAMIRO CONTERAS RODRIGUEZ
C50: DIRECTOR GENERAL | G50: SUBDIRECTOR DE FINANZAS Y ADMINISTRACION

Sheet EVHP
C2: ESTADO DE VARIACIÓN DE LA HACIENDA PÚBLICA
A3: Al 30 de Septiembre del 2018
C4: (pesos)
C6: Ente Público: | D6: INSTITUTO TECNOLOGICO SUPERIOR DE SALVATIERRA
B9: Concepto | D9: Hacienda Pública/Patrimonio Contribuido | E9: Hacienda Pública/Patrimonio Generado de Ejercicios Anteriores | F9: Hacienda Pública/Patrimonio Generado del Ejercicio | G9: Ajustes por Cambios de Valor | H9: TOTAL
B12: Rectificaciones de Resultados de Ejercicios Anteriores | D12: 0 | E12: 0 | F12: 0 | G12: 0 | H12: =SUM(D12:G12) -> 0
B14: Patrimonio Neto Inicial Ajustado del Ejercicio | D14: =SUM(D15:D17) -> 92222649 | E14: =SUM(E15:E17) -> 0 | F14: =SUM(F15:F17) -> 0 | G14: =SUM(G15:G17) -> 0 | H14: =SUM(D14:G14) -> 92222649
B15: Aportaciones | D15: =+ESF!J44 -> 92222649 | E15: 0 | F15: 0 | G15: 0 | H15: =SUM(D15:G15) -> 92222649
B16: Donaciones de Capital | D16: 0 | E16: 0 | F16: 0 | G16: 0 | H16: =SUM(D16:G16) -> 0
B17: Actualización de la Hacienda Pública/Patrimonio | D17: 0 | E17: 0 | F17: 0 | G17: 0 | H17: =SUM(D17:G17) -> 0
B19: Variaciones de la Hacienda Pública/Patrimonio Neto del Ejercicio | D19: =SUM(D20:D23) -> 0 | E19: =SUM(E20:E23) -> 27676028 | F19: =SUM(F20:F23) -> -2396469.6 | G19: =SUM(G20:G23) -> 0 | H19: =SUM(D19:G19) -> 25279558
B20: Resultados del Ejercicio (Ahorro/Desahorro) | D20: 0 | F20: -2396469.6 | G20: 0 | H20: =SUM(D20:G20) -> -2396469.6
B21: Resultados de Ejercicios Anteriores | D21: 0 | E21: 27676028 | F21: 0 | G21: 0 | H21: =SUM(D21:G21) -> 27676028
B22: Revalúos | D22: 0 | E22: 0 | F22: 0 | G22: 0 | H22: =SUM(D22:G22) -> 0
B23: Reservas | D23: 0 | E23: 0 | F23: 0 | G23: 0 | H23: =SUM(D23:G23) -> 0
B25: Hacienda Pública/Patrimonio Neto Final del Ejercicio 2017 | D25: =D12+D14+D19 -> 92222649 | E25: =E12+E14+E19 -> 27676028 | F25: =F12+F14+F19 -> -2396469.6 | G25: =G12+G14+G19 -> 0 | H25: =SUM(D25:G25) -> 1.1750221e+08 | J25: =+ESF!J61-EVHP!H25 -> 0
B27: Cambios en la Hacienda Pública/Patrimonio Neto del Ejercicio 2018 | D27: =SUM(D28:D30) -> 42371.36 | E27: =SUM(E28:E30) -> 0 | F27: =SUM(F28:F30) -> 0 | G27: =SUM(G28:G30) -> 0 | H27: =SUM(D27:G27) -> 42371.36
B28: Aportaciones | D28: =+ESF!I44-D14 -> 42371.36 | E28: 0 | F28: 0 | G28: 0 | H28: =SUM(D28:G28) -> 42371.36
B29: Donaciones de Capital | D29: 0 | E29: 0 | F29: 0 | G29: 0 | H29: =SUM(D29:G29) -> 0
B30: Actualización de la Hacienda Pública/Patrimonio | D30: 0 | E30: 0 | F30: 0 | G30: 0 | H30: =SUM(D30:G30) -> 0
B32: Variaciones de la Hacienda Pública/Patrimonio Neto del Ejercicio | D32: =SUM(D33:D36) -> 0 | E32: =SUM(E33:E36) -> -10886930 | F32: =SUM(F33:F36) -> 9736458.1 | G32: =SUM(G33:G36) -> 0 | H32: =SUM(D32:G32) -> -1150471.9
B33: Resultados del Ejercicio (Ahorro/Desahorro) | D33: 0 | F33: 7339988.4 | G33: 0 | H33: =SUM(D33:G33) -> 7339988.4
B34: Resultados de Ejercicios Anteriores | D34: 0 | E34: -10886930 | F34: 2396469.6 | G34: 0 | H34: =SUM(D34:G34) -> -8490460.3
B35: Revalúos | D35: 0 | E35: 0 | F35: 0 | G35: 0 | H35: =SUM(D35:G35) -> 0
B36: Reservas | D36: 0 | E36: 0 | F36: 0 | G36: 0 | H36: =SUM(D36:G36) -> 0
B38: Saldo Neto en la Hacienda Pública / Patrimonio 2018 | D38: =D25+D27+D32 -> 92265020 | E38: =E25+E27+E32 -> 16789098 | F38: =+F25+F32 -> 7339988.4 | G38: =G25+G27+G32 -> 0 | H38: =SUM(D38:G38) -> 1.1639411e+08 | J38: =+H38-ESF!I61 -> 0
B41: Bajo protesta de decir verdad declaramos que los Estados Financieros y sus Notas son razonablemente correctos y responsabilidad del emisor
C43: __________________________________________
C44: DR. RODRIGO CARRASCO RAMIREZ | F44: CP RAMIRO CONTERAS RODRIGUEZ
C45: DIRECTOR GENERAL | F45: SUBDIRECTOR DE FINANZAS Y ADMINISTRACION

Sheet EFE
A2: ESTADOS DE FLUJOS DE EFECTIVO
A3: Al 30 de Septiembre del 2018
A4: (Pesos)
G6: Ente Público: | H6: INSTITUTO TECNOLOGICO SUPERIOR DE SALVATIERRA
B9: Concepto | G9: 2018 | H9: 2017 | J9: Concepto | O9: 2018 | P9: 2017
B12: Flujos de Efectivo de las Actividades de Gestión | J12: Flujos de Efectivo de las Actividades de Inversión
C14: Origen | G14: =SUM(G15:G25) -> 18052965 | H14: =SUM(H15:H25) -> 31976054 | K14: Origen | O14: =SUM(O15:O17) -> 42371.36 | P14: =SUM(P15:P17) -> 3588080.6
D15: Impuestos | G15: 0 | H15: 0 | L15: Bienes Inmuebles, Infraestructura y Construcciones en Proceso | O15: 42371.36 | P15: 3588080.6
D16: Cuotas y Aportaciones de Seguridad Social | L16: Bienes Muebles | O16: 0 | P16: 0
D17: Contribuciones de mejoras | G17: 0 | H17: 0 | L17: Otros Orígenes de Inversión | O17: 0 | P17: 0
D18: Derechos | G18: 0 | H18: 0
D19: Productos de Tipo Corriente | G19: 188494 | H19: 350620 | K19: Aplicación | O19: =SUM(O20:O22) -> 237959.57 | P19: =SUM(P20:P22) -> 7647905
D20: Aprovechamientos de Tipo Corriente | G20: 35342 | H20: 1200423.2 | L20: Bienes Inmuebles, Infraestructura y Construcciones en Proceso | O20: 0 | P20: 1028050.9
D21: Ingresos por Venta de Bienes y Servicios | G21: 3585.5 | H21: 13352.5 | L21: Bienes Muebles | O21: 237959.57 | P21: 6619854.1
D22: Ingresos no Comprendidos en las Fracciones de la Ley de Ingresos Causados en Ejercicios Fiscales Anteriores Pendientes de Liquidación o Pago | G22: 0 | H22: 0 | L22: Otras Aplicaciones de Inversión | O22: 0 | P22: 0
D23: Participaciones y Aportaciones | G23: 7522687 | H23: 14784821 | K23: Flujos Netos de Efectivo por Actividades de Inversión | O23: =O14-O19 -> -195588.21 | P23: =P14-P19 -> -4059824.4
D24: Transferencias, Asignaciones y Subsidios y Otras Ayudas | G24: 10298722 | H24: 15617227
D25: Otros Orígenes de Operación | G25: 4134.99 | H25: 9609.87
J26: Flujo de Efectivo de las Actividades de Financiamiento
C27: Aplicación | G27: =SUM(G28:G46) -> 14663650 | H27: =SUM(H28:H46) -> 34372523
D28: Servicios Personales | G28: 12350625 | H28: 25994967 | K28: Origen | O28: =O29+O32 -> 5794468.1 | P28: =P29+P32 -> 9440280.2
D29: Materiales y Suministros | G29: 357785.9 | H29: 975775.95 | L29: Endeudamiento Neto | O29: =SUM(O30:O31) -> 0 | P29: =SUM(P30:P31) -> 0
D30: Servicios Generales | G30: 1891616.2 | H30: 4706616.7 | L30: Interno | O30: 0 | P30: 0
L31: Externo | O31: 0 | P31: 0
D32: Transferencias Internas y Asignaciones al Sector Público | G32: 0 | H32: 0 | L32: Otros Orígenes de Financiamiento | O32: 5794468.1 | P32: 9440280.2
D33: Transferencias al resto del Sector Público | G33: 0 | H33: 0
D34: Subsidios y Subvenciones | G34: 0 | H34: 0 | K34: Aplicación | O34: =O35+O38 -> 20202522 | P34: =P35+P38 -> 3562473.6
D35: Ayudas Sociales | G35: 63617.32 | H35: 491989.54 | L35: Servicios de la Deuda | O35: =SUM(O36:O37) -> 0 | P35: =SUM(P36:P37) -> 0
D36: Pensiones y Jubilaciones | G36: 0 | H36: 0 | L36: Interno | O36: 0 | P36: 0
D37: Transferencias a Fideicomisos, Mandatos y Contratos Análogos | G37: 0 | H37: 0 | L37: Externo | O37: 0 | P37: 0
D38: Transferencias a la Seguridad Social | G38: 0 | H38: 0 | L38: Otras Aplicaciones de Financiamiento | O38: 20202522 | P38: 3562473.6
D39: Donativos | G39: 0 | H39: 0
D40: Transferencias al Exterior | G40: 0 | H40: 0 | K40: Flujos netos de Efectivo por Actividades de Financiamiento | O40: =O28-O34 -> -14408054 | P40: =P28-P34 -> 5877806.6
D42: Participaciones | G42: 0 | H42: 0
D43: Aportaciones | G43: 0 | H43: 0 | J43: Incremento/Disminución Neta en el Efectivo y Equivalentes al Efectivo | O43: =G48+O23+O40 -> -11214326 | P43: =H48+P23+P40 -> -578487.41
D44: Convenios | G44: 0 | H44: 0
D46: Otras Aplicaciones de Operación | G46: 5.48 | H46: 2203174.1
J47: Efectivo y Equivalente al Efectivo al Inicio del Ejericio | O47: 31302157 | P47: 30852593
C48: Flujos Netos de Efectivo por Actividades de Operación | G48: =G14-G27 -> 3389315.8 | H48: =H14-H27 -> -2396469.7 | J48: Efectivo y Equivalente al Efectivo al Final del Ejericio | O48: =+O47+O43 -> 20087830 | P48: 31302157
B53: Bajo protesta de decir verdad declaramos que los Estados Financieros y sus Notas son razonablemente correctos y responsabilidad del emisor
L55: ____________________________________________
D56: DR. RODRIGO CARRASCO RAMIREZ | L56: CP RAMIRO CONTRERAS RODRIGUEZ
D57: DIRECTOR GENERAL | L57: SUBDIRECTOR DE FINANZAS Y ADMINISTRACION

Sheet PC
A2: INFORME DE PASIVOS CONTIGENTES
A3: Al 30 de Septiembre del 2018
A4: (Pesos)
B6: Ente Público: | C6: INSTITUTO TECNOLOGICO SUPERIOR DE SALVATIERRA
A8: NOMBRE | B8: CONCEPTO
A9: JUICIOS
A14: GARANTÍAS | D14: NO APLICA
A19: AVALES
A24: PENSIONES Y JUBILACIONES
A27: Bajo protesta de decir verdad declaramos que los Estados Financieros y sus Notas son razonablemente correctos y responsabilidad del emisor
A31: ______________________________________________
A32: DR. RODRIGO CARRASCO RAMIREZ | D32: CP RAMIRO CONTERAS RODRIGUEZ
A33: DIRECTOR GENERAL | D33: SUBDIRECTOR DE FINANZAS Y ADMINISTRACION

Sheet NOTAS
A3: NOTAS A LOS ESTADOS FINANCIEROS
A4: Al 30 de Septiembre del 2018
C7: Ente Público: | D7: INSTITUTO TECNOLOGICO SUPERIOR DE SALVATIERA
A9: NOTAS DE DESGLOSE
B11: I) NOTAS AL ESTADO DE SITUACIÓN FINANCIERA
B13: ACTIVO
B15: * EFECTIVO Y EQUIVALENTES
C16: NO APLICA
B17: ESF-01 FONDOS C/INVERSIONES FINANCIERAS | C17: MONTO | D17: TIPO | E17: MONTO PARCIAL
B18: 1114 Inversiones a 3 meses | D18: 0 | E18: 0
D19: 0 | E19: 0
B20: 1121 Inversiones mayores a 3 meses hasta 12. | D20: 0 | E20: 0
D21: 0 | E21: 0
B22: 1211 INVERSIONES A LP | D22: 0 | E22: 0
C23: =SUM(C18:C22) -> 0 | E23: =SUM(E18:E22) -> 0
B27: * DERECHOSA RECIBIR EFECTIVO Y EQUIVALENTES Y BIENES O SERVICIOS A RECIBIR
B29: ESF-02 INGRESOS P/RECUPERAR | C29: MONTO | D29: 2017 | E29: 2016
B30: 1122 CUENTAS POR COBRAR CP
B31: 1122602001 CUENTAS POR COBRAR A ENTIDADES FED Y MPIOS | C31: 16575 | D31: 0 | E31: 0
B32: 1122902001 OTRAS CUENTAS POR COBRAR | D32: 0 | E32: 0
B33: 1124 INGRESOS POR RECUPERAR CP
C35: =SUM(C30:C34) -> 16575 | D35: =SUM(D30:D34) -> 0 | E35: =SUM(E30:E34) -> 0
B38: ESF-03 DEUDORES P/RECUPERAR | C38: MONTO | D38: 90 DIAS | E38: 180 DIAS | F38: 365 DIAS
B39: 1123 DEUDORES PENDIENTES POR RECUPERAR
B40: 1123101002 GASTOS A RESERVA DE COMPROBAR | C40: 48546.77 | D40: 48546.77
B41: 1125 DEUDORES POR ANTICIPOS
B42: 1125102001 FONDO FIJO | C42: 8000 | D42: 8000
B43: 1131001001 ANTICIPO A PROVEEDORES | C43: 33001.33 | D43: 33001.33
C44: =SUM(C38:C43) -> 89548.1 | D44: =SUM(D38:D43) -> 89548.1 | E44: =SUM(E38:E43) -> 0 | F44: =SUM(F38:F43) -> 0
B48: * BIENES DISPONIBLES PARA SU TRANSFORMACIÓN O CONSUMO.
C49: NO APLICA
B50: ESF-05 INVENTARIO Y ALMACENES | C50: MONTO | D50: METODO
B51: 1140 INVENTARIOS | D51: 0
D52: 0
B53: 1150 ALMACENES
D54: 0
C55: =SUM(C50:C54) -> 0
B59: * INVERSIONES FINANCIERAS.
C60: NO APLICA
B61: ESF-06 FIDEICOMISOS, MANDATOS Y CONTRATOS ANALOGOS | C61: MONTO | D61: TIPO | E61: CARACTERISTICAS | F61: NOMBRE DE FIDEICOMIS0O | G61: OBJETO
B62: 1213 FIDEICOMISOS, MANDATOS Y CONTRATOS ANÁLOGOS | D62: 0 | E62: 0 | F62: 0 | G62: 0
D63: 0 | E63: 0 | F63: 0 | G63: 0
D64: 0 | E64: 0 | F64: 0 | G64: 0
D65: 0 | E65: 0 | F65: 0 | G65: 0
C66: =SUM(C61:C65) -> 0 | D66: 0 | E66: 0 | F66: 0 | G66: 0
C69: NO APLICA
B70: ESF-07 PARTICIPACIONES Y APORTACIONES DE CAPITAL | C70: MONTO | D70: TIPO | E70: EMPRESA/OPDES
B71: 1214 PARTICIPACIONES Y APORTACIONES DE CAPITAL | D71: 0 | E71: 0
D72: 0 | E72: 0
C73: =SUM(C71:C72) -> 0
B76: ESF-08 BIENES MUEBLES E INMUEBLES | C76: SALDO INICIAL | D76: SALDO FINAL | E76: FLUJO | F76: CRITERIO
B77: 1230 BIENES INMUEBLES, INFRAESTRUCTURA Y CONTRUCCIONES EN PROCESO | F77: 0
B78: 1236262200 EDIFICACION NO HABITACIONAL | C78: 77451815 | D78: 77451815 | E78: 0 | F78: 0
B79: 1240 BIENES MUEBLES | F79: 0
B80: 1241151100 MUEBLES DE OFICINA Y ESTANTERÍA 2011 | C80: 1437667.7 | D80: 1702815 | E80: 265147.32
B81: 124115110 MUEBLES DE OFICINA Y ESTANTERÍA 2010 | C81: 845850.33 | D81: 845850.33 | E81: 0
B82: 1241251200 MUEBLES, EXCEPTO DE OFICINA Y ESTANTERÍA | C82: 343820.52 | D82: 343820.52 | E82: 0
B83: 1241351500 EQ DE CÓMP Y DE TECNOLOGÍAS DE LA INFORMACI 2011 | C83: 6530015.1 | D83: 6729037.3 | E83: 199022.14
B84: 1241351501 EQ DE CÓMP Y DE TECNOLOGÍAS DE LA INFORMACI 2010 | C84: 868900.3 | D84: 868900.3 | E84: 0
B85: 1241951900 OTROS MOBILIARIOS Y EQUIPOS DE ADMINISTRACIÓN 2011 | C85: 228966.4 | D85: 257140.48 | E85: 28174.08
B86: 1241951901 OTROS MOBILIARIOS Y EQUIPOS DE ADMINISTRACIÓN 2010 | C86: 201493.91 | D86: 201493.91 | E86: 0
B87: 1242152100 EQUIPO Y APARATOS AUDIOVISUALES 2011 | C87: 462204.76 | D87: 469068.19 | E87: 6863.43
B88: 1242352300 CÁMARAS FOTOGRÁFICAS Y DE VIDEO 2011 | C88: 80873.12 | D88: 80873.12 | E88: 0
B89: 1242952900 OTRO MOB. Y EQUIPO EDUCACIONAL Y RECREATIVO 2011 | C89: 2640374.2 | D89: 2640374.2 | E89: 0
B90: 1242952901 OTRO MOB. Y EQUIPO EDUCACIONAL Y RECREATIVO 2010 | C90: 23610 | D90: 23610 | E90: 0
B91: 1243153100 EQUIPO MÉDICO Y DE LABORATORIO 2011 | C91: 1824557 | D91: 1824557 | E91: 0
... B105: 1247151300 BIENES ARTÍSTICOS, CULTURALES Y CIENTÍFICOS 2011 | C105: 62978.17 | D105: 62978.17 | E105: 0
F106: 0
C107: =SUM(C78:C106) -> 1.0606454e+08 | D107: =SUM(D78:D106) -> 1.0656374e+08 | E107: =SUM(E106:E106) -> 0
B110: ESF-09 INTANGIBLES Y DIFERIDOS | C110: SALDO INICIAL | D110: SALDO FINAL | E110: FLUJO | F110: CRITERIO
B111: 1260 DEPRECIACIÓN, DETERIORO Y AMORTIZACIÓN ACUMULADA DE BIENES | E111: 0
B112: 1263151101 DEP. ACUM. MUEBLES DE OFICINA Y ESTANTERÍA 2010 | C112: -360798.58 | D112: -360798.58 | E112: 0
B113: 1263151201 "DEP. ACUM. MUEBLES, EXCEPTO DE OFICINA Y ESTANTER | C113: -66107.91 | D113: -66107.91 | E113: 0
B114: 1263151501 DEP. ACUM. EPO. DE COMPUTO Y DE TECNOLOGIAS DE LA | C114: -4350789.6 | D114: -4350789.6 | E114: 0
B115: 1263151901 DEP. ACUM. OTROS MOBILIARIOS Y EQUIPOS DE ADMINIST | C115: -29380.44 | D115: -29380.44 | E115: 0
B116: 1263252101 DEP. ACUM. EQUIPOS Y APARATOS AUDIOVISUALES 2010 | C116: -71912.65 | D116: -71912.65 | E116: 0
B117: 1263252301 DEP. ACUM. CAMARAS FOTOGRAFICAS Y DE VIDEO 2010 | C117: -4337.3 | D117: -4337.3 | E117: 0
B118: 1263252901 DEP. ACUM. OTRO MOBILIARIO Y EPO. EDUCACIONAL Y RE | C118: -314361.89 | D118: -314361.89 | E118: 0
B119: 1263353101 DEP. ACUM. EQUIPO MÉDICO Y DE LABORATORIO 2010 | C119: -222753.4 | D119: -222753.4 | E119: 0
B120: 1263353201 DEP. ACUM. INSTRUMENTAL MÉDICO Y DE LABORATORIO 20 | C120: -2916377.8 | D120: -2916377.8 | E120: 0
B121: 1263454101 DEP. ACUM. AUTOMÓVILES Y CAMIONES 2010 | C121: -866099.02 | D121: -866099.02 | E121: 0
B122: 1263656101 DEP. ACUM. MAQ. Y EPO. AGROPECUARIO 2010 | C122: -13080.69 | D122: -13080.69 | E122: 0
B123: 1263656201 DEP. ACUM. MAQ. Y EPO. INDUSTRIAL 2010 | C123: -36342.4 | D123: -36342.4 | E123: 0
... B126: 1263656701 DEP. ACUM. HERRAMIENTAS Y MÁQUINAS-HERRAMIENTA 201 | C126: -1182.5 | D126: -1182.5 | E126: 0
B127: 1263656901 DEP. ACUM. OTROS EQUIPOS 2010 | C127: -1064077.4 | D127: -1064077.4
B129: 1250 ACTIVOS INTANGIBLES
B130: 1252259300 MARCAS | C130: 2851.04 | D130: 2851.04 | E130: 0
B131: 1265959301 AMORTIZACION MARCAS | C131: -855.31 | D131: -855.31 | E131: 0
C136: =SUM(C111:C135) -> -10643101 | D136: =SUM(D111:D135) -> -10643101 | E136: =SUM(E111:E135) -> 0
B139: ESF-10 ESTIMACIONES Y DETERIOROS | C139: MONTO
B140: 1280 ESTIMACIÓN POR PÉRDIDA O DETERIORO DE ACTIVOS NO CIRCULANTES | C140: N O APLICA
C143: =SUM(C141:C142) -> 0
B146: ESF-11 OTROS ACTIVOS | C146: MONTO | D146: CARACTERÍSTICAS
B147: 1191001001 DEPOSITOS EN GARANTIA SERV | C147: 1827
C150: 1827
B154: PASIVO
B156: ESF-12 CUENTAS Y DOCUMENTOS POR PAGAR | C156: MONTO | D156: 90 DIAS | E156: 180 DIAS | F156: 365 DIAS
B157: 2110 CUENTAS POR PAGAR A CORTO PLAZO
B158: 2111101001 SUELDOS POR PAGAR | C158: 24051.58 | D158: 24051.58
B159: 2111401003 APORTACION PATRONAL IMSS | C159: 781.29 | D159: 781.29
...

Sheet EAI
B1: ESTADO ANALÍTICO DE INGRESOS
D2: POR FUENTE DE FINANCIAMIENTO Y FUENTE DE FINANCIAMIENTO/RUBRO
B3: Del 1 de Enero al 30 de Septiembre de 2018
D5: Ente Público: | E5: INSTITUTO TECNOLOGICO SUPERIOR DE SALVATIERRA
B7: Rubro de Ingresos | E7: Ingreso | J7: Diferencia
E8: Estimado | F8: Ampliaciones y Reducciones | G8: Modificado | H8: Devengado | I8: Recaudado
E9: (1) | F9: (2) | G9: (3= 1 + 2) | H9: (4) | I9: (5) | J9: (6 = 5 - 1 )
B11: Impuestos | E11: 0 | F11: 0 | G11: =+E11+F11 -> 0 | H11: 0 | I11: 0 | J11: =+I11-E11 -> 0
B12: Cuotas y Aportaciones de Seguridad Social | E12: 0 | F12: 0 | G12: =+E12+F12 -> 0 | H12: 0 | I12: 0 | J12: =+I12-E12 -> 0
B13: Contribuciones de Mejoras | E13: 0 | F13: 0 | G13: =+E13+F13 -> 0 | H13: 0 | I13: 0 | J13: =+I13-E13 -> 0
B14: Derechos | E14: 0 | F14: 0 | G14: =+E14+F14 -> 0 | H14: 0 | I14: 0 | J14: =+I14-E14 -> 0
B15: Productos | E15: 364830 | F15: =+F16 -> 5581.04 | G15: =+E15+F15 -> 370411.04 | H15: =+H16 -> 224785.04 | I15: 224785.04 | J15: =+I15-E15 -> -140044.96
C16: Corriente | E16: 364830 | F16: 5581.04 | G16: =+E16+F16 -> 370411.04 | H16: 224785.04 | I16: 224785.04 | J16: =+I16-E16 -> -140044.96
C17: Capital
B18: Aprovechamientos | E18: =+E19 -> 3000 | F18: =+F19+F20 -> 1740790 | G18: =+E18+F18 -> 1743790 | H18: =+H19+H20 -> 1704312 | I18: =+I19+I20 -> 1704312 | J18: =+I18-E18 -> 1701312
C19: Corriente | E19: 3000 | F19: 1740790 | G19: =+E19+F19 -> 1743790 | H19: 1704312 | I19: 1704312 | J19: =+I19-E19 -> 1701312
C20: Capital | E20: 0 | F20: 0 | G20: 0 | H20: 0 | I20: 0 | J20: =+I20-E20 -> 0
C21: No Comprendidos en las fracciones de la Ley de Ingresos causadas en
C22: ejercicios fiscales anteriores pendiente de liquidación o pago
B23: Ingresos por Ventas de Bienes y Servicios | E23: 10000 | F23: 0 | G23: =+E23+F23 -> 10000 | H23: 7154 | I23: 7154 | J23: =+I23-E23 -> -2846
B24: Participaciones y Aportaciones | E24: 0 | F24: 17670929 | G24: =+E24+F24 -> 17670929 | H24: 12574811 | I24: 12574811 | J24: =+I24-E24 -> 12574811
B25: Transferencias, Asignaciones, Subsidios y Otras Ayudas | E25: 20513686 | F25: 166960.36 | G25: =+E25+F25 -> 20680646 | H25: 15094824 | I25: 15078249 | J25: =+I25-E25 -> -5435436.6
B26: Ingresos Derivados de Financiamientos
D28: Total | E28: =SUM(E11+E12+E13+E14+E15+E18+E23+E24+E25+E26) -> 20891516 | F28: =SUM(F11+F12+F13+F14+F15+F18+F23+F24+F25+F26) -> 19584260 | G28: =SUM(G11+G12+G13+G14+G15+G18+G23+G24+G25+G26) -> 40475776 | H28: =SUM(H11+H12+H13+H14+H15+H18+H23+H24+H25+H26) -> 29605886 | I28: =SUM(I11+I12+I13+I14+I15+I18+I23+I24+I25+I26) -> 29589311 | J28: =+J15+J18+J23+J24+J25 -> 8697795.5
H29: Ingresos excedentes¹
B31: Estado Analítico de Ingresos Por Fuente de Financiamiento | E31: Ingreso | J31: Diferencia
E32: Estimado | F32: Ampliaciones y Reducciones | G32: Modificado | H32: Devengado | I32: Recaudado
E33: (1) | F33: (2) | G33: (3= 1 + 2) | H33: (4) | I33: (5) | J33: (6 = 5 - 1 )
D35: INGRESOS PROPIOS | E35: =+E36+E38+E41 -> 377830 | F35: =+F37+F38+F41 -> 638395.9 | G35: =+G37+G38+G41 -> 1016225.9 | H35: =+H37+H38+H41 -> 314606.05 | I35: =+I37+I38+I41 -> 314606.05 | J35: =+J37+J38+J41 -> -63223.95
C36: Productos | E36: =+E37 -> 364830 | F36: =+F37 -> 5581.04 | G36: =+G37 -> 370411.04 | H36: =+H37 -> 224785.04 | I36: =+I37 -> 224785.04 | J36: =+J37 -> -140044.96
C37: Productos de tipo corriente | E37: 364830 | F37: 5581.04 | G37: =E37+F37 -> 370411.04 | H37: 224785.04 | I37: 224785.04 | J37: =I37-E37 -> -140044.96
C38: Aprovechamientos | E38: =SUM(E39:E40) -> 3000 | F38: =SUM(F39:F40) -> 632814.86 | G38: =+G39+G40 -> 635814.86 | H38: =SUM(H39:H40) -> 82667.01 | I38: =SUM(I39:I40) -> 82667.01 | J38: =+I38-E38 -> 79667.01
C39: Aprovechamientos de tipo corriente | E39: 3000 | F39: 81500 | G39: =E39+F39 -> 84500 | H39: 82667.01 | I39: 82667.01 | J39: =I39-E39 -> 79667.01
C40: Aprovechamientos no comprendidos en | E40: 0 | F40: 551314.86 | G40: =+E40+F40 -> 551314.86 | H40: 0 | I40: 0 | J40: =+I40-E40 -> 0
C41: Ing por venta de bienes y servicios | E41: =+E42 -> 10000 | F41: =+F42 -> 0 | G41: =+E41+F41 -> 10000 | H41: =+H42 -> 7154 | I41: =+I42 -> 7154 | J41: =+I41-E41 -> -2846
C42: Ing por venta de bienes y servicios Org. Descentralizados | E42: 10000 | F42: 0 | G42: =E42+F42 -> 10000 | H42: 7154 | I42: 7154 | J42: =I42-E42 -> -2846
D44: RECURSOS FEDERALES | E44: 0 | F44: =+F45+F47 -> 19162531 | G44: =+G45+G47 -> 19162531 | H44: =+H45+H47 -> 12574811 | I44: =+I45+I47 -> 12574811 | J44: =+J45+J47 -> 12574811
C45: Aprovechamientos | E45: 0 | F45: 0 | G45: 0 | H45: =+H46 -> 0 | I45: =+I46 -> 0 | J45: =+J46 -> 0
C46: Aprovechamientos no comprendidos en | E46: 0 | F46: 0 | G46: 0 | H46: 0 | I46: 0 | J46: =+I46-E46 -> 0
C47: Participaciones y aportaciones | E47: 0 | F47: =+F48 -> 19162531 | G47: =+G48 -> 19162531 | H47: =+H48 -> 12574811 | I47: =+I48 -> 12574811 | J47: =+J48 -> 12574811
C48: Convenios | E48: 0 | F48: 19162531 | G48: =E48+F48 -> 19162531 | H48: 12574811 | I48: 12574811 | J48: =I48-E48 -> 12574811
D50: RECURSOS ESTATALES | E50: =+E51 -> 20513686 | F50: =+F51 -> 166960.36 | G50: =+G51 -> 20680646 | H50: =+H51 -> 15094824 | I50: =+I51 -> 15078249 | J50: =+J51 -> -5435436.6
C51: Transferencias, asignaciones, subsidios y | E51: =+E52 -> 20513686 | F51: =+F52 -> 166960.36 | G51: =+G52 -> 20680646 | H51: =+H52 -> 15094824 | I51: =+I52 -> 15078249 | J51: =+J52 -> -5435436.6
C52: Transferencias internas y asignaciones a sector publico | E52: 20513686 | F52: 166960.36 | G52: =E52+F52 -> 20680646 | H52: 15094824 | I52: 15078249 | J52: =I52-E52 -> -5435436.6
D54: OTROS RECURSOS | E54: 0 | F54: =+F55 -> 2163338.7 | G54: =+G55 -> 2163338.7 | H54: =+H55 -> 1621645 | I54: =+I55 -> 1621645 | J54: =+J55 -> 1621645
C55: Aprovechamientos | F55: =+F56 -> 2163338.7 | G55: =+G56 -> 2163338.7 | H55: =+H56 -> 1621645 | I55: =+I56 -> 1621645 | J55: =+J56 -> 1621645
C56: Aprovechamientos de tipo corriente | F56: =+F57 -> 2163338.7 | G56: =+E56+F56 -> 2163338.7 | H56: =+H57 -> 1621645 | I56: =+I57 -> 1621645 | J56: =+I56-E56 -> 1621645
C57: Aprovechamientos no comprendidos en | F57: 2163338.7 | G57: =E57+F57 -> 2163338.7 | H57: 1621645 | I57: 1621645 | J57: =+I57-E57 -> 1621645
D58: Total | E58: =+E35+E44+E50+E54 -> 20891516 | F58: =+F35+F44+F50+F54 -> 22131226 | G58: =+G35+G44+G50+G54 -> 43022742 | H58: =+H35+H44+H50+H54 -> 29605886 | I58: =+I35+I44+I50+I54 -> 29589311 | J58: =+J35+J44+J50+J54 -> 8697795.5
B59: Bajo protesta de decir verdad declaramos que los Estados Financieros y sus Notas son razonablemente correctos y responsabilidad del emisor | H59: Ingresos excedentes¹ | J59: =+J36+J45+J51+J55 -> -3953836.5
B61: ¹ Los ingresos excedentes se presentan para efectos de cumplimiento de la Ley General de Contabilidad Gubernamental y el importe reflejado debe ser siempre mayor a cero
D66: DR. RODRIGO CARRASCO RAMIREZ | H66: CP RAMIRO CONTRERAS RODRIGUEZ
D67: DIRECTOR GENERAL | H67: SUBDIRECTOR DE FINANZAS Y ADMINISTRACION

Sheet CAdmon
B2: ESTADO ANALÍTICO DEL EJERCICIO DEL PRESUPUESTO DE EGRESOS
B3: CLASIFICACIÓN ADMINISTRATIVA
B4: Del 1 de Enero al 30 de Septiembre de 2018
C6: Ente Público: | D6: INSTITUTO TECNOLOGICO SUPERIOR DE SALVATIERRA
B8: Concepto | D8: Egresos | K8: Subejercicio
D9: Aprobado | E9: Ampliaciones/ (Reducciones) | F9: Modificado | G9: Comprometido | H9: Devengado | I9: Ejercido | J9: Pagado
D10: 1 | E10: 2 | F10: 3 = (1 + 2 ) | G10: 4 | H10: 5 | I10: 6 | J10: 7 | K10: 6 = ( 3 - 5 )
C12: ENTIDADES PARAESTATALES | D12: 20891516 | E12: 22091226 | F12: =D12+E12 -> 42982742 | G12: 26588903 | H12: 22722731 | I12: 22722731 | J12: 22564722 | K12: =F12-H12 -> 20260011
D13: 0 | E13: 0 | F13: =+D13+E13 -> 0 | G13: 0 | H13: 0 | I13: 0 | J13: 0 | K13: =+F13-H13 -> 0
D14: 0 | E14: 0 | F14: =+D14+E14 -> 0 | G14: 0 | H14: 0 | I14: 0 | J14: 0 | K14: =+F14-H14 -> 0
D15: 0 | E15: 0 | F15: =+D15+E15 -> 0 | G15: 0 | H15: 0 | I15: 0 | J15: 0 | K15: =+F15-H15 -> 0
D16: 0 | E16: 0 | F16: =+D16+E16 -> 0 | G16: 0 | H16: 0 | I16: 0 | J16: 0 | K16: =+F16-H16 -> 0
D17: 0 | E17: 0 | F17: =+D17+E17 -> 0 | G17: 0 | H17: 0 | I17: 0 | J17: 0 | K17: =+F17-H17 -> 0
D18: 0 | E18: 0 | F18: =+D18+E18 -> 0 | G18: 0 | H18: 0 | I18: 0 | J18: 0 | K18: =+F18-H18 -> 0
D19: 0 | E19: 0 | F19: =+D19+E19 -> 0 | G19: 0 | H19: 0 | I19: 0 | J19: 0 | K19: =+F19-H19 -> 0
D20: 0 | E20: 0 | F20: 0 | G20: 0 | H20: 0 | I20: 0 | J20: 0 | K20: =+F20-H20 -> 0
C22: Total del Gasto | D22: =SUM(D12:D20) -> 20891516 | E22: =SUM(E12:E20) -> 22091226 | F22: =SUM(F12:F20) -> 42982742 | G22: =SUM(G12:G20) -> 26588903 | H22: =SUM(H12:H20) -> 22722731 | I22: =SUM(I12:I20) -> 22722731 | J22: =SUM(J12:J20) -> 22564722 | K22: =SUM(K12:K20) -> 20260011
B24: Bajo protesta de decir verdad declaramos que los Estados Financieros y sus Notas son razonablemente correctos y responsabilidad del emisor
C27: ________________________________________ | F27: ________________________________________
C28: DR. RODRIGO CARRASCO RAMIREZ | F28: CP RAMIRO CONTRERAS RODRIGUEZ
C29: DIRECTOR GENERAL | F29: SUBDIRECTOR DE FINANZAS Y ADMINISTRACION

Sheet CTG
B1: ESTADO ANALÍTICO DEL EJERCICIO DEL PRESUPUESTO DE EGRESOS
B2: CLASIFICACIÓN ECONÓMICA (POR TIPO DE GASTO)
B3: Del 1 de Enero al 30 de Septiembre de 2018
C5: Ente Público: | D5: INSTITUTO TECNOLOGICO SUPERIOR DE SALVATIERRA
B7: Concepto | D7: Egresos | K7: Subejercicio
D8: Aprobado | E8: Ampliaciones/ (Reducciones) | F8: Modificado | G8: Comprometido | H8: Devengado | I8: Ejercido | J8: Pagado
D9: 1 | E9: 2 | F9: 3 = (1 + 2 ) | G9: 4 | H9: 5 | I9: 6 | J9: 7 | K9: 6 = ( 3 - 5 )
C11: Gasto Corriente | D11: 20563686 | E11: 18566347 | F11: =+D11+E11 -> 39130033 | G11: 23639032 | H11: 22223524 | I11: 22223524 | J11: 22065515 | K11: =+F11-H11 -> 16906509
C13: Gasto de Capital | D13: 327830 | E13: 3524879 | F13: =+D13+E13 -> 3852709 | G13: 2949871.8 | H13: 499206.97 | I13: 499206.97 | J13: 499206.97 | K13: =+F13-H13 -> 3353502
C15: Amortización de la Deuda y Disminución de Pasivos | F15: =+D15+E15 -> 0 | K15: =+F15-H15 -> 0
C17: Total del Gasto | D17: =+D11+D13+D15 -> 20891516 | E17: =+E11+E13+E15 -> 22091226 | F17: =+F11+F13+F15 -> 42982742 | G17: =+G11+G13+G15 -> 26588903 | H17: =+H11+H13+H15 -> 22722731 | I17: =+I11+I13+I15 -> 22722731 | J17: =+J11+J13+J15 -> 22564722 | K17: =+K11+K13+K15 -> 20260011
C19: Bajo protesta de decir verdad declaramos que los Estados Financieros y sus Notas son razonablemente correctos y responsabilidad del emisor
D20: =IF(D17=CAdmon!D22," ","ERROR") | E20: =IF(E17=CAdmon!E22," ","ERROR") | F20: =IF(F17=CAdmon!F22," ","ERROR") | H20: =IF(H17=CAdmon!H22," ","ERROR") | J20: =IF(J17=CAdmon!J22," ","ERROR") | K20: =IF(K17=CAdmon!K22," ","ERROR")
F21: _______________________________________
C22: DR. RODRIGO CARRASCO RAMIREZ | F22: CP RAMIRO CONTRERAS RODRIGUEZ
C23: DIRECTOR GENERAL | F23: SUBDIRECTOR DE FINANZAS Y ADMINISTRACION

Sheet COG
B1: ESTADO ANALÍTICO DEL EJERCICIO DEL PRESUPUESTO DE EGRESOS
B2: CLASIFICACIÓN POR OBJETO DEL GASTO (CAPÍTULO Y CONCEPTO)
B3: Del 1 de Enero al 30 de Septiembre de 2018
C5: Ente Público: | D5: INSTITUTO TECNOLOGICO SUPERIOR DE SALVATIERRA
B7: Concepto | D7: Egresos | K7: Subejercicio
D8: Aprobado | E8: Ampliaciones/ (Reducciones) | F8: Modificado | G8: Comprometido | H8: Devengado | I8: Ejercido | J8: Pagado
D9: 1 | E9: 2 | F9: 3 = (1 + 2 ) | G9: 4 | H9: 5 | I9: 6 | J9: 7 | K9: 6 = ( 3 - 5 )
B10: Servicios Personales | D10: =SUM(D11:D17) -> 15608017 | E10: =SUM(E11:E17) -> 16027464 | F10: =SUM(F11:F17) -> 31635481 | G10: =SUM(G11:G17) -> 12364453 | H10: =SUM(H11:H17) -> 18422417 | I10: =SUM(I11:I17) -> 18264408 | J10: =SUM(J11:J17) -> 18264408 | K10: =SUM(K11:K17) -> 13213064
C11: Remuneraciones al personal de carácter permanente | D11: 10508792 | E11: 8479098.5 | F11: =D11+E11 -> 18987890 | G11: 9005021.9 | H11: 13360028 | I11: 13360028 | J11: 13360028 | K11: =F11-H11 -> 5627862.2
C12: Remuneraciones al personal de carácter transitorio | D12: 350000 | E12: 21513.61 | F12: =D12+E12 -> 371513.61 | G12: 170486.64 | H12: 251229.51 | I12: 251229.51 | J12: 251229.51 | K12: =F12-H12 -> 120284.1
C13: Remuneraciones adicionales y especiales | D13: 1661511.6 | E13: 2685272.8 | F13: =D13+E13 -> 4346784.4 | G13: 395361.14 | H13: 852297.1 | I13: 852297.1 | J13: 852297.1 | K13: =F13-H13 -> 3494487.3
C14: Seguridad Social | D14: 2381134.8 | E14: 2621405.2 | F14: =D14+E14 -> 5002540 | G14: 2062633.3 | H14: 2873096.8 | I14: 2715087.9 | J14: 2715087.9 | K14: =F14-H14 -> 2129443.2
C15: Otras prestaciones sociales y económicas | D15: 706578.93 | E15: 935095.95 | F15: =D15+E15 -> 1641674.9 | G15: 730949.81 | H15: 1085765.6 | I15: 1085765.6 | J15: 1085765.6 | K15: =F15-H15 -> 555909.27
C16: Previsiones | D16: 0 | E16: 0 | F16: =D16+E16 -> 0 | G16: 0 | H16: 0 | I16: =F16-G16 -> 0 | J16: 0
C17: Pago de estímulos a servidores públicos | D17: 0 | E17: 1285078 | F17: =D17+E17 -> 1285078 | G17: 0 | H17: 0 | I17: 0 | J17: 0 | K17: =F17-H17 -> 1285078
B19: Materiales y Suministros | D19: =SUM(D20:D28) -> 482850 | E19: =SUM(E20:E28) -> 995702.33 | F19: =SUM(F20:F28) -> 1478552.3 | G19: =SUM(G20:G28) -> 970475.79 | H19: =SUM(H20:H28) -> 589382.23 | I19: =SUM(I20:I28) -> 589382.23 | J19: =SUM(J20:J28) -> 589382.23 | K19: =SUM(K20:K28) -> 889170.1
C20: Materiales de administración, emisión de documentos y artículos oficiales | D20: 138350 | E20: 345046.2 | F20: =D20+E20 -> 483396.2 | G20: 208989.25 | H20: 162776.51 | I20: 162776.51 | J20: 162776.51 | K20: =F20-H20 -> 320619.69
C21: Alimentos y utensilios | D21: 17000 | E21: 32257.45 | F21: =D21+E21 -> 49257.45 | G21: 36970.81 | H21: 33763.99 | I21: 33763.99 | J21: 33763.99 | K21: =F21-H21 -> 15493.46
C22: Materias primas y materiales de producción y comercialización | D22: 1500 | E22: 6444 | F22: =D22+E22 -> 7944 | G22: 7943.38 | H22: 1383.4 | I22: 1383.4 | J22: 1383.4 | K22: =F22-H22 -> 6560.6
C23: Materiales y artículos de construcción y de reparación | D23: 45000 | E23: 124436.17 | F23: =D23+E23 -> 169436.17 | G23: 163510.57 | H23: 79103.85 | I23: 79103.85 | J23: 79103.85 | K23: =F23-H23 -> 90332.32
C24: Productos químicos, farmacéuticos y de laboratorio | D24: 64500 | E24: 38001.29 | F24: =D24+E24 -> 102501.29 | G24: 92561.96 | H24: 27210.66 | I24: 27210.66 | J24: 27210.66 | K24: =F24-H24 -> 75290.63
C25: Combustibles, lubricantes y aditivos | D25: 105000 | E25: 132238.8 | F25: =D25+E25 -> 237238.8 | G25: 183736.68 | H25: 153812.45 | I25: 153812.45 | J25: 153812.45 | K25: =F25-H25 -> 83426.35
C26: Vestuario, blancos, prendas de protección y artículos deportivos | D26: 55000 | E26: 105579.71 | F26: =D26+E26 -> 160579.71 | G26: 99209 | H26: 19420.89 | I26: 19420.89 | J26: 19420.89 | K26: =F26-H26 -> 141158.82
C27: Materiales y suministros para seguridad | D27: 0 | E27: 0 | F27: =D27+E27 -> 0 | G27: 0 | H27: 0 | I27: 0 | J27: 0 | K27: =F27-H27 -> 0
C28: Herramientas, refacciones y accesorios menores | D28: 56500 | E28: 211698.71 | F28: =D28+E28 -> 268198.71 | G28: 177554.14 | H28: 111910.48 | I28: 111910.48 | J28: 111910.48 | K28: =F28-H28 -> 156288.23
B29: Servicios Generales | D29: =SUM(D30:D38) -> 3350075 | E29: =SUM(E30:E38) -> 2462843.4 | F29: =+D29+E29 -> 5812918.4 | H29: =SUM(H30:H38) -> 3116757.1 | J29: =SUM(J30:J38) -> 3116757.1 | K29: =+F29-H29 -> 2696161.3
C30: Servicios básicos | D30: 577399 | E30: 363337.86 | F30: =D30+E30 -> 940736.86 | G30: 675289.7 | H30: 609726.15 | I30: 609726.15 | J30: 609726.15 | K30: =F30-H30 -> 331010.71
C31: Servicios de arrendamiento | D31: 180000 | E31: 121924.98 | F31: =D31+E31 -> 301924.98 | G31: 205762.98 | H31: 96364.98 | I31: 96364.98 | J31: 96364.98 | K31: =F31-H31 -> 205560
C32: Servicios profesionales, científicos, técnicos y otros servicios | D32: 567000 | E32: 276324 | F32: =D32+E32 -> 843324 | G32: 586856.97 | H32: 451856.97 | I32: 451856.97 | J32: 451856.97 | K32: =F32-H32 -> 391467.03
C33: Servicios financieros, bancarios y comerciales | D33: 30000 | E33: 71503.95 | F33: =D33+E33 -> 101503.95 | G33: 101503.95 | H33: 101503.95 | I33: 101503.95 | J33: 101503.95 | K33: =F33-H33 -> 0
C34: Servicios de instalación, reparación, mantenimiento y conservación | D34: 1135170 | E34: 689756.68 | F34: =D34+E34 -> 1824926.7 | G34: 1432282.5 | H34: 1086432.5 | I34: 1086432.5 | J34: 1086432.5 | K34: =F34-H34 -> 738494.17
C35: Servicios de comunicación social y publicidad | D35: 91500 | E35: 91500 | F35: =D35+E35 -> 183000 | G35: 157667.5 | H35: 12760 | I35: 12760 | J35: 12760 | K35: =F35-H35 -> 170240
C36: Servicios de traslado y viáticos | D36: 60750 | E36: 98968.29 | F36: =D36+E36 -> 159718.29 | G36: 138224.62 | H36: 72149.93 | I36: 72149.93 | J36: 72149.93 | K36: =F36-H36 -> 87568.36
C37: Servicios oficiales | D37: 175100 | E37: 100139.75 | F37: =D37+E37 -> 275239.75 | G37: 187605.9 | H37: 183536.9 | I37: 183536.9 | J37: 183536.9 | K37: =F37-H37 -> 91702.85
C38: Otros servicios generales | D38: 533156 | E38: 649387.86 | F38: =D38+E38 -> 1182543.9 | G38: 596640.06 | H38: 502425.7 | I38: 502425.7 | J38: 502425.7 | K38: =F38-H38 -> 680118.16
B39: Transferencias, Asignaciones, Subsidios y Otras Ayudas | D39: =SUM(D40:D40) -> 100000 | E39: =SUM(E40:E40) -> 97500 | F39: =+D39+E39 -> 197500 | H39: =SUM(H40:H40) -> 94967.32 | J39: =SUM(J40:J40) -> 94967.32 | K39: =+F39-H39 -> 102532.68
C40: Ayudas sociales | D40: 100000 | E40: 97500 | F40: =D40+E40 -> 197500 | G40: 147487.32 | H40: 94967.32 | I40: 94967.32 | J40: 94967.32 | K40: =F40-H40 -> 102532.68
B41: Bienes Muebles, Inmuebles e Intangibles | D41: =SUM(D42:D45) -> 327830 | E41: =SUM(E42:E45) -> 3524879 | F41: =SUM(F42:F45) -> 3852709 | G41: =SUM(G42:G45) -> 2949871.8 | H41: =SUM(H42:H45) -> 499206.97 | I41: =SUM(I42:I45) -> 499206.97 | J41: =SUM(J42:J45) -> 499206.97 | K41: =SUM(K42:K45) -> 3353502
C42: Mobiliario y equipo de administración | D42: 327830 | E42: 2032783.3 | F42: =D42+E42 -> 2360613.3 | G42: 1701342.3 | H42: 492343.54 | I42: 492343.54 | J42: 492343.54 | K42: =F42-H42 -> 1868269.7
C43: Mobiliario y equipo educacional y recreativo | E43: 76095.76 | F43: =D43+E43 -> 76095.76 | G43: 58511.43 | H43: 6863.43 | I43: 6863.43 | J43: 6863.43 | K43: =F43-H43 -> 69232.33
C44: Equipo e instrumental médico y de laboratorio | E44: 20000 | F44: =D44+E44 -> 20000 | G44: 0 | H44: 0 | I44: 0 | J44: 0 | K44: =F44-H44 -> 20000
C45: Maquinaria, otros equipos y herramientas | E45: 1396000 | F45: =D45+E45 -> 1396000 | G45: 1190018 | H45: 0 | I45: 0 | J45: 0 | K45: =F45-H45 -> 1396000
B46: Inversion publica | D46: =+D47 -> 0 | E46: =+E47 -> 0 | F46: =+F47 -> 0 | G46: =+G47 -> 0 | H46: =+H47 -> 0 | I46: =+I47 -> 0 | J46: =+J47 -> 0 | K46: =+K47 -> 0
C47: Obra pública en bienes propios
B48: Inversiones financieras y otras provisiones | D48: =SUM(D49:D50) -> 1022743.9 | E48: =SUM(E49:E50) -> -1017162.9 | F48: =SUM(F49:F50) -> 5581.04 | G48: =SUM(G49:G50) -> 0 | H48: =SUM(H49:H50) -> 0 | I48: =SUM(I49:I50) -> 0 | J48: =SUM(J49:J50) -> 0 | K48: =SUM(K49:K50) -> 5581.04
C49: Provisiones para contingencias y otras erogaciones especiales | D49: 1022743.9 | E49: -1017162.9 | F49: =D49+E49 -> 5581.04 | G49: 0 | H49: 0 | I49: 0 | J49: 0 | K49: =F49-H49 -> 5581.04
C50: Equipo de Comunicación y Telecomunicación | D50: 0 | E50: 0 | F50: =+D50+E50 -> 0 | J50: 0 | K50: =+F50-H50 -> 0
C51: Total del Gasto | D51: =+D10+D19+D29+D39+D41+D46+D48 -> 20891516 | E51: =+E10+E19+E29+E39+E41+E46+E48 -> 22091226 | F51: =+F10+F19+F29+F39+F41+F46+F48 -> 42982742 | G51: =+G10+G19+G29+G39+G41+G46+G48 -> 16284800 | H51: =+H10+H19+H29+H39+H41+H46+H48 -> 22722731 | I51: =+I10+I19+I29+I39+I41+I46+I48 -> 19352997 | J51: =+J10+J19+J29+J39+J41+J46+J48 -> 22564722 | K51: =+K10+K19+K29+K39+K41+K46+K48 -> 20260011
B53: Bajo protesta de decir verdad declaramos que los Estados Financieros y sus Notas son razonablemente correctos y responsabilidad del emisor
D55: =IF(D52=CAdmon!D37," ","ERROR") | E55: =IF(E52=CAdmon!E37," ","ERROR") | F55: =IF(F52=CAdmon!F37," ","ERROR") | H55: =IF(H52=CAdmon!H37," ","ERROR") | J55: =IF(J52=CAdmon!J37," ","ERROR") | K55: =IF(K52=CAdmon!K37," ","ERROR")
C56: _________________________________________ | F56: __________________________________________
C57: DR. RODRIGO CARRASCO RAMIREZ | F57: CP RAMIRO CONTRERAS RODRIGUEZ
C58: DIRECTOR GENERAL | F58: SUBDIRECTOR DE FINANZAS Y ADMINISTRACION

Sheet CFG
B1: ESTADO ANALÍTICO DEL EJERCICIO DEL PRESUPUESTO DE EGRESOS
B2: CLASIFICACIÓN FUNCIONAL (FINALIDAD Y FUNCIÓN)
B3: Del 01 de Enero al 30 de Septiembre de 2018
C5: Ente Público: | D5: INSTITUTO TECNOLOGICO SUPERIOR DE SALVATIERRA
B7: Concepto | D7: Egresos | K7: Subejercicio
D8: Aprobado | E8: Ampliaciones/ (Reducciones) | F8: Modificado | G8: Comprometido | H8: Devengado | I8: Ejercido | J8: Pagado
D9: 1 | E9: 2 | F9: 3 = (1 + 2 ) | G9: 4 | H9: 5 | I9: 6 | J9: 7 | K9: 6 = ( 3 - 5 )
B11: Gobierno | D11: =SUM(D12:D20) -> 0 | E11: =SUM(E12:E20) -> 0 | F11: =SUM(F12:F20) -> 0 | G11: =SUM(G12:G20) -> 0 | H11: =SUM(H12:H20) -> 0 | I11: =SUM(I12:I20) -> 0 | J11: =SUM(J12:J20) -> 0 | K11: =SUM(K12:K20) -> 0
C12: Legislación | K12: =+F12-H12 -> 0
C13: Justicia | F13: =+D13+E13 -> 0 | K13: =+F13-H13 -> 0
C14: Coordinación de la Política de Gobierno | F14: =+D14+E14 -> 0 | K14: =+F14-H14 -> 0
C15: Relaciones Exteriores | F15: =+D15+E15 -> 0 | K15: =+F15-H15 -> 0
C16: Asuntos Financieros y Hacendarios | F16: =+D16+E16 -> 0 | K16: =+F16-H16 -> 0
C17: Seguridad Nacional | F17: =+D17+E17 -> 0 | K17: =+F17-H17 -> 0
C18: Asuntos de Orden Público y de Seguridad Interior | F18: =+D18+E18 -> 0 | K18: =+F18-H18 -> 0
C19: Otros Servicios Generales | F19: =+D19+E19 -> 0 | K19: =+F19-H19 -> 0
F20: =+D20+E20 -> 0
B21: Desarrollo Social | D21: =SUM(D22:D28) -> 20891516 | E21: =SUM(E22:E28) -> 22091226 | F21: =+D21+E21 -> 42982742 | G21: 22722731 | H21: =SUM(H22:H28) -> 22722731 | I21: 22722731 | J21: =SUM(J22:J28) -> 22564722 | K21: =+F21-H21 -> 20260011
C22: Protección Ambiental | F22: =+D22+E22 -> 0 | K22: =+F22-H22 -> 0
C23: Vivienda y Servicios a la Comunidad | F23: =+D23+E23 -> 0 | K23: =+F23-H23 -> 0
C24: Salud | F24: =+D24+E24 -> 0 | K24: =+F24-H24 -> 0
C25: Recreación, Cultura y Otras Manifestaciones Sociales | F25: =+D25+E25 -> 0 | K25: =+F25-H25 -> 0
C26: Educación | D26: 20891516 | E26: 22091226 | F26: =+D26+E26 -> 42982742 | G26: 26588903 | H26: 22722731 | I26: 22722731 | J26: 22564722 | K26: =+F26-H26 -> 20260011
C27: Protección Social | F27: =+D27+E27 -> 0 | K27: =+F27-H27 -> 0
C28: Otros Asuntos Sociales | F28: =+D28+E28 -> 0 | K28: =+F28-H28 -> 0
F29: =+D29+E29 -> 0
B30: Desarrollo Económico | D30: =SUM(D31:D39) -> 0 | E30: =SUM(E31:E39) -> 0 | F30: =+D30+E30 -> 0 | H30: =SUM(H31:H39) -> 0 | J30: =SUM(J31:J39) -> 0 | K30: =+F30-H30-J30 -> 0
C31: Asuntos Económicos, Comerciales y Laborales en General | F31: =+D31+E31 -> 0 | K31: =+F31-H31 -> 0
C32: Agropecuaria, Silvicultura, Pesca y Caza | E32: =660673.36-660673.36 -> 0 | F32: =+D32+E32 -> 0 | K32: =+F32-H32-J32 -> 0
C33: Combustibles y Energía | F33: =+D33+E33 -> 0 | K33: =+F33-H33 -> 0
C34: Minería, Manufacturas y Construcción | F34: =+D34+E34 -> 0 | K34: =+F34-H34 -> 0
C35: Transporte | F35: =+D35+E35 -> 0 | K35: =+F35-H35 -> 0
C36: Comunicaciones | F36: =+D36+E36 -> 0 | K36: =+F36-H36 -> 0
C37: Turismo | F37: =+D37+E37 -> 0 | K37: =+F37-H37 -> 0
C38: Ciencia, Tecnología e Innovación | F38: =+D38+E38 -> 0 | K38: =+F38-H38 -> 0
C39: Otras Industrias y Otros Asuntos Económicos | F39: =+D39+E39 -> 0 | K39: =+F39-H39 -> 0
B41: Otras no Clasificadas en Funciones Anteriores | D41: =SUM(D42:D45) -> 0 | E41: =SUM(E42:E45) -> 0 | F41: =+D41+E41 -> 0 | H41: =SUM(H42:H45) -> 0 | J41: =SUM(J42:J45) -> 0 | K41: =+F41-H41 -> 0
C42: Transacciones de la Deuda Publica / Costo Financiero de la Deuda | F42: =+D42+E42 -> 0 | K42: =+F42-H42 -> 0
C43: Transferencias, Participaciones y Aportaciones entre Diferentes Niveles y Ordenes de Gobierno | F43: =+D43+E43 -> 0 | K43: =+F43-H43 -> 0
C44: Saneamiento del Sistema Financiero | F44: =+D44+E44 -> 0 | K44: =+F44-H44 -> 0
C45: Adeudos de Ejercicios Fiscales Anteriores | F45: =+D45+E45 -> 0 | K45: =+F45-H45 -> 0
C47: Total del Gasto | D47: =+D11+D21+D30+D41 -> 20891516 | E47: =+E11+E21+E30+E41 -> 22091226 | F47: =+F11+F21+F30+F41 -> 42982742 | G47: =+G11+G21+G30+G41 -> 22722731 | H47: =+H11+H21+H30+H41 -> 22722731 | I47: =+I11+I21+I30+I41 -> 22722731 | J47: =+J11+J21+J30+J41 -> 22564722 | K47: =+K11+K21+K30+K41 -> 20260011
B49: Bajo protesta de decir verdad declaramos que los Estados Financieros y sus Notas son razonablemente correctos y responsabilidad del emisor | F49: =IF(F47=CAdmon!F22," ","ERROR") | H49: =IF(H47=CAdmon!H22," ","ERROR") | J49: =IF(J47=CAdmon!J22," ","ERROR") | K49: =IF(K47=CAdmon!K22," ","ERROR")
C52: _________________________________________ | F52: __________________________________________
C53: DR. RODRIGO CARRASCO RAMIREZ | F53: CP RAMIRO CONTRERAS RODRIGUEZ
C54: DIRECTOR GENERAL | F54: SUBDIRECTOR DE FINANZAS Y ADMINISTRACION

Sheet EN
B1: ESTADO ANALÍTICO DEL EJERCICIO DEL PRESUPUESTO DE EGRESOS
B2: ENDEUDAMIENTO NETO
B3: Del 01 de Enero al 30 de Septiembre de 2018
D5: Ente Público: | E5: INSTITUTO TECNOLOGICO SUPERIOR DE SALVATIERRA
B7: Identificación de Crédito o Instrumento | D7: Contratación / Colocación | F7: Amortización | H7: Endeudamiento Neto
D8: A | F8: B | H8: C = A - B
B9: Créditos Bancarios
H10: =+D10-F10 -> 0
H11: =+D11-F11 -> 0
H12: =+D12-F12 -> 0
H13: =+D13-F13 -> 0
H14: =+D14-F14 -> 0
H15: =+D15-F15 -> 0
H16: =+D16-F16 -> 0
H17: =+D17-F17 -> 0
H18: =+D18-F18 -> 0
B19: Total Créditos Bancarios | D19: =SUM(D10:E18) -> 0 | F19: =SUM(F10:G18) -> 0 | H19: =+D19-F19 -> 0
B21: Otros Instrumentos de Deuda
H23: =+D23-F23 -> 0
H24: =+D24-F24 -> 0
H25: =+D25-F25 -> 0
H26: =+D26-F26 -> 0
H27: =+D27-F27 -> 0
H28: =+D28-F28 -> 0
H29: =+D29-F29 -> 0
H30: =+D30-F30 -> 0
B31: Total Otros Instrumentos de Deuda | D31: =SUM(D22:E30) -> 0 | F31: =SUM(F22:G30) -> 0 | H31: =+D31-F31 -> 0
B33: TOTAL | D33: =+D19+D31 -> 0 | F33: =+F19+F31 -> 0 | H33: =+H19+H31 -> 0
B35: Bajo protesta de decir verdad declaramos que los Estados Financieros y sus Notas son razonablemente correctos y responsabilidad del emisor
B38: _________________________________________ | F38: _______________________________________
B39: DR RODRIGO CARRASCO RAMIREZ | F39: CP RAMIRO CONTRERAS RODRIGUEZ
B40: DIRECTOR GENERAL | F40: SUBDIRECTOR DE FINANZAS Y ADMINISTRACION

Sheet ID
A1: ESTADO ANALÍTICO DEL EJERCICIO DEL PRESUPUESTO DE EGRESOS
A2: INTERESES DE LA DEUDA
A3: Del 01 Enero al 30 de Septiembre del 2018
A5: Ente Público: | C5: INSTITUTO TECNOLOGICO SUPERIOR DE SALVATIERRA
A7: Identificación de Crédito o Instrumento | C7: Devengado | D7: Pagado
A8: Créditos Bancarios
A19: Total de Intereses de Créditos Bancarios | C19: =SUM(C9:C18) -> 0 | D19: =SUM(D9:D18) -> 0
A21: Otros Instrumentos de Deuda
A34: Total de Intereses de Otros Instrumentos de Deuda | C34: =SUM(C22:C33) -> 0 | D34: =SUM(D22:D33) -> 0
A36: TOTAL | C36: =+C19+C34 -> 0 | D36: =+D19+D34 -> 0
A38: Bajo protesta de decir verdad declaramos que los Estados Financieros y sus Notas son razonablemente correctos y responsabilidad del emisor
A41: ________________________________________ | B41: _________________________________________
A42: DR. RODRIGO CARRASCO RAMIREZ | C42: CP RAMIRO CONTERAS RODRIGUEZ
A43: DIRECTOR GENERAL | C43: SUBDIRECTOR DE FINANZAS Y ADMINISTRACION

Sheet IPF
A1: ESTADO ANALÍTICO DEL EJERCICIO DEL PRESUPUESTO DE EGRESOS
A2: INDICADORES DE POSTURA FISCAL
A3: Del 01 de Enero al 30 de Septiembre de 2018
B6: Ente Público: INSTITUTO TECNOLOGICO SUPERIOR DE SALVATIERRA
A9: Concepto | C9: Estimado | D9: Devengado | E9: Pagado 3
B11: I. Ingresos Presupuestarios (I=1+2) | C11: =+C12+C13 -> 20891516 | D11: =+D12+D13 -> 29605886 | E11: =+E12+E13 -> 29589311
A12: 1. Ingresos del Gobierno de la Entidad Federativa 1 | C12: =+[1]EAI!E33 -> 0 | D12: =+[1]EAI!H33 -> 0 | E12: =+[1]EAI!I33 -> 0
A13: 2. Ingresos del Sector Paraestatal 1 | C13: 20891516 | D13: 29605886 | E13: 29589311
B14: II. Egresos Presupuestarios (II=3+4) | C14: =+C15+C16 -> 20891516 | D14: =+D15+D16 -> 22722731 | E14: =+E15+E16 -> 22564722
A15: 3. Egresos del Gobierno de la Entidad Federativa 2
A16: 4. Egresos del Sector Paraestatal 2 | C16: 20891516 | D16: 22722731 | E16: 22564722
B17: III. Balance Presupuestario (Superávit o Déficit) (III = I - II) | C17: =+C11-C14 -> 0 | D17: =+D11-D14 -> 6883155.9 | E17: =+E11-E14 -> 7024589.8
A19: Concepto | C19: Estimado | D19: Devengado | E19: Pagado 3
A21: III. Balance presupuestario (Superávit o Déficit) | C21: =+C17 -> 0 | D21: =+D17 -> 6883155.9 | E21: =+E17 -> 7024589.8
A23: IV. Intereses, Comisiones y Gastos de la Deuda
B25: V. Balance Primario ( Superávit o Déficit) (V= III - IV) | C25: =+C17-C23 -> 0 | D25: =+D21-D24 -> 6883155.9 | E25: =+E21-E24 -> 7024589.8
A27: Concepto | C27: Estimado | D27: Devengado | E27: Pagado 3
A29: A. Financiamiento | C29: =+[1]EAI!E52 -> 0 | D29: =+[1]EAI!H51 -> 0 | E29: =+[1]EAI!I54 -> 0
A31: B. Amortización de la deuda
B33: C. Endeudamiento ó desendeudamiento (C = A - B) | C33: =+C29-C31 -> 0 | D33: =+D29-D31 -> 0 | E33: =+E29-E31 -> 0
A35: Bajo protesta de decir verdad declaramos que los Estados Financieros y sus Notas son razonablemente correctos y responsabilidad del emisor
B36: 1 Los Ingresos que se presentan son los ingresos presupuestario totales sin incluir los ingresos por financiamientos. Los Ingresos del Gobierno de la Entidad Federativa corresponden a los del Poder Ejecutivo, Legislativo Judicial y Autónomos
B37: 2 Los egresos que se presentan son los egresos presupuestarios totales sin incluir los egresos por amortización. Los egresos del Gobierno de la Entidad Federativa corresponden a los del Poder Ejecutivo, Legislativo, Judicial y Órganos Autónomos
B38: 3 Para Ingresos se reportan los ingresos recaudados; para egresos se reportan los egresos pagados
B42: DR RODRIGO CARRASCO RAMIREZ | C42: CP RAMIRO CONTRERAS RODRIGUEZ
B43: DIRECTOR GENERAL | C43: SUBDIRECTOR DE FINANZAS Y ADMINISTRACION

Sheet CProg
B2: GASTO POR CATEGORIA PROGRAMÁTICA
B3: Del 1 de Enero al 30 de Septiembre de 2018
D5: Ente Público: | E5: INSTITUTO TECNOLOGICO SUPERIOR DE SALVATIERRA
B7: Concepto | E7: Egresos | L7: Subejercicio
E8: Aprobado | F8: Ampliaciones/ (Reducciones) | G8: Modificado | H8: Comprometido | I8: Devengado | J8: Ejercido | K8: Pagado
E9: 1 | F9: 2 | G9: 3 = (1 + 2 ) | H9: 4 | I9: 5 | J9: 6 | K9: 7 | L9: 6 = ( 3 - 5 )
B10: Programas
C11: Subsidios: Sector Social y Privado o Entidades Federativas y Municipios | E11: =SUM(E12:E13) -> 0 | F11: =SUM(F12:F13) -> 0 | G11: =SUM(G12:G13) -> 0 | H11: =SUM(H12:H13) -> 0 | I11: =SUM(I12:I13) -> 0 | J11: =SUM(J12:J13) -> 0 | K11: =SUM(K12:K13) -> 0 | L11: =SUM(L12:L13) -> 0
D12: Sujetos a Reglas de Operación | E12: 0 | F12: 0 | G12: =+E12+F12 -> 0 | H12: 0 | I12: 0 | J12: 0 | K12: 0 | L12: =+G12-I12 -> 0
D13: Otros Subsidios | L13: =+G13-I13 -> 0
C14: Desempeño de las Funciones | E14: =SUM(E15:E22) -> 19922334 | F14: =SUM(F15:F22) -> 21396585 | G14: =SUM(G15:G22) -> 41318919 | I14: =SUM(I15:I22) -> 21728588 | J14: =SUM(J15:J22) -> 21728588 | K14: =SUM(K15:K22) -> 21577384 | L14: =+G14-I14 -> 19590331
D15: Prestación de Servicios Públicos | E15: 15003960 | F15: 17041268 | G15: =F15+E15 -> 32045228 | I15: 16917571 | J15: 16917571 | K15: 16800491 | L15: =+G15-I15 -> 15127658
D16: Provisión de Bienes Públicos | F16: 0 | I16: 0 | J16: 0 | K16: 0 | L16: =+G16-I16 -> 0
D17: Planeación, seguimiento y evaluación de políticas públicas | E17: 4918374.3 | F17: 4355316.8 | G17: =F17+E17 -> 9273691 | I17: 4811017.3 | J17: 4811017.3 | K17: 4776892.5 | L17: =+G17-I17 -> 4462673.7
D18: Promoción y fomento | L18: =+G18-I18 -> 0
D19: Regulación y supervisión | L19: =+G19-I19 -> 0
D20: Funciones de las Fuerzas Armadas (Únicamente Gobierno Federal) | L20: =+G20-I20 -> 0
D21: Específicos | L21: =+G21-I21 -> 0
D22: Proyectos de Inversión | L22: =+G22-I22 -> 0
C23: Administrativos y de Apoyo | E23: =SUM(E24:E26) -> 969181.55 | F23: =SUM(F24:F26) -> 694640.78 | G23: =SUM(G24:G26) -> 1663822.3 | I23: =SUM(I24:I26) -> 994142.53 | J23: =SUM(J24:J26) -> 987337.88 | K23: =SUM(K24:K26) -> 987337.88 | L23: =+G23-I23 -> 669679.8
D24: Apoyo al proceso presupuestario y para mejorar la eficiencia institucional | E24: 969181.55 | F24: 694640.78 | G24: =F24+E24 -> 1663822.3 | I24: 994142.53 | J24: 987337.88 | K24: 987337.88 | L24: =+G24-I24 -> 669679.8
D25: Apoyo a la función pública y al mejoramiento de la gestión | L25: =+G25-I25 -> 0
D26: Operaciones ajenas | L26: =+G26-I26 -> 0
C27: Compromisos | E27: =SUM(E28:E29) -> 0 | L27: =+G27-I27 -> 0
D28: Obligaciones de cumplimiento de resolución jurisdiccional | L28: =+G28-I28 -> 0
D29: Desastres Naturales | L29: =+G29-I29 -> 0
C30: Obligaciones | E30: =SUM(E31:E34) -> 0 | L30: =+G30-I30 -> 0
D31: Pensiones y jubilaciones | L31: =+G31-I31 -> 0
D32: Aportaciones a la seguridad social | L32: =+G32-I32 -> 0
D33: Aportaciones a fondos de estabilización | L33: =+G33-I33 -> 0
D34: Aportaciones a fondos de inversión y reestructura de pensiones | L34: =+G34-I34 -> 0
C35: Programas de Gasto Federalizado (Gobierno Federal) | E35: =SUM(E36) -> 0 | L35: =+G35-I35 -> 0
D36: Gasto Federalizado | L36: =+G36-I36 -> 0
B37: Participaciones a entidades federativas y municipios | L37: =+G37-I37 -> 0
B38: Costo financiero, deuda o apoyos a deudores y ahorradores de la banca | L38: =+G38-I38 -> 0
B39: Adeudos de ejercicios fiscales anteriores | L39: =+G39-I39 -> 0
C41: Total del Gasto | E41: =+E11+E14+E23+E27+E30+E35+E37+E38+E39 -> 20891516 | F41: =+F11+F14+F23+F27+F30+F35+F37+F38+F39 -> 22091226 | G41: =+G11+G14+G23+G27+G30+G35+G37+G38+G39 -> 42982742 | H41: =+H11+H14+H23+H27+H30+H35+H37+H38+H39 -> 0 | I41: =+I11+I14+I23+I27+I30+I35+I37+I38+I39 -> 22722731 | J41: =+J11+J14+J23+J27+J30+J35+J37+J38+J39 -> 22715926 | K41: =+K11+K14+K23+K27+K30+K35+K37+K38+K39 -> 22564722 | L41: =+L11+L14+L23+L27+L30+L35+L37+L38+L39 -> 20260011
B43: Bajo protesta de decir verdad declaramos que los Estados Financieros y sus Notas son razonablemente correctos y responsabilidad del emisor
D46: _________________________________________ | G46: _________________________________________
D47: DR. RODRIGO CARRASCO RAMIREZ | G47: CP RAMIRO CONTRERAS RODRIGUEZ
D48: DIRECTOR GENERAL | G48: SUBDIRECTOR DE FINANZAS Y ADMINISTRACION

Sheet PyPI
B2: PROGRAMAS Y PROYECTOS DE INVERSIÓN
B3: Del 1 de Enero al 30 de Septiembre 2018
D5: Ente Público: | E5: INSTITUTO TECNOLOGICO SUPERIOR DE SALVATIERRA
B7: Tipo de Programas y Proyectos | E7: Programa o Proyecto | G7: UR | H7: Egresos | O7: Subejercicio | P7: % Avance Financiero
F8: Denominación | H8: Aprobado | I8: Ampliaciones/ (Reducciones) | J8: Modificado | K8: Comprometido | L8: Devengado | M8: Ejercido | N8: Pagado | P8: Devengado/ Aprobado | Q8: Devengado/ Modificado
H9: 1 | I9: 2 | J9: 3 = (1 + 2 ) | K9: 4 | L9: 5 | M9: 6 | N9: 7 | O9: 6 = ( 3 - 5 ) | P9: 5/1 | Q9: 5/3
H11: 0 | I11: =SUM(I12:I21) -> 601822.68 | J11: =+H11+I11 -> 601822.68 | K11: =+K12 -> 123772 | L11: =+L12+L15 -> 129254.48 | M11: =+M12 -> 123772 | N11: =+N12 -> 123772 | O11: =+J11-L11 -> 472568.2 | P11: =L11/H11 -> #DIV/0! | Q11: =L11/J11 -> 0.2147717
D12: Ampliación del servicio de voz y datos en las instalaciones del Itess | E12: Q0289 | F12: Infraestructura del Instituto Tecnológico de Salvatierra | G12: 3044 | H12: 0 | I12: 123772 | J12: 123772 | K12: 123772 | L12: 123772 | M12: 123772 | N12: 123772 | O12: =+J12-L12 -> 0 | P12: =L12/H12 -> #DIV/0! | Q12: =+L12/J12 -> 1
D13: Equipamiento de electrónica y comunicaciones | E13: Q0289 | F13: Infraestructura del Instituto Tecnológico de Salvatierra | G13: 3044 | I13: 175783.34 | J13: 175783.34 | K13: 55783.24 | L13: 0 | M13: 0 | N13: 0 | O13: =+J13-L13 -> 175783.34 | P13: =L13/H13 -> #DIV/0! | Q13: =+L13/J13 -> 0
D14: Equipamiento del laboratorio de manufactura | E14: Q0289 | F14: Infraestructura del Instituto Tecnológico de Salvatierra | G14: 3044 | I14: 296095.76 | J14: 296095.76 | K14: 296095.72 | L14: 0 | M14: 0 | N14: 0 | O14: =+J14-L14 -> 296095.76 | P14: =L14/H14 -> #DIV/0! | Q14: =+L14/J14 -> 0
D15: Equipamiento del laboratorio de simulación de negocios | E15: Q0289 | F15: Infraestructura del Instituto Tecnológico de Salvatierra | G15: 3044 | I15: 6171.58 | J15: 6171.58 | K15: 5482.48 | L15: 5482.48 | M15: 5482.48 | N15: 1917.24 | O15: =+J15-L15 -> 689.1 | P15: =L15/H15 -> #DIV/0! | Q15: =L15/J15 -> 0.88834302
O16: =+H16-L16 -> 0 | P16: =L16/H16 -> #DIV/0! | Q16: =L16/J16 -> #DIV/0!
O17: =+H17-L17 -> 0 | P17: =L17/H17 -> #DIV/0! | Q17: =L17/J17 -> #DIV/0!
O18: =+H18-L18 -> 0 | P18: =L18/H18 -> #DIV/0! | Q18: =L18/J18 -> #DIV/0!
O19: =+H19-L19 -> 0 | P19: =L19/H19 -> #DIV/0! | Q19: =L19/J19 -> #DIV/0!
O20: =+H20-L20 -> 0 | P20: =L20/H20 -> #DIV/0! | Q20: =L20/J20 -> #DIV/0!
O21: =+H21-L21 -> 0 | P21: =L21/H21 -> #DIV/0! | Q21: =L21/J21 -> #DIV/0!
O22: =+H22-L22 -> 0 | P22: =L22/H22 -> #DIV/0! | Q22: =L22/J22 -> #DIV/0!
E23: =SUM(E24:E26) -> 0 | G23: =SUM(G24:G26) -> 0 | L23: =SUM(L24:L26) -> 0 | N23: =SUM(N24:N26) -> 0 | O23: =+H23-L23 -> 0 | P23: =L23/H23 -> #DIV/0! | Q23: =L23/J23 -> #DIV/0!
O24: =+H24-L24 -> 0 | P24: =L24/H24 -> #DIV/0! | Q24: =L24/J24 -> #DIV/0!
O25: =+H25-L25 -> 0 | P25: =L25/H25 -> #DIV/0! | Q25: =L25/J25 -> #DIV/0!
O26: =+H26-L26 -> 0 | P26: =L26/H26 -> #DIV/0! | Q26: =L26/J26 -> #DIV/0!
E27: =SUM(E28:E29) -> 0 | G27: =SUM(G28:G29) -> 0 | L27: =SUM(L28:L29) -> 0 | N27: =SUM(N28:N29) -> 0 | O27: =+H27-L27 -> 0 | P27: =L27/H27 -> #DIV/0! | Q27: =L27/J27 -> #DIV/0!
O28: =+H28-L28 -> 0 | P28: =L28/H28 -> #DIV/0! | Q28: =L28/J28 -> #DIV/0!
O29: =+H29-L29 -> 0 | P29: =L29/H29 -> #DIV/0! | Q29: =L29/J29 -> #DIV/0!
E30: =SUM(E31:E34) -> 0 | G30: =SUM(G31:G34) -> 0 | L30: =SUM(L31:L34) -> 0 | N30: =SUM(N31:N34) -> 0 | O30: =+H30-L30 -> 0 | P30: =L30/H30 -> #DIV/0! | Q30: =L30/J30 -> #DIV/0!
O31: =+H31-L31 -> 0 | P31: =L31/H31 -> #DIV/0! | Q31: =L31/J31 -> #DIV/0!
O32: =+H32-L32 -> 0 | P32: =L32/H32 -> #DIV/0! | Q32: =L32/J32 -> #DIV/0!
O33: =+H33-L33 -> 0 | P33: =L33/H33 -> #DIV/0! | Q33: =L33/J33 -> #DIV/0!
O34: =+H34-L34 -> 0 | P34: =L34/H34 -> #DIV/0! | Q34: =L34/J34 -> #DIV/0!
E35: =SUM(E36) -> 0 | G35: =SUM(G36) -> 0 | L35: =SUM(L36) -> 0 | N35: =SUM(N36) -> 0 | O35: =+H35-L35 -> 0 | P35: =L35/H35 -> #DIV/0! | Q35: =L35/J35 -> #DIV/0!
O36: =+H36-L36 -> 0 | P36: =L36/H36 -> #DIV/0! | Q36: =L36/J36 -> #DIV/0!
O37: =+H37-L37 -> 0 | P37: =L37/H37 -> #DIV/0! | Q37: =L37/J37 -> #DIV/0!
O38: =+H38-L38 -> 0 | P38: =L38/H38 -> #DIV/0! | Q38: =L38/J38 -> #DIV/0!
O39: =+H39-L39 -> 0 | P39: =L39/H39 -> #DIV/0! | Q39: =L39/J39 -> #DIV/0!
C41: Total del Gasto | E41: 0 | F41: 0 | G41: 0 | H41: 0 | I41: =SUM(I12:I40) -> 601822.68 | J41: =SUM(J12:J40) -> 601822.68 | K41: =SUM(K12:K40) -> 481133.44 | L41: =SUM(L12:L40) -> 129254.48 | M41: =SUM(M12:M40) -> 129254.48 | N41: =SUM(N12:N40) -> 125689.24 | O41: =SUM(O12:O40) -> 472568.2 | P41: =SUM(P12:P40) -> #DIV/0! | Q41: =SUM(Q12:Q40) -> #DIV/0!
B43: Bajo protesta de decir verdad declaramos que los Estados Financieros y sus Notas son razonablemente correctos y responsabilidad del emisor
B46: ________________________________________ | H46: ____________________________________
C47: DR. RODRIGO CARRASCO RAMIREZ | H47: CP RAMIRO CONTRERAS RODRIGUEZ
C48: DIRECTOR GENERAL | H48: SUBDIRECTOR DE FINANZAS Y ADMINISTRACION

Sheet IR
B1: INDICADORES PARA RESULTADOS
B3: Del 1 de Enero al 30 de Septiembre de 2018
D5: Ente Público: | E5: INSTITUTO TECNOLOGICO SUPERIOR DE SALVATIERRA
B7: PROGRAMA DE GOBIERNO | D7: CATEGORÍA PROGRAMÁTICA | I7: INDICADORES | P7: METAS | U7: PRESUPUESTO (PESOS)
B8: Eje | C8: Estrategia Transversal | D8: F | E8: FN | F8: SF | G8: PP | H8: UR | I8: Denominación del Indicador | J8: Nivel | K8: Tipo | L8: Dimensión a Medir | M8: Frecuencia de Medición | N8: Unidad de Medida | O8: Fórmula | P8: Programada | Q8: Modificada | R8: Alcanzada | S8: Porcentaje de Cumplimiento | U8: Aprobado | V8: Modificado | W8: Devengado | X8: Porcentaje de Presupuesto
S9: Alc. / Prog. | T9: Alc. / Modif. | X9: Dev. / Aprob. | Y9: Dev. / Modif.
B10: 3044 | C10: Porcentaje de usuarios satisfechos con el servicio proporcionado por el área de servicios y suministros. | D10: 02 | E10: 05 | F10: 03 | G10: G1072.0401 | H10: 3044 | I10: Porcentaje de usuarios satisfechos con el servicio proporcionado por el área de servicios y suministros. | J10: NA | K10: GESTIÓN | L10: EFICIENCIA | M10: ANUAL | N10: PORCENTAJE | O10: SATISFACCIÓN DE SERVICIOS/SERVICIOS PRESTADOS | P10: 90 | Q10: 90 | R10: 0 | S10: =R10/P10 -> 0 | T10: =R10/Q10 -> 0 | U10: 423273.32 | V10: 831561.8 | W10: 508298 | X10: =W10/U10 -> 1.2008742 | Y10: =W10/V10 -> 0.61125703
B11: 3044 | C11: Solicitudes de ajustes presupuestales efectuadas. | D11: 02 | E11: 05 | F11: 03 | G11: G1072.0401 | H11: 3044 | I11: Solicitudes de ajustes presupuestales efectuadas. | J11: NA | K11: GESTIÓN | L11: EFICIENCIA | M11: ANUAL | N11: SOLICITUDES | O11: SUMATORIA DE SOLICITUDES | P11: 12 | Q11: 12 | R11: 9 | S11: =R11/P11 -> 0.75 | T11: =R11/Q11 -> 0.75 | U11: 423273.32 | V11: 831561.81 | W11: 508298 | X11: =W11/U11 -> 1.2008742 | Y11: =W11/V11 -> 0.61125703
B12: 3044 | C12: Presupuesto ejercido respecto al modificado. | D12: 02 | E12: 05 | F12: 03 | G12: G1072.0401 | H12: 3044 | I12: Presupuesto ejercido respecto al modificado. | J12: NA | K12: GESTIÓN | L12: EFICIENCIA | M12: ANUAL | N12: PRESUPUESTO | O12: PORCENTAJE DE PRESUPUESTO EJERCUIDO SOBRE MODIFICADO | P12: 95 | Q12: 95 | R12: 53.19 | S12: =R12/P12 -> 0.55989474 | T12: =R12/Q12 -> 0.55989474 | U12: 423273.32 | V12: 831561.81 | W12: 508298.01 | X12: =W12/U12 -> 1.2008742 | Y12: =W12/V12 -> 0.61125704
B13: 3044 | C13: Estrategias implementadas para la mejora institucional. | D13: 02 | E13: 05 | F13: 03 | G13: G1131.0301 | H13: 3044 | I13: Estrategias implementadas para la mejora institucional. | J13: NA | K13: GESTIÓN | L13: EFICIENCIA | M13: ANUAL | N13: ESTRATEGIAS | O13: SUMATORIA DE ESTRATAEGIAS | P13: 4 | Q13: 4 | R13: 4 | S13: =R13/P13 -> 1 | T13: =R13/Q13 -> 1 | U13: 941758.65 | V13: 1829806.3 | W13: 751615.31 | X13: =W13/U13 -> 0.79809759 | Y13: =W13/V13 -> 0.41076222
B14: 3044 | C14: Porcentaje de metas alineadas a los programas estatales y federales | D14: 02 | E14: 05 | F14: 03 | G14: G1131.0301 | H14: 3044 | I14: Porcentaje de metas alineadas a los programas estatales y federales | J14: NA | K14: GESTIÓN | L14: EFICIENCIA | M14: ANUAL | N14: PROGRAMAS | O14: SUMATORIA DE PROCESOS | P14: 100 | Q14: 100 | R14: 100 | S14: =R14/P14 -> 1 | T14: =R14/Q14 -> 1 | U14: 941758.65 | V14: 1829806.3 | W14: 751615.32 | X14: =W14/U14 -> 0.7980976 | Y14: =W14/V14 -> 0.41076223
B15: 3044 | C15: Porcentaje de avances en metas y entregables capturados en tiempo y forma en el sistema de evaluación al desempeño –SED. | D15: 02 | E15: 05 | F15: 03 | G15: G2059 | H15: 3044 | I15: Porcentaje de avances en metas y entregables capturados en tiempo y forma en el sistema de evaluación al desempeño –SED. | J15: NA | K15: GESTIÓN | L15: EFICIENCIA | M15: ANUAL | N15: PORCENTAJE | O15: PORCENTAJE DE AVANCE DE METAS | P15: 100 | Q15: 100 | R15: 136 | S15: =R15/P15 -> 1.36 | T15: =R15/Q15 -> 1.36 | U15: 323060.52 | V15: 554607.44 | W15: 331380.84 | X15: =W15/U15 -> 1.0257547 | Y15: =W15/V15 -> 0.59750522
B16: 3044 | C16: Reporte sobre las principales estrategias implementadas en el instituto para el cumplimiento de metas. | D16: 02 | E16: 05 | F16: 03 | G16: G2059 | H16: 3044 | I16: Reporte sobre las principales estrategias implementadas en el instituto para el cumplimiento de metas. | J16: NA | K16: GESTIÓN | L16: EFICIENCIA | M16: ANUAL | N16: REPORTES | O16: SUMATORIA DE REPORTES | P16: 4 | Q16: 4 | R16: 3 | S16: =R16/P16 -> 0.75 | T16: =R16/Q16 -> 0.75 | U16: 323060.52 | V16: 554607.44 | W16: 331380.84 | X16: =W16/U16 -> 1.0257547 | Y16: =W16/V16 -> 0.59750522
B17: 3044 | C17: Porcentaje de avance global de los indicadores que son responsabilidad de la institución. | D17: 02 | E17: 05 | F17: 03 | G17: G2059 | H17: 3044 | I17: Porcentaje de avance global de los indicadores que son responsabilidad de la institución. | J17: NA | K17: GESTIÓN | L17: EFICIENCIA | M17: ANUAL | N17: PORCENTAJE | O17: PORCENTAJE DE AVANCE EN INDICADORES | P17: 90 | Q17: 90 | R17: 70 | S17: =R17/P17 -> 0.77777778 | T17: =R17/Q17 -> 0.77777778 | U17: 323060.52 | V17: 554607.45 | W17: 331380.85 | X17: =W17/U17 -> 1.0257547 | Y17: =W17/V17 -> 0.59750523
B18: 3044 | C18: Especialidades ofertadas con reconocimiento del Tecnológico Nacional de México | D18: 02 | E18: 05 | F18: 03 | G18: P0728 | H18: 3044 | I18: Especialidades ofertadas con reconocimiento del Tecnológico Nacional de México | J18: c1. Servicios de vinculación con el entorno fortalecidos (servicio social, estadías, seguimiento a egresados) (ii.2.4). | K18: ESTRATÉGICO | L18: EFICIENCIA | M18: ANUAL | N18: EXPEDIENTE | O18: SUMATORIA DE EXPEDIENTES | P18: 4 | Q18: 4 | R18: 4 | S18: =R18/P18 -> 1 | T18: =R18/Q18 -> 1 | U18: 441990.73 | V18: 820928.84 | W18: 527731.58 | X18: =W18/U18 -> 1.1939879 | Y18: =W18/V18 -> 0.64284692
B19: 3044 | C19: Licenciaturas ofertadas con reconocimiento del Tecnológico Nacional de México | D19: 02 | E19: 05 | F19: 03 | G19: P0729 | H19: 3044 | I19: Licenciaturas ofertadas con reconocimiento del Tecnológico Nacional de México | J19: C1. Servicios educativos ofertados. | K19: ESTRATÉGICO | L19: EFICIENCIA | M19: ANUAL | N19: EXPEDIENTE | O19: SUMATORIA DE EXPEDIENTES | P19: 5 | Q19: 5 | R19: 5 | S19: =R19/P19 -> 1 | T19: =R19/Q19 -> 1 | U19: 5509393.1 | V19: 11486805 | W19: 6391774.8 | X19: =W19/U19 -> 1.1601595 | Y19: =W19/V19 -> 0.55644498
B20: 3044 | C20: Asignaturas ofertadas en línea . | D20: 02 | E20: 05 | F20: 03 | G20: P0729 | H20: 3044 | I20: Asignaturas ofertadas en línea . | J20: C1. Servicios educativos ofertados. | K20: ESTRATÉGICO | L20: EFICIENCIA | M20: ANUAL | N20: EXPEDIENTE | O20: SUMATORIA DE EXPEDIENTES | P20: 10 | Q20: 10 | R20: 10 | S20: =R20/P20 -> 1 | T20: =R20/Q20 -> 1 | U20: 5509393.1 | V20: 11486805 | W20: 6391774.8 | X20: =W20/U20 -> 1.1601595 | Y20: =W20/V20 -> 0.55644498
B21: 3044 | C21: Evaluación técnica de atención a los estudiantes (académicos, riesgo de reprobación, deserción y reprobación) realizada | D21: 02 | E21: 05 | F21: 03 | G21: P0730 | H21: 3044 | I21: Evaluación técnica de atención a los estudiantes (académicos, riesgo de reprobación, deserción y reprobación) realizada | J21: c4. Apoyo académico y/o psicosocial a alumnos en riesgo de deserción o reprobación otorgados (ii.1.6). | K21: ESTRATÉGICO | L21: EFICIENCIA | M21: ANUAL | N21: EXPEDIENTE | O21: SUMATORIA DE EXPEDIENTES | P21: 2 | Q21: 2 | R21: 1 | S21: =R21/P21 -> 0.5 | T21: =R21/Q21 -> 0.5 | U21: 78136.555 | V21: 150889.14 | W21: 98700.01 | X21: =W21/U21 -> 1.2631733 | Y21: =W21/V21 -> 0.65412269
... B44: 3044 | C44: Empresas vinculadas con el Programa de Formación Dual | D44: 02 | E44: 05 | F44: 03 | G44: P2802 | H44: 3044 | I44: Empresas vinculadas con el Programa de Formación Dual | J44: INSERCIÓN LABORAL ) J. Programas de formación dual escuela-empresa ofertados en Educación Superior (II.2.6). ITESS | K44: ESTRATÉGICO | L44: EFICIENCIA | M44: ANUAL | N44: EXPEDIENTE | O44: SUMATORIA DE EMPRESAS | P44: 10 | Q44: 10 | R44: 5 | S44: =R44/P44 -> 0.5 | T44: =R44/Q44 -> 0.5 | U44: 247842.41 | V44: 1283256.5 | W44: 281004.23 | X44: =W44/U44 -> 1.133802 | Y44: =W44/V44 -> 0.21897745
B45: 3044 | C45: Ampliación del servicio de voz y datos en las instalaciones del Itess | D45: 02 | E45: 05 | F45: 03 | G45: Q0289 | H45: 3044 | I45: Ampliación del servicio de voz y datos en las instalaciones del Itess | J45: c1. Servicios de vinculación con el entorno fortalecidos (servicio social, estadías, seguimiento a egresados) (ii.2.4). | K45: ESTRATÉGICO | L45: EFICIENCIA | M45: ANUAL | N45: Equipamiento | O45: Sumatoria de equipamientos | P45: 0 | Q45: 1 | R45: 0 | S45: #DIV/0! | T45: 0 | U45: 0 | V45: 123772 | W45: 123772 | X45: =W45/U45 -> #DIV/0! | Y45: =W45/V45 -> 1
B46: 3044 | C46: Equipamiento de electrónica y comunicaciones | D46: 02 | E46: 05 | F46: 03 | G46: Q0289 | H46: 3044 | I46: Equipamiento de electrónica y comunicaciones | J46: c1. Servicios de vinculación con el entorno fortalecidos (servicio social, estadías, seguimiento a egresados) (ii.2.4). | K46: ESTRATÉGICO | L46: EFICIENCIA | M46: ANUAL | N46: Equipamiento | O46: Sumatoria de equipamientos | P46: 0 | Q46: 1 | R46: 0 | S46: #DIV/0! | T46: 0 | U46: 0 | V46: 175783.34 | X46: =W46/U46 -> #DIV/0! | Y46: =W46/V46 -> 0
B47: 3044 | C47: Equipamiento del laboratorio de manufactura | D47: 02 | E47: 05 | F47: 03 | G47: Q0289 | H47: 3044 | I47: Equipamiento del laboratorio de manufactura | J47: c1. Servicios de vinculación con el entorno fortalecidos (servicio social, estadías, seguimiento a egresados) (ii.2.4). | K47: ESTRATÉGICO | L47: EFICIENCIA | M47: ANUAL | N47: Equipamiento | O47: Sumatoria de equipamientos | P47: 0 | Q47: 1 | R47: 0 | S47: #DIV/0! | T47: 0 | U47: 0 | V47: 296095.76 | X47: =W47/U47 -> #DIV/0! | Y47: =W47/V47 -> 0
B48: 3044 | C48: Equipamiento de un Laboratorio de Simulación de Negocios | D48: 02 | E48: 05 | F48: 03 | G48: Q0289 | H48: 3044 | I48: Equipamiento de un Laboratorio de Simulación de Negocios | J48: c1. Servicios de vinculación con el entorno fortalecidos (servicio social, estadías, seguimiento a egresados) (ii.2.4). | K48: ESTRATÉGICO | L48: EFICIENCIA | M48: ANUAL | N48: Equipamiento | O48: Sumatoria de equipamientos | P48: 0 | Q48: 1 | R48: 0 | S48: #DIV/0! | V48: 6171.58 | W48: 5482.48 | X48: =W48/U48 -> #DIV/0! | Y48: =W48/V48 -> 0.88834302
C49: Total del Gasto | I49: 0 | J49: 0 | K49: 0 | L49: 0 | M49: 0 | N49: 0 | O49: 0 | S49: 0 | T49: 0 | U49: =SUM(U10:U48) -> 20891516 | V49: =SUM(V10:V48) -> 42982742 | W49: =SUM(W10:W48) -> 22722731 | X49: =W49/U49 -> 1.0876535 | Y49: =W49/V49 -> 0.52864777
B51: Bajo protesta de decir verdad declaramos que los Estados Financieros y sus Notas son razonablemente correctos y responsabilidad del emisor
C54: _________________________________ | P54: __________________________________________
C55: DR. RODRIGO CARRASCO RAMIREZ | S55: CP RAMIRO CONTRERAS RODRIGUEZ
C56: DIRECTOR GENERAL | P56: SUBDIRECTOR DE FINANZAS Y ADMINISTRACION

Sheet Rel Cta Banc
A2: RELACIÓN DE CUENTAS BANCARIAS PRODUCTIVAS ESPECÍFICAS | H2: RELACIÓN DE CUENTAS BANCARIAS PRODUCTIVAS ESPECÍFICAS
A3: Al 30 de Septiembre del 2018 | H3: Al 30 de Junio del 2018
A6: Ente Público: INSTITUTO TECNOLOGICO SUPERIOR DE SALVATIERRA | H6: Ente Público: INSTITUTO TECNOLOGICO SUPERIOR DE SALVATIERRA
A8: Fondo, Programa o Convenio | B8: Datos de la Cuenta Bancaria | H8: Fondo, Programa o Convenio | I8: Datos de la Cuenta Bancaria
B9: Institución Bancaria | C9: Número de Cuenta | I9: Institución Bancaria | J9: Número de Cuenta
A10: FONDO DE CONTINGENCIA | B10: BBVA BANCOMER | C10: 0170041602 | H10: FONDO DE CONTINGENCIA | I10: BBVA BANCOMER | J10: 0170041602
A11: MINISTRACION FEDERAL | B11: BBVA BANCOMER | C11: 0170667250 | H11: MINISTRACION FEDERAL | I11: BBVA BANCOMER | J11: 0170667250
A12: MINISTRACION ESTATAL | B12: BBVA BANCOMER | C12: 0170037133 | H12: Ministración AOE ITS 14 | I12: BBVA BANCOMER | J12: 0199947442
A13: Ministración Federal | B13: BBVA BANCOMER | C13: 0186849709 | H13: Ministración PEOEEMYS ITS 14 | I13: BBVA BANCOMER | J13: 0199947558
A14: Ministración CONCYTEG | B14: BBVA BANCOMER | C14: 0199631585 | H14: Ministración PROXOE | I14: BBVA BANCOMER | J14: 0102834634
A15: Ministración 100% IMPUESTO SOBRE NOMINA | B15: BBVA BANCOMER | C15: 0199947469 | H15: PRODEP 2017 | I15: BANAMEX | J15: 104442739
A16: Ministración AOE ITS 14 | B16: BBVA BANCOMER | C16: 0199947442
A17: Ministración PEOEEMYS ITS 14 | B17: BBVA BANCOMER | C17: 0199947558
A18: Ministración FONDO DE FISCALIZACION | B18: BBVA BANCOMER | C18: 0199947493
A19: Ministración PROXOE | B19: BBVA BANCOMER | C19: 0102834200
A20: Ministración PROXOE | B20: BBVA BANCOMER | C20: 0102834634
A21: Ministración "Diplomado ITSS-SDAYR" | B21: BBVA BANCOMER | C21: 0109401423
A22: Programa Manejo y Control del pulgón amarillo del Sorgo | B22: BBVA BANCOMER | C22: 0110432318
A23: PRODEP 2017 | B23: BANAMEX | C23: 104442739
A24: PRODIES 2018 | B24: BBVA BANCOMER | C24: 0112150344
A26: Bajo protesta de decir verdad declaramos que los Estados Financieros y sus Notas son razonablemente correctos y responsabilidad del emisor | H26: Bajo protesta de decir verdad declaramos que los Estados Financieros y sus Notas son razonablemente correctos y responsabilidad del emisor
A31: __________________________________________ | H31: __________________________________________
A32: DR. RODRIGO CARRASCO RAMIREZ | C32: CP RAMIRO CONTERAS RODRIGUEZ
A33: DIRECTOR GENERAL | C33: SUBDIRECTOR DE FINANZAS Y ADMINISTRACION

Sheet Esq Bur
A2: RELACIÓN DE ESQUEMAS BURSÁTILES Y DE COBERTURAS FINANCIERAS
A3: Al 30 de Septiembre del 2018
A6: Ente Público: INSTITUTO TECNOLOGICO SUPERIOR DE SALVATIERRA
A8: Instrumentos Financieros | B8: Valor Razonable | C8: Riesgos
A23: Bajo protesta de decir verdad declaramos que los Estados Financieros y sus Notas son razonablemente correctos y responsabilidad del emisor
A27: ____________________________________________
A28: DR. RODRIGO CARRASCO RAMIREZ | C28: CP RAMIRO CONTERAS RODRIGUEZ
A29: DIRECTOR GENERAL | C29: SUBDIRECTOR DE FINANZAS Y ADMINISTRACION

Sheet Ayudas
A1: INSTITUTO TECNOLOGICO SUPERIOR DE SALVATIERRA MONTOS PAGADOS POR AYUDAS Y SUBSIDIOS TRIMESTRE JULIO A SEPTIEMBRE DEL 2018
A2: CONCEPTO | B2: AYUDA A | C2: SUBSIDIO | D2: SECTOR (económico o social) | E2: BENEFICIARIO | F2: CURP | G2: RFC | H2: MONTO PAGADO
A3: BECAS Y OT. AYUDAS PARA PROG. DE CAPACITA. | C3: X | D3: Social | E3: MOLINA LOPEZ EDUARDO | F3: MOLE960218HGTLPD09 | H3: 4000
A4: BECAS Y OT. AYUDAS PARA PROG. DE CAPACITA. | C4: X | D4: Social | E4: ECHEVERRIA MEDINA ANA LAURA | F4: EEMA960311MGTCDN03 | H4: 10000
A5: BECAS Y OT. AYUDAS PARA PROG. DE CAPACITA. | C5: X | D5: Social | E5: LOPEZ CORTES ANA MARIA | F5: LXCA931113MGTPRN08 | H5: 4000
A6: BECAS Y OT. AYUDAS PARA PROG. DE CAPACITA. | C6: X | D6: Social | E6: NAVA FRANCO FRANCISCO MARTIN | F6: NAFF950702HGTVRR01 | H6: 4000
A7: BECAS Y OT. AYUDAS PARA PROG. DE CAPACITA. | C7: X | D7: Social | E7: MOLINA LOPEZ EDUARDO | F7: MOLE960218HGTLPD09 | H7: 4000
A8: BECAS Y OT. AYUDAS PARA PROG. DE CAPACITA. | C8: X | D8: Social | E8: MOLINA LOPEZ EDUARDO | F8: MOLE960218HGTLPD09 | H8: 4000
A9: AYUDAS SOCIALES A PERSONAS | C9: X | D9: Social | E9: CISNEROS SIERRA NANCY MARIBEL | F9: CISN991012MGTSRN02 | H9: 79.412
A10: AYUDAS SOCIALES A PERSONAS | C10: X | D10: Social | E10: PIZANO PIZANO REYNA CRISTINA | F10: PIPR000809MMNZZYA4 | H10: 79.412
A11: AYUDAS SOCIALES A PERSONAS | C11: X | D11: Social | E11: PANIAGUA AMANTE ALONDRA | F11: PAAA970331MGTNML09 | H11: 79.412
A12: AYUDAS SOCIALES A PERSONAS | C12: X | D12: Social | E12: JUANA AGUSTINA GALLEGOS SANCHEZ | F12: GASJ990402MGTLNN04 | H12: 79.412
A13: AYUDAS SOCIALES A PERSONAS | C13: X | D13: Social | E13: CARDIEL CORNEJO NANCY SOFIA | F13: CACN991227MGTRRN08 | H13: 79.412
A14: AYUDAS SOCIALES A PERSONAS | C14: X | D14: Social | E14: ESPINOZA GALVAN KARLA | F14: EIGK991011MGTSLR01 | H14: 79.412
... A25: AYUDAS SOCIALES A PERSONAS | C25: X | D25: Social | E25: RAUL ALBERTO AMADOR BOTELLO | F25: AABR920310HGTMTL08 | H25: 79.412
A26: TOTAL | H26: =SUM(H3:H25) -> 31350.004
A28: Bajo protesta de decir verdad declaramos que los Estados Financieros y sus Notas son razonablemente correctos y responsabilidad del emisor
A30: __________________________________ | F30: _______________________________
A31: DR RODRIGO CARRASCO RAMIREZ | F31: CP RAMIRO CONTERAS RODRIGUEZ
A32: DIRECTOR GENERAL | F32: SUBDIRECTOR DE FINANZAS Y ADMINISTRACION

Sheet Gto Federalizado
A1: INSTITUTO TECNOLOGICO SUPERIOR DE SALVATIERRA EJERCICIO Y DESTINO DE GASTO FEDERALIZADO Y REINTEGROS DEL 1 DE ENERO AL AL 30 DE SEPTIEMBRE DEL 2018
C2: EJERCICIO
A3: PROGRAMA O FONDO | B3: DESTINO DE LOS RECURSOS | C3: DEVENGADO | D3: PAGADO | E3: REINTEGRO
A5: 2511832110 | B5: Gasto de Operación ITSV 2011 | C5: -11500 | D5: -11500
A6: 2514832307 | B6: EXP OFER EDU INT TEC SUP SALVATIERRA 14 | C6: -3571.34 | D6: -3571.34
A7: 2515832126 | B7: "CONVENIO DE CREACIÓN, OPERACIÓN Y APOYO | C7: -69600 | D7: -69600
A8: 2515832260 | B8: INT PROGRAMA DE EXPANSIÓN EN LA OFERTA E | C8: -1911.14 | D8: -1911.14
A9: 2517832151 | B9: PRODEP 2017 | C9: -32551.96 | D9: -32551.96
A10: 2518832116 | B10: GASTO DE OPERACIÓN 2018 | C10: -9865203 | D10: -9791085.5
A25: Bajo protesta de decir verdad declaramos que los Estados Financieros y sus Notas son razonablemente correctos y responsabilidad del emisor
A27: ___________________________________ | D27: ________________________________
A28: DR. RODRIGO CARRASCO RAMIREZ | D28: CP RAMIRO CONTERAS RODRIGUEZ
A29: DIRECTOR GENERAL | D29: SUBDIRECTOR DE FINANZAS Y ADMINISTRACION

Sheet BMu
B1: Relación de Bienes Muebles que Componen el Patrimonio
B2: Información Financiera 2o Trimestre 2018
B3: (Pesos)
B4: Ente Público: | C4: INSTITUTO TECNOLOGICO SUPERIOR DE SALVATIERRA
A7: Código | C7: Descripción del Bien Mueble | D7: Valor en libros
B8: 5110-000010101070 | C8: SILLA DE VISTA | D8: 183.4
B9: 5110-000010101229 | C9: SILLA DE VISITA | D9: 175.64
B10: 5110-000010101242 | C10: SILLA DE VISITA | D10: 175.64
B11: 5110-000010100982 | C11: MESA TRAPEZOIDAL DE 1.20X60X75 | D11: 337.2
B12: 5110-000010100961 | C12: LIBRERO DE 1.81X.76X.33 | D12: 1300
B13: 5110-000010102326 | C13: MESA PARA MAESTRO | D13: 1200.6
B14: 5110-000010101309 | C14: SILLA DE VISITA | D14: 175.64
B15: 5110-000010101467 | C15: MESA TRAPEZOIDAL DE 1.20X 60X75 | D15: 400.92
B16: 5110-000010101476 | C16: MESA TRAPEZOIDAL DE 1.20X 60X75 | D16: 400.92
B17: 5110-000010101697 | C17: SILLA DE VISITA | D17: 216.73
B18: 5110-000010101711 | C18: MESAS DE TRABAJO PARA AULAS | D18: 1719
B19: 5110-000010101740 | C19: SILLA OPERATIVA | D19: 872.32
... B2550: 5930-000930000000 | C2550: REGISTRO DE MARCA-LOGO ITESS | D2550: 1995.73
B2551: OTROS | D2551: 14617373
D2552: =SUM(D8:D2551) -> 28850681

Sheet BInmu
B1: Relación de Bienes Inmuebles que Componen el Patrimonio
B2: Información Financiera 2o Trimestre 2018
B3: (Pesos)
B4: Ente Público: | C4: INSTITUTO TECNOLOGICO SUPERIOR DE SALVATIERRA
A7: Código | C7: Descripción del Bien Inmueble | D7: Valor en libros
C8: TOTAL | D8: =SUM(D9:D26) -> 77451815
B9: 6220-P13000000000 | C9: CONSTRUCCION 2A UNIDAD ACADEMICA DEPARTAMENTAL | D9: 21031987
B10: 6220-P15000000003 | C10: ADECUACION Y AMPLIACION DE AREAS ANEXAS A UNIDADES | D10: 3059658.9
B11: 6220-P13000000002 | C11: CONSTRUCCION OBRAS DE PROTECCION PARA LABORATORIO | D11: 4819748
B12: 6220-P15000000001 | C12: MANTT Y REP MENOR CERCO PERIMETRAL Y EDIF EN ITESS | D12: 998331.04
B13: 6220-P14000000004 | C13: 2DA ETAPA CONSTRUCC OBRAS PROTECC LABORAT PESADO | D13: 980917.06
B14: 6220-P15000000000 | C14: ESTACIONAMIENTO DE LABORATORIO PESADO DEL ITESS | D14: 1899039.5
B15: 6220-P11000000000 | C15: AMPLIACION 1a ETAPA UNIDAD ACADEMICO DEPARTAMENTAL | D15: 16771711
B16: 6220-P14000000003 | C16: CONTRUC 1A ETAPA ANEXO 2A UNIDAD ACADMICO DEPART. | D16: 2371130
B17: 6220-P13000000001 | C17: PROYECTO EJECUTIVO EDIFICIO DE VINCULACION Y OBRAS | D17: 298126.89
B18: 6220-P16000000001 | C18: PROYECTO EJECUTIVO DEL GIMNASIO AUDITORIO Y | D18: 526305.54
B19: 6220-P16000000000 | C19: CONSTRUCCION 3ra ETAPA ANEXO 2da UNIDAD ACADEMICA | D19: 466752.23
B20: 6220-P16000000002 | C20: PROYECTO EJECUTIVO 3RA UNIDAD ACADEM DEPARTAMENTAL | D20: 660891.5
... B26: 6220-P14000000002 | C26: CONSTRUCC 2A ETAPA EDIF LABORATORIO Y OBRAS COMPL | D26: 1776054.4

Sheet INF ADICIONAL
D27: ____________________________ | H27: _________________________

Sheet BAL COMP
A1: INSTITUTO TECNOLOGICO SUPERIOR DE SALVATIERRA BALANZA DE COMPROBACIÓN ABRIL DE 2018 | I1: INSTITUTO TECNOLOGICO SUPERIOR DE SALVATIERRA BALANZA DE COMPROBACIÓN MAYO 2018 | Q1: INSTITUTO TECNOLOGICO SUPERIOR DE SALVATIERRA BALANZA DE COMPROBACIÓN JUNIO 2018
A2: CUENTA | B2: NOMBRE DE LA CUENTA | C2: SALDO INICIAL | D2: CARGOS | E2: ABONOS | F2: SALDO FINAL | G2: FLUJO | I2: CUENTA | J2: NOMBRE DE LA CUENTA | K2: SALDO INICIAL | L2: CARGOS | M2: ABONOS | N2: SALDO FINAL | O2: FLUJO | Q2: CUENTA | R2: NOMBRE DE LA CUENTA | S2: SALDO INICIAL | T2: CARGOS | U2: ABONOS | V2: SALDO FINAL | W2: FLUJO
A3: 1112101002 | B3: BANAMEX 701044427398 PRODEP 2017 | C3: 40000 | D3: 0 | E3: 0 | F3: 40000 | G3: 0 | I3: 1112101002 | J3: BANAMEX 701044427398 PRODEP 2017 | K3: 40000 | L3: 0 | M3: 0 | N3: 40000 | O3: 0 | Q3: 1112101002 | R3: BANAMEX 701044427398 PRODEP 2017 | S3: 40000 | T3: 0 | U3: 29052.96 | V3: 10947.04 | W3: -29052.96
A4: 1112102001 | B4: BANCOMER 012222001700416028 FONDO DE CONTINGENCIA | C4: 3460802.6 | D4: 173.12 | E4: 59.63 | F4: 3460916.1 | G4: 113.49 | I4: 1112102001 | J4: BANCOMER 012222001700416028 FONDO DE CONTINGENCIA | K4: 3460916.1 | L4: 1364.57 | M4: 306.86 | N4: 3461973.8 | O4: 1057.71 | Q4: 1112102001 | R4: BANCOMER 012222001700416028 FONDO DE CONTINGENCIA | S4: 3461973.8 | T4: 467.63 | U4: 0 | V4: 3462441.5 | W4: 467.63
A5: 1112102002 | B5: BANCOMER 01222200170667250 MINISTRACIÓN FEDERAL | C5: 14412683 | D5: 4545.85 | E5: 1192113.7 | F5: 13225115 | G5: -1187567.9 | I5: 1112102002 | J5: BANCOMER 01222200170667250 MINISTRACIÓN FEDERAL | K5: 13225115 | L5: 30571.7 | M5: 1645196.8 | N5: 11610490 | O5: -1614625.1 | Q5: 1112102002 | R5: BANCOMER 01222200170667250 MINISTRACIÓN FEDERAL | S5: 11610490 | T5: 3052421.8 | U5: 5096313 | V5: 9566598.7 | W5: -2043891.2
A6: 1112102003 | B6: BANCOMER 012222001700371338 MINISTRACIÓN ESTATAL | C6: 1561859.9 | D6: 1786470.4 | E6: 1058552.2 | F6: 2289778.1 | G6: 727918.14 | I6: 1112102003 | J6: BANCOMER 012222001700371338 MINISTRACIÓN ESTATAL | K6: 2289778.1 | L6: 3533807.9 | M6: 2739795.2 | N6: 3083790.8 | O6: 794012.68 | Q6: 1112102003 | R6: BANCOMER 012222001700371338 MINISTRACIÓN ESTATAL | S6: 3083790.8 | T6: 1530025.5 | U6: 868165.55 | V6: 3745650.7 | W6: 661859.98
A7: 1112102004 | B7: BANCOMER 012222001868497099 MINISTRACIÓN FEDERAL | C7: 3226153.6 | D7: 35456.71 | E7: 110813.2 | F7: 3150797.1 | G7: -75356.49 | I7: 1112102004 | J7: BANCOMER 012222001868497099 MINISTRACIÓN FEDERAL | K7: 3150797.1 | L7: 72013.06 | M7: 205496.12 | N7: 3017314 | O7: -133483.06 | Q7: 1112102004 | R7: BANCOMER 012222001868497099 MINISTRACIÓN FEDERAL | S7: 3017314 | T7: 63353.17 | U7: 51234.95 | V7: 3029432.2 | W7: 12118.22
A8: 1112102005 | B8: BANCOMER 01996315852 RECURSO CONCYTEG | C8: 125781.99 | D8: 7772 | E8: 91746.68 | F8: 41807.31 | G8: -83974.68 | I8: 1112102005 | J8: BANCOMER 01996315852 RECURSO CONCYTEG | K8: 41807.31 | L8: 0 | M8: 33163.51 | N8: 8643.8 | O8: -33163.51 | Q8: 1112102005 | R8: BANCOMER 01996315852 RECURSO CONCYTEG | S8: 8643.8 | T8: 0 | U8: 0 | V8: 8643.8 | W8: 0
A9: 1112102006 | B9: BANCOMER 0199947558 MINISTRACION PEOEEMYS ITS 14 | C9: 56377.98 | D9: 1.42 | E9: 0.49 | F9: 56378.91 | G9: 0.93 | I9: 1112102006 | J9: BANCOMER 0199947558 MINISTRACION PEOEEMYS ITS 14 | K9: 56378.91 | L9: 1.4 | M9: 0.93 | N9: 56379.38 | O9: 0.47 | Q9: 1112102006 | R9: BANCOMER 0199947558 MINISTRACION PEOEEMYS ITS 14 | S9: 56379.38 | T9: 0.49 | U9: 0 | V9: 56379.87 | W9: 0.49
A10: 1112102007 | B10: BANCOMER 0199947442 MINISTRACION AOE ITS 14 | C10: 6254.25 | D10: 0.13 | E10: 0.09 | F10: 6254.29 | G10: 0.04 | I10: 1112102007 | J10: BANCOMER 0199947442 MINISTRACION AOE ITS 14 | K10: 6254.29 | L10: 0.13 | M10: 0.13 | N10: 6254.29 | O10: 0 | Q10: 1112102007 | R10: BANCOMER 0199947442 MINISTRACION AOE ITS 14 | S10: 6254.29 | T10: 0 | U10: 0 | V10: 6254.29 | W10: 0
A11: 1112102008 | B11: BANCOMER 0199947493 MINISTRACION FONDO DE FISCALIZ | C11: 588.46 | D11: 0 | E11: 0 | F11: 588.46 | G11: 0 | I11: 1112102008 | J11: BANCOMER 0199947493 MINISTRACION FONDO DE FISCALIZ | K11: 588.46 | L11: 0 | M11: 0 | N11: 588.46 | O11: 0 | Q11: 1112102008 | R11: BANCOMER 0199947493 MINISTRACION FONDO DE FISCALIZ | S11: 588.46 | T11: 487.2 | U11: 974.4 | V11: 101.26 | W11: -487.2
A12: 1112102009 | B12: BANCOMER 0199947469 MINISTRACION IMPTO NOMINA | C12: 93.08 | D12: 0.06 | E12: 0.06 | F12: 93.08 | G12: 0 | I12: 1112102009 | J12: BANCOMER 0199947469 MINISTRACION IMPTO NOMINA | K12: 93.08 | L12: 0.06 | M12: 0.06 | N12: 93.08 | O12: 0 | Q12: 1112102009 | R12: BANCOMER 0199947469 MINISTRACION IMPTO NOMINA | S12: 93.08 | T12: 93.07 | U12: 186.15 | V12: 0 | W12: -93.08
A13: 1112102010 | B13: BANCOMER 0102834200 MINISTRACION PROXOE | C13: 0.06 | D13: 0 | E13: 0 | F13: 0.06 | G13: 0 | I13: 1112102010 | J13: BANCOMER 0102834200 MINISTRACION PROXOE | K13: 0.06 | L13: 0 | M13: 0 | N13: 0.06 | O13: 0 | Q13: 1112102010 | R13: BANCOMER 0102834200 MINISTRACION PROXOE | S13: 0.06 | T13: 0.06 | U13: 0.12 | V13: 0 | W13: -0.06
A14: 1112102011 | B14: BANCOMER 0102834634 MINISTRACION PROXOE | C14: 76095.83 | D14: 0 | E14: 0 | F14: 76095.83 | G14: 0 | I14: 1112102011 | J14: BANCOMER 0102834634 MINISTRACION PROXOE | K14: 76095.83 | L14: 1070 | M14: 1070 | N14: 76095.83 | O14: 0 | Q14: 1112102011 | R14: BANCOMER 0102834634 MINISTRACION PROXOE | S14: 76095.83 | T14: 0 | U14: 0 | V14: 76095.83 | W14: 0
... A27: 1241351501 | B27: EQ DE CÓMP Y DE TECNOLOGÍAS DE LA INFORMACI 2010 | C27: 868900.3 | D27: 0 | E27: 0 | F27: 868900.3 | G27: 0 | I27: 1241351501 | J27: EQ DE CÓMP Y DE TECNOLOGÍAS DE LA INFORMACI 2010 | K27: 868900.3 | L27: 0 | M27: 0 | N27: 868900.3 | O27: 0 | Q27: 1241351501 | R27: EQ DE CÓMP Y DE TECNOLOGÍAS DE LA INFORMACI 2010 | S27: 868900.3 | T27: 0 | U27: 0 | V27: 868900.3 | W27: 0
A28: 1241951900 | B28: OTROS MOBILIARIOS Y EQUIPOS DE ADMINISTRACIÓN 2011 | C28: 228966.4 | D28: 0 | E28: 0 | F28: 228966.4 | G28: 0 | I28: 1241951900 | J28: OTROS MOBILIARIOS Y EQUIPOS DE ADMINISTRACIÓN 2011 | K28: 228966.4 | L28: 0 | M28: 0 | N28: 228966.4 | O28: 0 | Q28: 1241951900 | R28: OTROS MOBILIARIOS Y EQUIPOS DE ADMINISTRACIÓN 2011 | S28: 228966.4 | T28: 0 | U28: 0 | V28: 228966.4 | W28: 0 | Y28: =SUM(V23:V48) -> 28850681
A29: 1241951901 | B29: OTROS MOBILIARIOS Y EQUIPOS DE ADMINISTRACIÓN 2010 | C29: 201493.91 | D29: 0 | E29: 0 | F29: 201493.91 | G29: 0 | I29: 1241951901 | J29: OTROS MOBILIARIOS Y EQUIPOS DE ADMINISTRACIÓN 2010 | K29: 201493.91 | L29: 0 | M29: 0 | N29: 201493.91 | O29: 0 | Q29: 1241951901 | R29: OTROS MOBILIARIOS Y EQUIPOS DE ADMINISTRACIÓN 2010 | S29: 201493.91 | T29: 0 | U29: 0 | V29: 201493.91 | W29: 0
A30: 1242152100 | B30: EQUIPO Y APARATOS AUDIOVISUALES 2011 | C30: 462204.76 | D30: 0 | E30: 0 | F30: 462204.76 | G30: 0 | I30: 1242152100 | J30: EQUIPO Y APARATOS AUDIOVISUALES 2011 | K30: 462204.76 | L30: 0 | M30: 0 | N30: 462204.76 | O30: 0 | Q30: 1242152100 | R30: EQUIPO Y APARATOS AUDIOVISUALES 2011 | S30: 462204.76 | T30: 6863.43 | U30: 0 | V30: 469068.19 | W30: 6863.43
A31: 1242352300 | B31: CÁMARAS FOTOGRÁFICAS Y DE VIDEO 2011 | C31: 80873.12 | D31: 0 | E31: 0 | F31: 80873.12 | G31: 0 | I31: 1242352300 | J31: CÁMARAS FOTOGRÁFICAS Y DE VIDEO 2011 | K31: 80873.12 | L31: 0 | M31: 0 | N31: 80873.12 | O31: 0 | Q31: 1242352300 | R31: CÁMARAS FOTOGRÁFICAS Y DE VIDEO 2011 | S31: 80873.12 | T31: 0 | U31: 0 | V31: 80873.12 | W31: 0
A32: 1242952900 | B32: OTRO MOB. Y EQUIPO EDUCACIONAL Y RECREATIVO 2011 | C32: 2640374.2 | D32: 0 | E32: 0 | F32: 2640374.2 | G32: 0 | I32: 1242952900 | J32: OTRO MOB. Y EQUIPO EDUCACIONAL Y RECREATIVO 2011 | K32: 2640374.2 | L32: 0 | M32: 0 | N32: 2640374.2 | O32: 0 | Q32: 1242952900 | R32: OTRO MOB. Y EQUIPO EDUCACIONAL Y RECREATIVO 2011 | S32: 2640374.2 | T32: 0 | U32: 0 | V32: 2640374.2 | W32: 0
A33: 1242952901 | B33: OTRO MOB. Y EQUIPO EDUCACIONAL Y RECREATIVO 2010 | C33: 23610 | D33: 0 | E33: 0 | F33: 23610 | G33: 0 | I33: 1242952901 | J33: OTRO MOB. Y EQUIPO EDUCACIONAL Y RECREATIVO 2010 | K33: 23610 | L33: 0 | M33: 0 | N33: 23610 | O33: 0 | Q33: 1242952901 | R33: OTRO MOB. Y EQUIPO EDUCACIONAL Y RECREATIVO 2010 | S33: 23610 | T33: 0 | U33: 0 | V33: 23610 | W33: 0
A34: 1243153100 | B34: EQUIPO MÉDICO Y DE LABORATORIO 2011 | C34: 1824557 | D34: 0 | E34: 0 | F34: 1824557 | G34: 0 | I34: 1243153100 | J34: EQUIPO MÉDICO Y DE LABORATORIO 2011 | K34: 1824557 | L34: 0 | M34: 0 | N34: 1824557 | O34: 0 | Q34: 1243153100 | R34: EQUIPO MÉDICO Y DE LABORATORIO 2011 | S34: 1824557 | T34: 0 | U34: 0 | V34: 1824557 | W34: 0
A35: 1243153101 | B35: EQUIPO MÉDICO Y DE LABORATORIO 2010 | C35: 355932.44 | D35: 0 | E35: 0 | F35: 355932.44 | G35: 0 | I35: 1243153101 | J35: EQUIPO MÉDICO Y DE LABORATORIO 2010 | K35: 355932.44 | L35: 0 | M35: 0 | N35: 355932.44 | O35: 0 | Q35: 1243153101 | R35: EQUIPO MÉDICO Y DE LABORATORIO 2010 | S35: 355932.44 | T35: 0 | U35: 0 | V35: 355932.44 | W35: 0
A36: 1243253200 | B36: INSTRUMENTAL MÉDICO Y DE LABORATORIO 2011 | C36: 2916377.8 | D36: 0 | E36: 0 | F36: 2916377.8 | G36: 0 | I36: 1243253200 | J36: INSTRUMENTAL MÉDICO Y DE LABORATORIO 2011 | K36: 2916377.8 | L36: 0 | M36: 0 | N36: 2916377.8 | O36: 0 | Q36: 1243253200 | R36: INSTRUMENTAL MÉDICO Y DE LABORATORIO 2011 | S36: 2916377.8 | T36: 0 | U36: 0 | V36: 2916377.8 | W36: 0
A37: 1244154100 | B37: AUTOMÓVILES Y CAMIONES 2011 | C37: 1288943.7 | D37: 0 | E37: 0 | F37: 1288943.7 | G37: 0 | I37: 1244154100 | J37: AUTOMÓVILES Y CAMIONES 2011 | K37: 1288943.7 | L37: 0 | M37: 0 | N37: 1288943.7 | O37: 0 | Q37: 1244154100 | R37: AUTOMÓVILES Y CAMIONES 2011 | S37: 1288943.7 | T37: 0 | U37: 0 | V37: 1288943.7 | W37: 0
A38: 1244154101 | B38: AUTOMÓVILES Y CAMIONES 2010 | C38: 1302550.8 | D38: 0 | E38: 0 | F38: 1302550.8 | G38: 0 | I38: 1244154101 | J38: AUTOMÓVILES Y CAMIONES 2010 | K38: 1302550.8 | L38: 0 | M38: 0 | N38: 1302550.8 | O38: 0 | Q38: 1244154101 | R38: AUTOMÓVILES Y CAMIONES 2010 | S38: 1302550.8 | T38: 0 | U38: 0 | V38: 1302550.8 | W38: 0
A39: 1246156100 | B39: MAQUINARIA Y EQUIPO AGROPECUARIO 2011 | C39: 627873 | D39: 0 | E39: 0 | F39: 627873 | G39: 0 | I39: 1246156100 | J39: MAQUINARIA Y EQUIPO AGROPECUARIO 2011 | K39: 627873 | L39: 0 | M39: 0 | N39: 627873 | O39: 0 | Q39: 1246156100 | R39: MAQUINARIA Y EQUIPO AGROPECUARIO 2011 | S39: 627873 | T39: 0 | U39: 0 | V39: 627873 | W39: 0
A40: 1246256200 | B40: MAQUINARIA Y EQUIPO INDUSTRIAL 2011 | C40: 318748 | D40: 0 | E40: 0 | F40: 318748 | G40: 0 | I40: 1246256200 | J40: MAQUINARIA Y EQUIPO INDUSTRIAL 2011 | K40: 318748 | L40: 0 | M40: 0 | N40: 318748 | O40: 0 | Q40: 1246256200 | R40: MAQUINARIA Y EQUIPO INDUSTRIAL 2011 | S40: 318748 | T40: 0 | U40: 0 | V40: 318748 | W40: 0
... A112: 3220690201 | B112: APLICACIÓN DE REMANENTE PROPIO | C112: -4161142.8 | D112: 0 | E112: 0 | F112: -4161142.8 | G112: 0 | I112: 3220690201 | J112: APLICACIÓN DE REMANENTE PROPIO | K112: -4161142.8 | L112: 0 | M112: 0 | N112: -4161142.8 | O112: 0 | Q112: 3220690201 | R112: APLICACIÓN DE REMANENTE PROPIO | S112: -4161142.8 | T112: 0 | U112: 0 | V112: -4161142.8 | W112: 0
A113: 3220690202 | B113: APLICACIÓN DE REMANENTE FEDERAL | C113: -11338084 | D113: 69600 | E113: 69600 | F113: -11338084 | G113: =+D113-E113 -> 0 | I113: 3220690202 | J113: APLICACIÓN DE REMANENTE FEDERAL | K113: -11338084 | L113: 0 | M113: 0 | N113: -11338084 | O113: 0 | Q113: 3220690202 | R113: APLICACIÓN DE REMANENTE FEDERAL | S113: -11338084 | T113: 0 | U113: 0 | V113: -11338084 | W113: 0
A114: 3220690203 | B114: APLICACIÓN DE REMANE | C114: -163000 | F114: -163000 | G114: =+D114-E114 -> 0 | I114: 3220690203 | J114: APLICACIÓN DE REMANENTE INTERINSTITUCIONAL | K114: -163000 | L114: 0 | M114: 0 | N114: -163000 | O114: 0 | Q114: 3220690203 | R114: APLICACIÓN DE REMANENTE INTERINSTITUCIONAL | S114: -163000 | T114: 0 | U114: 0 | V114: -163000 | W114: 0
A115: 3220690204 | B115: APLICACIÓN DE REMANENTE MUNICIPAL | C115: -5081979.6 | F115: -5081979.6 | G115: =+D115-E115 -> 0 | I115: 3220690204 | J115: APLICACIÓN DE REMANENTE MUNICIPAL | K115: -5081979.6 | L115: 0 | M115: 0 | N115: -5081979.6 | O115: 0 | Q115: 3220690204 | R115: APLICACIÓN DE REMANENTE MUNICIPAL | S115: -5081979.6 | T115: 0 | U115: 0 | V115: -5081979.6 | W115: 0
A116: 3220690211 | B116: APLICACIÓN DE REMANENTE PROPIO | E116: 9790.4 | F116: -9790.4 | G116: =+D116-E116 -> -9790.4 | I116: 3220690211 | J116: APLICACIÓN DE REMANENTE PROPIO | K116: -9790.4 | L116: 0 | M116: 0 | N116: -9790.4 | O116: 0 | Q116: 3220690211 | R116: APLICACIÓN DE REMANENTE PROPIO | S116: -9790.4 | T116: 0 | U116: 0 | V116: -9790.4 | W116: 0
A117: 3220690212 | B117: APLICACIÓN DE REMANENTE FEDERAL | E117: 69600 | F117: -69600 | G117: =+D117-E117 -> -69600 | I117: 3220690212 | J117: APLICACIÓN DE REMANENTE FEDERAL | K117: -69600 | L117: 0 | M117: 0 | N117: -69600 | O117: 0 | Q117: 3220690212 | R117: APLICACIÓN DE REMANENTE FEDERAL | S117: -69600 | T117: 0 | U117: 0 | V117: -69600 | W117: 0
A118: 3220690213 | B118: APLICACIÓN DE REMANE | E118: 105686.64 | F118: -105686.64 | G118: =+D118-E118 -> -105686.64 | I118: 3220690213 | J118: APLICACIÓN DE REMANENTE INTERINSTITUCIONAL | K118: -105686.64 | L118: 0 | M118: 0 | N118: -105686.64 | O118: 0 | Q118: 3220690213 | R118: APLICACIÓN DE REMANENTE INTERINSTITUCIONAL | S118: -105686.64 | T118: 0 | U118: 0 | V118: -105686.64 | W118: 0
A119: 3220690214 | B119: APLICACIÓN DE REMANENTE MUNICIPAL | E119: 141884.24 | F119: -141884.24 | G119: =+D119-E119 -> -141884.24 | I119: 3220690214 | J119: APLICACIÓN DE REMANENTE MUNICIPAL | K119: -141884.24 | L119: 0 | M119: 4173.89 | N119: -146058.13 | O119: -4173.89 | Q119: 3220690214 | R119: APLICACIÓN DE REMANENTE MUNICIPAL | S119: -146058.13 | T119: 0 | U119: 44003.05 | V119: -190061.18 | W119: -44003.05
A120: 3252000001 | B120: AJUSTES Y CORRECCIONES | D120: 4671302.8 | E120: 4671302.8 | G120: =+D120-E120 -> 0 | I120: 3252000001 | J120: AJUSTES Y CORRECCIONES | K120: 0 | L120: 33163.51 | M120: 33163.51 | N120: 0 | O120: 0 | Q120: 3252000001 | R120: AJUSTES Y CORRECCIONES | S120: 0 | T120: 3781306.7 | U120: 3781306.7 | V120: 0 | W120: 0
A121: 4151510253 | B121: POR CONCEPTO DE RENT | G121: =+D121-E121 -> 0 | I121: 4151510253 | J121: POR CONCEPTO DE RENTA DE CAFETERIAS | K121: 0 | L121: 0 | M121: 0 | N121: 0 | O121: 0 | Q121: 4151510253 | R121: POR CONCEPTO DE RENTA DE CAFETERIAS | S121: 0 | T121: 0 | U121: 9450 | V121: -9450 | W121: -9450
A122: 4159510701 | B122: POR CONCEPTO DE FICHAS | E122: 134465 | F122: -134465 | G122: =+D122-E122 -> -134465 | I122: 4159510701 | J122: POR CONCEPTO DE FICHAS | K122: -134465 | L122: 18965 | M122: 40805 | N122: -156305 | O122: -21840 | Q122: 4159510701 | R122: POR CONCEPTO DE FICHAS | S122: -156305 | T122: 0 | U122: 17640 | V122: -173945 | W122: -17640
A123: 4159510710 | B123: REEXPEDICION DE CREDENCIALES | E123: 845 | F123: -845 | G123: =+D123-E123 -> -845 | I123: 4159510710 | J123: REEXPEDICION DE CREDENCIALES | K123: -845 | L123: 65 | M123: 390 | N123: -1170 | O123: -325 | Q123: 4159510710 | R123: REEXPEDICION DE CREDENCIALES | S123: -1170 | T123: 0 | U123: 65 | V123: -1235 | W123: -65
A124: 4159510715 | B124: GESTORIA DE TITULACION | E124: 3864 | F124: -3864 | G124: =+D124-E124 -> -3864 | I124: 4159510715 | J124: GESTORIA DE TITULACION | K124: -3864 | L124: 1932 | M124: 1932 | N124: -3864 | O124: 0 | Q124: 4159510715 | R124: GESTORIA DE TITULACION | S124: -3864 | T124: 0 | U124: 0 | V124: -3864 | W124: 0
A125: 4162610061 | B125: SANCIONES | E125: 647 | F125: -647 | G125: =+D125-E125 -> -647 | I125: 4162610061 | J125: SANCIONES | K125: -647 | L125: 100 | M125: 295 | N125: -842 | O125: -195 | Q125: 4162610061 | R125: SANCIONES | S125: -842 | T125: 0 | U125: 0 | V125: -842 | W125: 0
A126: 4169610162 | B126: APOYO ECONÓMICO PARA | E126: 12500 | F126: -12500 | G126: =+D126-E126 -> -12500 | I126: 4169610162 | J126: APOYO ECONÓMICO PARA RESIDENCIAS PROFESIONALES | K126: -12500 | L126: 10000 | M126: 20000 | N126: -22500 | O126: -10000 | Q126: 4169610162 | R126: APOYO ECONÓMICO PARA RESIDENCIAS PROFESIONALES | S126: -22500 | T126: 0 | U126: 12000 | V126: -34500 | W126: -12000
A127: 4173711005 | B127: INGRESOS POR LA VENT | G127: =+D127-E127 -> 0 | I127: 4173711005 | J127: INGRESOS POR LA VENTA DE BIENES Y SERVICIOS ODES | K127: 0 | L127: 0 | M127: 0 | N127: 0 | O127: 0 | Q127: 4173711005 | R127: INGRESOS POR LA VENTA DE BIENES Y SERVICIOS ODES | S127: 0 | T127: 3582.5 | U127: 7168 | V127: -3585.5 | W127: -3585.5
A128: 4213831000 | B128: SERVICIOS PERSONALES | E128: 3920739 | F128: -3920739 | G128: =+D128-E128 -> -3920739 | I128: 4213831000 | J128: SERVICIOS PERSONALES | K128: -3920739 | L128: 0 | M128: 0 | N128: -3920739 | O128: 0 | Q128: 4213831000 | R128: SERVICIOS PERSONALES | S128: -3920739 | T128: 0 | U128: 2840135 | V128: -6760874 | W128: -2840135
A129: 4213832000 | B129: MATERIALES Y SUMINISTROS | E129: 188650 | F129: -188650 | G129: =+D129-E129 -> -188650 | I129: 4213832000 | J129: MATERIALES Y SUMINISTROS | K129: -188650 | L129: 0 | M129: 0 | N129: -188650 | O129: 0 | Q129: 4213832000 | R129: MATERIALES Y SUMINISTROS | S129: -188650 | T129: 0 | U129: 12000 | V129: -200650 | W129: -12000
A130: 4213833000 | B130: SERVICIOS GENERALES | E130: 413163 | F130: -413163 | G130: =+D130-E130 -> -413163 | I130: 4213833000 | J130: SERVICIOS GENERALES OTROS CONVENIOS FEDE | K130: -413163 | L130: 0 | M130: 0 | N130: -413163 | O130: 0 | Q130: 4213833000 | R130: SERVICIOS GENERALES OTROS CONVENIOS FEDE | S130: -413163 | T130: 0 | U130: 148000 | V130: -561163 | W130: -148000
A131: 4221911000 | B131: SERVICIOS PERSONALES | E131: 4948157 | F131: -4948157 | G131: =+D131-E131 -> -4948157 | I131: 4221911000 | J131: SERVICIOS PERSONALES | K131: -4948157 | L131: 0 | M131: 1020859 | N131: -5969016 | O131: -1020859 | Q131: 4221911000 | R131: SERVICIOS PERSONALES | S131: -5969016 | T131: 0 | U131: 1273168 | V131: -7242184 | W131: -1273168
A132: 4221912000 | B132: MATERIALES Y SUMINISTROS | E132: 376430 | F132: -376430 | G132: =+D132-E132 -> -376430 | I132: 4221912000 | J132: MATERIALES Y SUMINISTROS | K132: -376430 | L132: 0 | M132: 203470 | N132: -579900 | O132: -203470 | Q132: 4221912000 | R132: MATERIALES Y SUMINISTROS | S132: -579900 | T132: 0 | U132: 77500 | V132: -657400 | W132: -77500
A133: 4221913000 | B133: SERVICIOS GENERALES | D133: 2485 | E133: 1577868 | F133: -1575383 | G133: =+D133-E133 -> -1575383 | I133: 4221913000 | J133: SERVICIOS GENERALES | K133: -1575383 | L133: 2125 | M133: 480532 | N133: -2053790 | O133: -478407 | Q133: 4221913000 | R133: SERVICIOS GENERALES | S133: -2053790 | T133: 50000 | U133: 295348 | V133: -2299138 | W133: -245348
A134: 4221914000 | B134: AYUDAS Y SUBSIDIOS | E134: 25000 | F134: -25000 | G134: =+D134-E134 -> -25000 | I134: 4221914000 | J134: AYUDAS Y SUBSIDIOS | K134: -25000 | L134: 0 | M134: 0 | N134: -25000 | O134: 0 | Q134: 4221914000 | R134: AYUDAS Y SUBSIDIOS | S134: -25000 | T134: 0 | U134: 75000 | V134: -100000 | W134: -75000
A135: 4311511001 | B135: INTERES NORMALES | D135: 145.11 | E135: 749.66 | F135: -604.55 | G135: =+D135-E135 -> -604.55 | I135: 4311511001 | J135: INTERES NORMALES | K135: -604.55 | L135: 265.46 | M135: 406.53 | N135: -745.62 | O135: -141.07 | Q135: 4311511001 | R135: INTERES NORMALES | S135: -745.62 | T135: 0 | U135: 160.62 | V135: -906.24 | W135: -160.62
A136: 4311511008 | B136: INTERESES CONVENIOS FEDERALES | D136: 501.73 | E136: 2825.04 | F136: -2323.31 | G136: =+D136-E136 -> -2323.31 | I136: 4311511008 | J136: INTERESES CONVENIOS FEDERALES | K136: -2323.31 | L136: 990.76 | M136: 1461.2 | N136: -2793.75 | O136: -470.44 | Q136: 4311511008 | R136: INTERESES CONVENIOS FEDERALES | S136: -2793.75 | T136: 0 | U136: 433.24 | V136: -3226.99 | W136: -433.24
A137: 4399000008 | B137: Diferencia por Redondeo | E137: 0.24 | F137: -0.24 | G137: =+D137-E137 -> -0.24 | I137: 4399000008 | J137: Diferencia por Redondeo | K137: -0.24 | L137: 0.32 | M137: 0.59 | N137: -0.51 | O137: -0.27 | Q137: 4399000008 | R137: Diferencia por Redondeo | S137: -0.51 | T137: 1.07 | U137: 2.32 | V137: -1.76 | W137: -1.25
A138: 5111113000 | B138: SUELDOS BASE AL PERS | D138: 6314924.6 | E138: 186968.3 | F138: 6127956.3 | G138: =+D138-E138 -> 6127956.3 | I138: 5111113000 | J138: SUELDOS BASE AL PERSONAL PERMANENTE | K138: 6127956.3 | L138: 1516215.6 | M138: 0 | N138: 7644172 | O138: 1516215.6 | Q138: 5111113000 | R138: SUELDOS BASE AL PERSONAL PERMANENTE | S138: 7644172 | T138: 1360849.9 | U138: 0 | V138: 9005021.9 | W138: 1360849.9
A139: 5112121000 | B139: HONORARIOS ASIMILABLES A SALARIOS | D139: 141458.31 | F139: 141458.31 | G139: =+D139-E139 -> 141458.31 | I139: 5112121000 | J139: HONORARIOS ASIMILABLES A SALARIOS | K139: 141458.31 | L139: 29028.33 | M139: 0 | N139: 170486.64 | O139: 29028.33 | Q139: 5112121000 | R139: HONORARIOS ASIMILABLES A SALARIOS | S139: 170486.64 | T139: 0 | U139: 0 | V139: 170486.64 | W139: 0
A140: 5113132000 | B140: PRIMAS DE VACAS., D | D140: 386620.81 | E140: 80533.21 | F140: 306087.6 | G140: =+D140-E140 -> 306087.6 | I140: 5113132000 | J140: PRIMAS DE VACAS., DOMINICAL Y GRATIF. FIN DE AÑO | K140: 306087.6 | L140: 0 | M140: 0 | N140: 306087.6 | O140: 0 | Q140: 5113132000 | R140: PRIMAS DE VACAS., DOMINICAL Y GRATIF. FIN DE AÑO | S140: 306087.6 | T140: 0 | U140: 0 | V140: 306087.6 | W140: 0
A141: 5113134000 | B141: COMPENSACIONES | D141: 65859.85 | F141: 65859.85 | G141: =+D141-E141 -> 65859.85 | I141: 5113134000 | J141: COMPENSACIONES | K141: 65859.85 | L141: 0 | M141: 0 | N141: 65859.85 | O141: 0 | Q141: 5113134000 | R141: COMPENSACIONES | S141: 65859.85 | T141: 21688.69 | U141: 0 | V141: 87548.54 | W141: 21688.69
A142: 5114141000 | B142: APORTACIONES DE SEGURIDAD SOCIAL | D142: 627735.29 | F142: 627735.29 | G142: =+D142-E142 -> 627735.29 | I142: 5114141000 | J142: APORTACIONES DE SEGURIDAD SOCIAL | K142: 627735.29 | L142: 168410.15 | M142: 0 | N142: 796145.44 | O142: 168410.15 | Q142: 5114141000 | R142: APORTACIONES DE SEGURIDAD SOCIAL | S142: 796145.44 | T142: 284148.42 | U142: 141901.37 | V142: 938392.49 | W142: 142247.05
A143: 5114142000 | B143: APORTACIONES A FONDOS DE VIVIENDA | D143: 375353.89 | F143: 375353.89 | G143: =+D143-E143 -> 375353.89 | I143: 5114142000 | J143: APORTACIONES A FONDOS DE VIVIENDA | K143: 375353.89 | L143: 0 | M143: 0 | N143: 375353.89 | O143: 0 | Q143: 5114142000 | R143: APORTACIONES A FONDOS DE VIVIENDA | S143: 375353.89 | T143: 359887.18 | U143: 179800.86 | V143: 555440.21 | W143: 180086.32
A144: 5114143000 | B144: APORTACIONES AL SIST | D144: 383390.24 | F144: 383390.24 | G144: =+D144-E144 -> 383390.24 | I144: 5114143000 | J144: APORTACIONES AL SISTEMA PARA EL RETIRO | K144: 383390.24 | L144: 0 | M144: 0 | N144: 383390.24 | O144: 0 | Q144: 5114143000 | R144: APORTACIONES AL SISTEMA PARA EL RETIRO | S144: 383390.24 | T144: 370525.76 | U144: 185115.4 | V144: 568800.6 | W144: 185410.36
A145: 5115154000 | B145: PRESTACIONES CONTRACTUALES | D145: 467996.86 | E145: 12103 | F145: 455893.86 | G145: =+D145-E145 -> 455893.86 | I145: 5115154000 | J145: PRESTACIONES CONTRACTUALES | K145: 455893.86 | L145: 113406.08 | M145: 0 | N145: 569299.94 | O145: 113406.08 | Q145: 5115154000 | R145: PRESTACIONES CONTRACTUALES | S145: 569299.94 | T145: 102314.57 | U145: 0 | V145: 671614.51 | W145: 102314.57
A146: 5115155000 | B146: APOYOS A LA CAPACITA | G146: =+D146-E146 -> 0 | I146: 5115155000 | J146: APOYOS A LA CAPACITACION DE LOS SERV. PUBLICOS | K146: 0 | L146: 43140.25 | M146: 0 | N146: 43140.25 | O146: 43140.25 | Q146: 5115155000 | R146: APOYOS A LA CAPACITACION DE LOS SERV. PUBLICOS | S146: 43140.25 | T146: 4092.05 | U146: 0 | V146: 47232.3 | W146: 4092.05
A147: 5121211000 | B147: MATERIALES Y ÚTILES DE OFICINA | D147: 1333.74 | F147: 1333.74 | G147: =+D147-E147 -> 1333.74 | I147: 5121211000 | J147: MATERIALES Y ÚTILES DE OFICINA | K147: 1333.74 | L147: 0 | M147: 0 | N147: 1333.74 | O147: 0 | Q147: 5121211000 | R147: MATERIALES Y ÚTILES DE OFICINA | S147: 1333.74 | T147: 13841.12 | U147: 0 | V147: 15174.86 | W147: 13841.12
A148: 5121214000 | B148: MAT.,UTILES Y EQUIPO | D148: 5945.72 | F148: 5945.72 | G148: =+D148-E148 -> 5945.72 | I148: 5121214000 | J148: MAT.,UTILES Y EQUIPOS MENORES DE TECNOLOGIAS DE LA | K148: 5945.72 | L148: 0 | M148: 0 | N148: 5945.72 | O148: 0 | Q148: 5121214000 | R148: MAT.,UTILES Y EQUIPOS MENORES DE TECNOLOGIAS DE LA | S148: 5945.72 | T148: 4466 | U148: 0 | V148: 10411.72 | W148: 4466
A149: 5121216000 | B149: MATERIAL DE LIMPIEZA | D149: 18494.49 | F149: 18494.49 | G149: =+D149-E149 -> 18494.49 | I149: 5121216000 | J149: MATERIAL DE LIMPIEZA | K149: 18494.49 | L149: 18017.1 | M149: 0 | N149: 36511.59 | O149: 18017.1 | Q149: 5121216000 | R149: MATERIAL DE LIMPIEZA | S149: 36511.59 | T149: 0 | U149: 0 | V149: 36511.59 | W149: 0
A150: 5122221000 | B150: ALIMENTACIÓN DE PERSONAS | D150: 6012.5 | F150: 6012.5 | G150: =+D150-E150 -> 6012.5 | I150: 5122221000 | J150: ALIMENTACIÓN DE PERSONAS | K150: 6012.5 | L150: 4224.14 | M150: 0 | N150: 10236.64 | O150: 4224.14 | Q150: 5122221000 | R150: ALIMENTACIÓN DE PERSONAS | S150: 10236.64 | T150: 4299.65 | U150: 0 | V150: 14536.29 | W150: 4299.65
A151: 5123231000 | B151: PROD. ALIM., AGRO. | G151: =+D151-E151 -> 0 | I151: 5123231000 | J151: PROD. ALIM., AGRO. Y FOREST. ADQ. MAT. PRIM. | K151: 0 | L151: 0 | M151: 0 | N151: 0 | O151: 0 | Q151: 5123231000 | R151: PROD. ALIM., AGRO. Y FOREST. ADQ. MAT. PRIM. | S151: 0 | T151: 730.57 | U151: 0 | V151: 730.57 | W151: 730.57
A152: 5123237000 | B152: PROD. CUERO, PIEL, | G152: =+D152-E152 -> 0 | I152: 5123237000 | J152: PROD. CUERO, PIEL, PLÁSTICO Y HULE ADQ. C.M.P. | K152: 0 | L152: 0 | M152: 0 | N152: 0 | O152: 0 | Q152: 5123237000 | R152: PROD. CUERO, PIEL, PLÁSTICO Y HULE ADQ. C.M.P. | S152: 0 | T152: 652.83 | U152: 0 | V152: 652.83 | W152: 652.83
A153: 5124246000 | B153: MATERIAL ELECTRICO Y ELECTRONICO | G153: =+D153-E153 -> 0 | I153: 5124246000 | J153: MATERIAL ELECTRICO Y ELECTRONICO | K153: 0 | L153: 0 | M153: 0 | N153: 0 | O153: 0 | Q153: 5124246000 | R153: MATERIAL ELECTRICO Y ELECTRONICO | S153: 0 | T153: 6735 | U153: 0 | V153: 6735 | W153: 6735
A154: 5124248000 | B154: MATERIALES COMPLEMENTARIOS | D154: 15392.02 | F154: 15392.02 | G154: =+D154-E154 -> 15392.02 | I154: 5124248000 | J154: MATERIALES COMPLEMENTARIOS | K154: 15392.02 | L154: 0 | M154: 0 | N154: 15392.02 | O154: 0 | Q154: 5124248000 | R154: MATERIALES COMPLEMENTARIOS | S154: 15392.02 | T154: 0 | U154: 0 | V154: 15392.02 | W154: 0
A155: 5124249000 | B155: OTROS MATERIALES Y A | D155: 17609.96 | F155: 17609.96 | G155: =+D155-E155 -> 17609.96 | I155: 5124249000 | J155: OTROS MATERIALES Y ARTICULOS DE CONSTRUCCION Y REP | K155: 17609.96 | L155: 15489.87 | M155: 0 | N155: 33099.83 | O155: 15489.87 | Q155: 5124249000 | R155: OTROS MATERIALES Y ARTICULOS DE CONSTRUCCION Y REP | S155: 33099.83 | T155: 0 | U155: 0 | V155: 33099.83 | W155: 0
A156: 5125251000 | B156: SUSTANCIAS QUÍMICAS | G156: =+D156-E156 -> 0 | I156: 5125251000 | J156: SUSTANCIAS QUÍMICAS | K156: 0 | L156: 0 | M156: 0 | N156: 0 | O156: 0 | Q156: 5125251000 | R156: SUSTANCIAS QUÍMICAS | S156: 0 | T156: 672.8 | U156: 0 | V156: 672.8 | W156: 672.8
A157: 5125252000 | B157: FERTILIZANTES, PESTI | G157: =+D157-E157 -> 0 | I157: 5125252000 | J157: FERTILIZANTES, PESTICIDAS Y OTROS AGROQUIMICOS | K157: 0 | L157: 0 | M157: 0 | N157: 0 | O157: 0 | Q157: 5125252000 | R157: FERTILIZANTES, PESTICIDAS Y OTROS AGROQUIMICOS | S157: 0 | T157: 13612.06 | U157: 0 | V157: 13612.06 | W157: 13612.06
A158: 5125253000 | B158: MEDICINAS Y PRODUCTO | G158: =+D158-E158 -> 0 | I158: 5125255000 | J158: MAT., ACCESORIOS Y SUMINISTROS DE LABORATORIO | K158: 0 | L158: 0 | M158: 0 | N158: 0 | O158: 0 | Q158: 5125255000 | R158: MAT., ACCESORIOS Y SUMINISTROS DE LABORATORIO | S158: 0 | T158: 4042.6 | U158: 0 | V158: 4042.6 | W158: 4042.6
A159: 5125255000 | B159: MAT., ACCESORIOS Y | G159: =+D159-E159 -> 0 | I159: 5125256000 | J159: FIBRAS SINTÉTICAS, HULES, PLÁSTICOS Y DERIVS. | K159: 0 | L159: 0 | M159: 0 | N159: 0 | O159: 0 | Q159: 5125256000 | R159: FIBRAS SINTÉTICAS, HULES, PLÁSTICOS Y DERIVS. | S159: 0 | T159: 5313.55 | U159: 0 | V159: 5313.55 | W159: 5313.55
A160: 5125256000 | B160: FIBRAS SINTÉTICAS, | G160: =+D160-E160 -> 0 | I160: 5126261000 | J160: COMBUSTIBLES, LUBRICANTES Y ADITIVOS | K160: 64001.8 | L160: 25180.56 | M160: 3068.28 | N160: 86114.08 | O160: 22112.28 | Q160: 5126261000 | R160: COMBUSTIBLES, LUBRICANTES Y ADITIVOS | S160: 86114.08 | T160: 20206.65 | U160: 0 | V160: 106320.73 | W160: 20206.65
A161: 5126261000 | B161: COMBUSTIBLES, LUBRI | D161: 64001.8 | F161: 64001.8 | G161: =+D161-E161 -> 64001.8 | I161: 5127272000 | J161: PRENDAS DE PROTECCIÓN | K161: 1885 | L161: 0 | M161: 0 | N161: 1885 | O161: 0 | Q161: 5127272000 | R161: PRENDAS DE PROTECCIÓN | S161: 1885 | T161: 0 | U161: 0 | V161: 1885 | W161: 0
A162: 5127271000 | B162: VESTUARIOS Y UNIFORMES | G162: =+D162-E162 -> 0 | I162: 5129291000 | J162: HERRAMIENTAS MENORES | K162: 37411.28 | L162: 510.14 | M162: 0 | N162: 37921.42 | O162: 510.14 | Q162: 5129291000 | R162: HERRAMIENTAS MENORES | S162: 37921.42 | T162: 228 | U162: 0 | V162: 38149.42 | W162: 228
A163: 5127272000 | B163: PRENDAS DE PROTECCIÓN | D163: 1885 | F163: 1885 | G163: =+D163-E163 -> 1885 | I163: 5129292000 | J163: REFACCIONES Y ACCESORIOS MENORES DE EDIFICIOS | K163: 0 | L163: 0 | M163: 0 | N163: 0 | O163: 0 | Q163: 5129292000 | R163: REFACCIONES Y ACCESORIOS MENORES DE EDIFICIOS | S163: 0 | T163: 1678 | U163: 839 | V163: 839 | W163: 839
A164: 5129291000 | B164: HERRAMIENTAS MENORES | D164: 37411.28 | F164: 37411.28 | G164: =+D164-E164 -> 37411.28 | I164: 5129294000 | J164: REFACCIONES Y ACCESORIOS PARA EQ. DE COMPUTO | K164: 51108.4 | L164: 0 | M164: 0 | N164: 51108.4 | O164: 0 | Q164: 5129294000 | R164: REFACCIONES Y ACCESORIOS PARA EQ. DE COMPUTO | S164: 51108.4 | T164: 1517.63 | U164: 0 | V164: 52626.03 | W164: 1517.63
A165: 5129292000 | B165: REFACCIONES Y ACCESO | G165: =+D165-E165 -> 0 | I165: 5129296000 | J165: REF. Y ACCESORIOS ME. DE EQ. DE TRANSPORTE | K165: 0 | L165: 1080 | M165: 0 | N165: 1080 | O165: 1080 | Q165: 5129296000 | R165: REF. Y ACCESORIOS ME. DE EQ. DE TRANSPORTE | S165: 1080 | T165: 0 | U165: 0 | V165: 1080 | W165: 0
A166: 5129294000 | B166: REFACCIONES Y ACCESO | D166: 51108.4 | F166: 51108.4 | G166: =+D166-E166 -> 51108.4 | I166: 5131311000 | J166: SERVICIO DE ENERGÍA ELÉCTRICA | K166: 89078 | L166: 25751 | M166: 0 | N166: 114829 | O166: 25751 | Q166: 5131311000 | R166: SERVICIO DE ENERGÍA ELÉCTRICA | S166: 114829 | T166: 34095 | U166: 0 | V166: 148924 | W166: 34095
A167: 5129296000 | B167: REF. Y ACCESORIOS ME | G167: =+D167-E167 -> 0 | I167: 5131313000 | J167: SERVICIO DE AGUA POTABLE | K167: 18000 | L167: 4559 | M167: 0 | N167: 22559 | O167: 4559 | Q167: 5131313000 | R167: SERVICIO DE AGUA POTABLE | S167: 22559 | T167: 6154 | U167: 0 | V167: 28713 | W167: 6154
A168: 5131311000 | B168: SERVICIO DE ENERGÍA ELÉCTRICA | D168: 89078 | F168: 89078 | G168: =+D168-E168 -> 89078 | I168: 5131314000 | J168: TELEFONÍA TRADICIONAL | K168: 137515.56 | L168: 34378.89 | M168: 0 | N168: 171894.45 | O168: 34378.89 | Q168: 5131314000 | R168: TELEFONÍA TRADICIONAL | S168: 171894.45 | T168: 34378.89 | U168: 0 | V168: 206273.34 | W168: 34378.89
A169: 5131313000 | B169: SERVICIO DE AGUA POTABLE | D169: 18000 | F169: 18000 | G169: =+D169-E169 -> 18000 | I169: 5131317000 | J169: SERV. ACCESO A INTERNET, REDES Y PROC. DE INFO. | K169: 2408.32 | L169: 0 | M169: 0 | N169: 2408.32 | O169: 0 | Q169: 5131317000 | R169: SERV. ACCESO A INTERNET, REDES Y PROC. DE INFO. | S169: 2408.32 | T169: 0 | U169: 0 | V169: 2408.32 | W169: 0
A170: 5131314000 | B170: TELEFONÍA TRADICIONAL | D170: 137515.56 | F170: 137515.56 | G170: =+D170-E170 -> 137515.56 | I170: 5131318000 | J170: SERVICIOS POSTALES Y TELEGRAFICOS | K170: 2239.01 | L170: 221 | M170: 0 | N170: 2460.01 | O170: 221 | Q170: 5131318000 | R170: SERVICIOS POSTALES Y TELEGRAFICOS | S170: 2460.01 | T170: 1042 | U170: 0 | V170: 3502.01 | W170: 1042
A171: 5131317000 | B171: SERV. ACCESO A INTER | D171: 2408.32 | F171: 2408.32 | G171: =+D171-E171 -> 2408.32 | I171: 5132325000 | J171: ARRENDAMIENTO DE EQUIPO DE TRANSPORTE | K171: 7540 | L171: 26564 | M171: 0 | N171: 34104 | O171: 26564 | Q171: 5132325000 | R171: ARRENDAMIENTO DE EQUIPO DE TRANSPORTE | S171: 34104 | T171: 5336 | U171: 0 | V171: 39440 | W171: 5336
A172: 5131318000 | B172: SERVICIOS POSTALES Y TELEGRAFICOS | D172: 2460.01 | E172: 221 | F172: 2239.01 | G172: =+D172-E172 -> 2239.01 | I172: 5132327000 | J172: ARRENDAMIENTO DE ACTIVOS INTANGIBLES | K172: 56228.98 | L172: 0 | M172: 0 | N172: 56228.98 | O172: 0 | Q172: 5132327000 | R172: ARRENDAMIENTO DE ACTIVOS INTANGIBLES | S172: 56228.98 | T172: 0 | U172: 0 | V172: 56228.98 | W172: 0
A173: 5132325000 | B173: ARRENDAMIENTO DE EQU | D173: 7540 | F173: 7540 | G173: =+D173-E173 -> 7540 | I173: 5132329000 | J173: OTROS ARRENDAMIENTOS | K173: 0 | L173: 696 | M173: 0 | N173: 696 | O173: 696 | Q173: 5132329000 | R173: OTROS ARRENDAMIENTOS | S173: 696 | T173: 0 | U173: 0 | V173: 696 | W173: 0
A174: 5132327000 | B174: ARRENDAMIENTO DE ACT | D174: 56228.98 | F174: 56228.98 | G174: =+D174-E174 -> 56228.98 | I174: 5133336000 | J174: SERVS. CONSULT. ADM., PROCS., TEC. Y TECNO. | K174: 5264.39 | L174: 0 | M174: 0 | N174: 5264.39 | O174: 0 | Q174: 5133336000 | R174: SERVS. CONSULT. ADM., PROCS., TEC. Y TECNO. | S174: 5264.39 | T174: 1352.86 | U174: 0 | V174: 6617.25 | W174: 1352.86
A175: 5132329000 | B175: OTROS ARRENDAMIENTOS | G175: =+D175-E175 -> 0 | I175: 5133338000 | J175: SERVICIOS DE VIGILANCIA | K175: 129456 | L175: 43152 | M175: 0 | N175: 172608 | O175: 43152 | Q175: 5133338000 | R175: SERVICIOS DE VIGILANCIA | S175: 172608 | T175: 43152 | U175: 0 | V175: 215760 | W175: 43152
A176: 5133334000 | B176: SERVICIOS DE CAPACITACION | G176: =+D176-E176 -> 0 | I176: 5134345000 | J176: SEGUROS DE BIENES PATRIMONIALES | K176: 0 | L176: 47538.39 | M176: 0 | N176: 47538.39 | O176: 47538.39 | Q176: 5134345000 | R176: SEGUROS DE BIENES PATRIMONIALES | S176: 47538.39 | T176: 53965.56 | U176: 0 | V176: 101503.95 | W176: 53965.56
A177: 5133336000 | B177: SERVS. CONSULT. ADM. | D177: 5264.39 | F177: 5264.39 | G177: =+D177-E177 -> 5264.39 | I177: 5135351000 | J177: CONSERV. Y MANTENIMIENTO MENOR DE INMUEBLES | K177: 218723.81 | L177: 99207.26 | M177: 0 | N177: 317931.07 | O177: 99207.26 | Q177: 5135351000 | R177: CONSERV. Y MANTENIMIENTO MENOR DE INMUEBLES | S177: 317931.07 | T177: 0 | U177: 0 | V177: 317931.07 | W177: 0
A178: 5133338000 | B178: SERVICIOS DE VIGILANCIA | D178: 129456 | F178: 129456 | G178: =+D178-E178 -> 129456 | I178: 5135355000 | J178: REPARACION Y MANTENIMIENTO DE EQUIPO DE EQ. TRANSP | K178: 1587.99 | L178: 2773.41 | M178: 0 | N178: 4361.4 | O178: 2773.41 | Q178: 5135355000 | R178: REPARACION Y MANTENIMIENTO DE EQUIPO DE EQ. TRANSP | S178: 4361.4 | T178: 0 | U178: 0 | V178: 4361.4 | W178: 0
A179: 5133339000 | B179: SERVICIOS PROFESIONA | G179: =+D179-E179 -> 0 | I179: 5135358000 | J179: SERVICIOS DE LIMPIEZA Y MANEJO DE DESECHOS | K179: 277358.12 | L179: 73200.08 | M179: 0 | N179: 350558.2 | O179: 73200.08 | Q179: 5135358000 | R179: SERVICIOS DE LIMPIEZA Y MANEJO DE DESECHOS | S179: 350558.2 | T179: 73200.08 | U179: 0 | V179: 423758.28 | W179: 73200.08
A180: 5134345000 | B180: SEGUROS DE BIENES PATRIMONIALES | G180: =+D180-E180 -> 0 | I180: 5137371000 | J180: PASAJES AEREOS | K180: 0 | L180: 0 | M180: 0 | N180: 0 | O180: 0 | Q180: 5137371000 | R180: PASAJES AEREOS | S180: 0 | T180: 7549.43 | U180: 0 | V180: 7549.43 | W180: 7549.43
A181: 5135351000 | B181: CONSERV. Y MANTENIMI | D181: 218723.81 | F181: 218723.81 | G181: =+D181-E181 -> 218723.81 | I181: 5137372000 | J181: PASAJES TERRESTRES | K181: 7131 | L181: 2836 | M181: 0 | N181: 9967 | O181: 2836 | Q181: 5137372000 | R181: PASAJES TERRESTRES | S181: 9967 | T181: 1928 | U181: 0 | V181: 11895 | W181: 1928
A182: 5135355000 | B182: REPARACION Y MANTENI | D182: 1587.99 | F182: 1587.99 | G182: =+D182-E182 -> 1587.99 | I182: 5137375000 | J182: VIATICOS EN EL PAIS | K182: 14227 | L182: 1854 | M182: 0 | N182: 16081 | O182: 1854 | Q182: 5137375000 | R182: VIATICOS EN EL PAIS | S182: 16081 | T182: 8357 | U182: 410 | V182: 24028 | W182: 7947
A183: 5135358000 | B183: SERVICIOS DE LIMPIEZ | D183: 277358.12 | F183: 277358.12 | G183: =+D183-E183 -> 277358.12 | I183: 5138381000 | J183: GASTOS DE CEREMONIAL | K183: 0 | L183: 0 | M183: 0 | N183: 0 | O183: 0 | Q183: 5138381000 | R183: GASTOS DE CEREMONIAL | S183: 0 | T183: 21500 | U183: 0 | V183: 21500 | W183: 21500
...

Sheet Hoja1
B1: Formato para la revisión por la direccion del cumplimiento de indicadores rectores del TecNM.
A5: Instituto Tecnológico Superior de Salvatierra
A6: OBJETIVO INDICADOR | C6: CICLO ESCOLAR 2017-2018
A7: OBJETIVO | B7: INDICADOR | C7: Metas PIID del ITS, en el ciclo escolar 2017-2018 | D7: VALORES PARA EL CÁLCULO DEL % DE AVANCE | E7: Avance obtenido en el Ciclo escolar 2017-2018 | F7: Porcentaje de avance obtenido en el ciclo escolar 2017-2018
A8: Objetivo 1. Fortalecer la calidad de los servicios educativos | B8: 1.1 Porcentaje de estudiantes de licenciatura inscritos en programas acreditados o reconocidos por su calidad: | C8: 0.4 | D8: Número de estudiantes de licenciatura que realizan sus estudios en programas acreditados o reconocidos por su calidad ciclo 2016-2017 | E8: 0 | F8: 0
D9: Total de estudiantes de licenciatura que realizan sus estudios en programas evaluables ciclo 2017-2018 | E9: 1023
B10: 1.2 Porcentaje de profesores de tiempo completo con posgrado: | C10: 0.6 | D10: Profesores de tiempo completo con posgrado ciclo 2017-2018. | E10: 17 | F10: 0.63
D11: Total de profesores de tiempo completo ciclo 2017-2018. | E11: 27
B12: 1.3 Porcentaje de profesores de tiempo completo con reconocimiento del perfil deseable (respecto del total de profesores de tiempo completo con posgrado). | C12: 0 | D12: Número de profesores de tiempo completo con reconocimiento del perfil deseable ciclo 2017-2018. | E12: 5 | F12: 0.294
D13: Total de profesores de tiempo completo con posgrado en el ciclo 2017-2018. | E13: 17
B14: 1.4 Eficiencia terminal en licenciatura | C14: 0.55 | D14: Número de titulados de licenciatura en el ciclo 2017-2018 (de la generación 2012). | E14: 29 | F14: 0.135
D15: 2Matrícula de nuevo ingreso en el ciclo 2012-2013. | E15: 215
A16: Objetivo 2. Incrementar la cobertura, promover la inclusión y la equidad educativa | B16: 2.1 Matrícula del nivel licenciatura: | C16: 1120 | D16: Total de estudiantes inscritos en programas de licenciatura en el ciclo 2017-2018. | E16: 1183 | F16: 1183
B17: 2.2 Matrícula en posgrado | C17: 0 | D17: Total de estudiantes que realizan estudios en programas de posgrado en ciclo 2017-2018. | E17: 0 | F17: 0
B18: 2.3 Matrícula en educación no escolarizada –a distancia- y mixta. | C18: 0 | D18: Total de estudiantes inscritos en programas de licenciatura en la modalidad no escolarizada –a distancia- y mixta en ciclo 2017-2018. | E18: 796 | F18: 796
B19: 2.4 Tasa bruta de escolarización. | D19: Matrícula total de licenciatura al inicio del ciclo escolar 2017-2018. | E19: 1183 | F19: 1.2
D20: Población total en el rango de edad de 18 a 22 años en ciclo 2017-2018. | E20: 986
A21: Objetivo 3. Fortalecer la formación integral de los estudiantes | B21: 3.1 Porcentaje de estudiantes que participan en actividades de extensión: artísticas, culturales y cívicas: | C21: 20 | D21: Número de estudiantes que participan en actividades de extensión: artísticas cultuales y cívicas, promovidas y organizadas por los institutos y centros en ciclo 2017-2018.. | E21: 508 | F21: 0.429
D22: Matrícula total en ciclo 2017-2018.. | E22: 1183
B23: 3.2 Porcentaje de estudiantes que participan en actividades deportivas y recreativas: | C23: 25 | D23: Número de estudiantes que participan en actividades deportivas y recreativas, promovidas y organizadas por los institutos y centros en ciclo 2017-2018.. | E23: 195 | F23: 0.165
D24: Matrícula total de estudiantes en ciclo 2017-2018.. | E24: 1183
B25: 3.3 Porcentaje de estudiantes inscritos en algún curso o programa de enseñanza de lenguas extranjeras: | C25: 55 | D25: Número de estudiantes inscritos en algún curso o programa de enseñanza de lenguas extranjeras en ciclo 2017-2018. | E25: 805 | F25: 0.68
D26: Matrícula total de estudiantes en ciclo 2017-2018. | E26: 1183
A27: Objetivo 4. Impulsar la ciencia, la tecnología y la innovación | B27: 4.1 Porcentaje de programas de doctorado escolarizados en las áreas de ciencia y tecnología registrados en el Programa Nacional de Posgrados de Calidad. | C27: 0 | D27: Programas de doctorado escolarizados en áreas de ciencia y tecnología registrados en el Programa Nacional de Posgrados de Calidad en ciclo 2017-2018.. | E27: 0 | F27: #DIV/0!
D28: Total de programas de doctorado en ciclo 2017-2018.. | E28: 0
B29: 4.2 Profesores de tiempo completo adscritos al Sistema Nacional de Investigadores. | C29: 1 | D29: Total de Profesores adscritos al Sistema Nacional de Investigadores en ciclo 2017-2018.. | E29: 1 | F29: 1
B30: 4.3 Proyectos de investigación, desarrollo tecnológico e innovación. | C30: 1 | D30: Total de proyectos de investigación, desarrollo tecnológico e innovación realizados por el instituto en ciclo 2017-2018. | E30: 1 | F30: 1
B31: 4.4 Estudiantes de licenciatura y posgrado que participan en proyectos de investigación científica y desarrollo tecnológico e innovación. | C31: 5 | D31: Total de estudiantes que participan en proyectos de investigación científica, desarrollo tecnológico e innovación en ciclo 2017-2018.. | E31: 5 | F31: 5
A32: Objetivo 5. Fortalecer la vinculación con los sectores público, social y privado | B32: 5.1 Registros de propiedad intelectual. | C32: 1 | D32: Total de registros de propiedad intelectual obtenidos por el instituto en ciclo 2017-2018. | E32: 0 | F32: 0
B33: 5.2 Porcentaje de egresados incorporados al mercado laboral (dentro de los primeros 12 meses posteriores a su egreso, respecto del total de egresados por generación). | C33: 0.4 | D33: Número de egresados empleados o ubicados en el mercado laboral en áreas acordes con su perfil profesional dentro de los primeros doce meses posteriores a su egreso. Se sugiere generación 2011-2016. | E33: 62 | F33: 0.549
D34: Número de egresados en esa generación (se sugiere generación 2011-2016.) | E34: 113
B35: 5.3 Proyectos vinculados con los sectores público, social y privado (a través de convenios o acuerdos de colaboración). NOTA: Se excluyen los relacionados con servicio social y residencias profesionales. | C35: 2 | D35: Total de proyectos vinculados con los sectores público, social y privado ciclo 2016-2017. | E35: 2 | F35: 2
B36: 5.4 Estudiantes que participan en proyectos vinculados con los sectores público, social y privado (a través de convenios o acuerdos de colaboración). NOTA: Se excluyen los relacionados con servicio social y residencias profesionales. | C36: 3 | D36: Total de estudiantes que participan en proyectos vinculados con los sectores público, social y privado a través de convenios o acuerdos de colaboración ciclo 2017-2018. | E36: 20 | F36: 20
B37: 5.5 Empresas incubadas a través del modelo institucional de incubación de empresarial. | C37: 1 | D37: Total de empresas incubadas a través del modelo institucional de incubación de empresarial ciclo 2016-2017. | E37: 1 | F37: 1
B38: 5.6 Estudiantes que participan en el Modelo Talento Emprendedor. | C38: 180 | D38: Total de estudiantes que participan en el Modelo Talento Emprendedor ciclo 2017-2018.. | E38: 100 | F38: 100
A39: Objetivo 6. Modernizar la gestión institucional, fortalecer la transparencia y la rendición de cuentas | B39: 6.1 Personal directivo y no docente capacitado (Mínimo de 30 horas por curso). | C39: 20 | D39: Total de personal directivo capacitado ciclo 2017-2018.. | E39: 20 | F39: 20
C40: 40 | D40: Número de trabajadores no docentes capacitado ciclo 2017-2018. | E40: 30 | F40: 30
B41: 6.2 Institutos, unidades y centros certificados. | C41: 0 | D41: Sistema de Gestión de la Calidad con certificado en el ciclo 2017-2018. | E41: 1 | F41: 1
C42: 1 | D42: Sistema de Gestión Ambiental con certificado en el ciclo 2017-2018. | E42: 1 | F42: 1
C43: 1 | D43: Sistema Equidad de Genero con certificado en el ciclo 2017-2018. | E43: 0 | F43: 0
C44: 0 | D44: Sistema de Gestión Energética con certificado en el ciclo 2017-2018. | E44: 0 | F44: 0
C45: 0 | D45: Sistema de Gestión de Seguridad y Salud con certificado en el ciclo 2017-2018. | E45: 0 | F45: 0
C46: 1 | D46: Empresa Socialmente Responsable con certificado en el ciclo 2017-2018.. | E46: 0 | F46: 0
D47: Total | F47: 29
D48: Aplicables | F48: 23
D49: Cumplidos | F49: 18
D50: % de cumplimiento | F50: 0.78
